Workbook
Name _TAB1: 'Table 1'!$B$1:$AK$38
Name _TAB4: 'Table 4'!$C$1:$AL$31
Name CodeRng1: 'Table 1'!$BM$8:$BM$35
Name CodeRng1: 'Table 2A'!$BM$8:$BM$112
Name CodeRng1: 'Table 2B'!$BM$8:$BM$43
Name CodeRng1: 'Table 2C'!$BM$8:$BM$49
Name CodeRng1: 'Table 2D'!$BM$8:$BM$45
Name CodeRng1: 'Table 3A'!$BM$10:$BM$48
Name CodeRng1: 'Table 3B'!$BM$10:$BM$53
Name CodeRng1: 'Table 3C'!$BM$10:$BM$53
Name CodeRng1: 'Table 3D'!$BM$10:$BM$53
Name CodeRng1: 'Table 3E'!$BM$10:$BM$53
Name CodeRng1: 'Table 4'!$BM$8:$BM$38
Name CountryArray: 'Cover page'!$BA$1:$BC$43
Name CountryCode: readme!$B$2
Name COVER: 'Cover page'!$A$1:$N$41
Name DataRng1: 'Table 1'!$E$8:$AJ$35
Name DataRng1: 'Table 2A'!$D$8:$AI$112
Name DataRng1: 'Table 2B'!$D$8:$AI$43
Name DataRng1: 'Table 2C'!$D$8:$AI$49
Name DataRng1: 'Table 2D'!$D$8:$AI$45
Name DataRng1: 'Table 3A'!$D$10:$AI$48
Name DataRng1: 'Table 3B'!$D$10:$AI$53
Name DataRng1: 'Table 3C'!$D$10:$AI$53
Name DataRng1: 'Table 3D'!$D$10:$AI$53
Name DataRng1: 'Table 3E'!$D$10:$AI$53
Name DataRng1: 'Table 4'!$F$8:$AK$38
Name Domain: readme!$B$5
Name FileType: readme!$B$1
Name OK_to_loadQ: readme!$B$3
Name RefVintage: readme!$B$4
Name StatusTable: readme!$A$12:$B$21
Name TAB2A: 'Table 2A'!$A$1:$AL$117
Name TAB2B: 'Table 2B'!$B$1:$AL$48
Name TAB2C: 'Table 2C'!$B$1:$AL$54
Name TAB2D: 'Table 2D'!$B$1:$AL$50
Name TAB3A: 'Table 3B'!$B$2:$AM$62
Name TAB3B: 'Table 3C'!$B$2:$AM$62
Name TAB3C: 'Table 3D'!$B$1:$AM$62
Name TAB3D: 'Table 3E'!$B$1:$AM$63
Name TAB3E: 'Table 3A'!$B$2:$AM$57
Name TimeRng1: 'Table 1'!$E$5:$AJ$5
Name TimeRng1: 'Table 2A'!$D$5:$AI$5
Name TimeRng1: 'Table 2B'!$D$5:$AI$5
Name TimeRng1: 'Table 2C'!$D$5:$AI$5
Name TimeRng1: 'Table 2D'!$D$5:$AI$5
Name TimeRng1: 'Table 3A'!$D$7:$AI$7
Name TimeRng1: 'Table 3B'!$D$7:$AI$7
Name TimeRng1: 'Table 3C'!$D$7:$AI$7
Name TimeRng1: 'Table 3D'!$D$7:$AI$7
Name TimeRng1: 'Table 3E'!$D$7:$AI$7
Name TimeRng1: 'Table 4'!$F$6:$AK$6

Sheet Cover page
N1: =IF(SUM('Table 1'!AL2+'Table 2A'!AN2+'Table 2B'!AN2+'Table 2C'!AN2+'Table 2D'!AN2+'Table 3A'!AN2+'Table 3B'!AN2+'Table 3C'!AN2+'Table 3D'!AN2+'Table 3E'!AN2+'Table 4'!AM2)=0,0,"check sheet vintage!") -> 0 | O1: COVERAGE summary: | Z1: Apr.2025 | BA1: ="Member State: "&BC1 -> Member State: XXXX | BB1: ZZ | BC1: XXXX | BD1: XXXX | BE1: X.XXXX
N2: Apr.2025 | O2: T1 | P2: =IF(COUNTIF('Table 1'!E41:AJ41,"NOT fully completed, pls.fill with L, M or 0")=0,"OK","not fully completed!") -> OK | Q2: T3A | R2: =IF(COUNTIF('Table 3A'!D59:AI59,"NOT fully completed, pls.fill with L, M or 0")=0,"OK","not fully completed!") -> OK | BA2: ="Member State: "&BC2 -> Member State: Belgium | BB2: BE | BC2: Belgium | BD2: October 2024 | BE2: S.2024 | BF2: 2019
O3: T2A | P3: =IF(COUNTIF('Table 2A'!D120:AI120,"NOT fully completed, pls.fill with L, M or 0")=0,"OK","not fully completed!") -> OK | Q3: T3B | R3: =IF(COUNTIF('Table 3B'!D64:AI64,"NOT fully completed, pls.fill with L, M or 0")=0,"OK","not fully completed!") -> OK | BA3: ="Member State: "&BC3 -> Member State: Bulgaria | BB3: BG | BC3: Bulgaria | BD3: April 2025 | BE3: W.2025 | BF3: 2020
C4: Reporting of Government Deficits and Debt Levels | O4: T2B | P4: =IF(COUNTIF('Table 2B'!D51:AI51,"NOT fully completed, pls.fill with L, M or 0")=0,"OK","not fully completed!") -> OK | Q4: T3C | R4: =IF(COUNTIF('Table 3C'!D64:AI64,"NOT fully completed, pls.fill with L, M or 0")=0,"OK","not fully completed!") -> OK | BA4: ="Member State: "&BC4 -> Member State: Czechia | BB4: CZ | BC4: Czechia | BD4: October 2025 | BE4: S.2025 | BF4: 2020
C5: in accordance with Council Regulation (EC) N° 479/2009, as amended by Commission Regulation (EU) No 220/2014 | O5: T2C | P5: =IF(COUNTIF('Table 2C'!D57:AI57,"NOT fully completed, pls.fill with L, M or 0")=0,"OK","not fully completed!") -> OK | Q5: T3D | R5: =IF(COUNTIF('Table 3D'!D64:AI64,"NOT fully completed, pls.fill with L, M or 0")=0,"OK","not fully completed!") -> OK | BA5: ="Member State: "&BC5 -> Member State: Denmark | BB5: DK | BC5: Denmark | BD5: April 2026 | BE5: W.2026 | BF5: 2021
C6: and the Statements contained in the Council minutes of 22/11/1993 | O6: T2D | P6: =IF(COUNTIF('Table 2D'!D53:AI53,"NOT fully completed, pls.fill with L, M or 0")=0,"OK","not fully completed!") -> OK | Q6: T3E | R6: =IF(COUNTIF('Table 3E'!D64:AI64,"NOT fully completed, pls.fill with L, M or 0")=0,"OK","not fully completed!") -> OK | BA6: ="Member State: "&BC6 -> Member State: Germany | BB6: DE | BC6: Germany | BD6: October 2026 | BE6: S.2026 | BF6: 2021
Q7: T4 | R7: =IF(COUNTIF('Table 4'!F44:AK44,"NOT fully completed, pls.fill with L, M or 0")=0,"OK","not fully completed!") -> OK | BA7: ="Member State: "&BC7 -> Member State: Estonia | BB7: EE | BC7: Estonia | BD7: April 2027 | BE7: W.2027 | BF7: =BF5+1 -> 2022
BA8: ="Member State: "&BC8 -> Member State: Ireland | BB8: IE | BC8: Ireland | BD8: October 2027 | BE8: S.2027 | BF8: =BF6+1 -> 2022
BA9: ="Member State: "&BC9 -> Member State: Greece | BB9: EL | BC9: Greece | BD9: April 2028 | BE9: W.2028 | BF9: =BF7+1 -> 2023
C10: Set of reporting tables revised to comply with Council Regulation (EC) N° 479/2009, as amended by Commission Regulation (EU) No 220/2014 | BA10: ="Member State: "&BC10 -> Member State: Spain | BB10: ES | BC10: Spain | BD10: October 2028 | BE10: S.2028 | BF10: =BF8+1 -> 2023
BA11: ="Member State: "&BC11 -> Member State: France | BB11: FR | BC11: France | BD11: April 2029 | BE11: W.2029 | BF11: =BF9+1 -> 2024
BA12: ="Member State: "&BC12 -> Member State: Croatia | BB12: HR | BC12: Croatia | BD12: October 2029 | BE12: S.2029 | BF12: =BF10+1 -> 2024
E13: Member State: Hungary | BA13: ="Member State: "&BC13 -> Member State: Italy | BB13: IT | BC13: Italy | BD13: April 2030 | BE13: W.2030 | BF13: =BF11+1 -> 2025
E14: Date: 10/10/2025 | J14: DD/MM/YYYY | BA14: ="Member State: "&BC14 -> Member State: Cyprus | BB14: CY | BC14: Cyprus | BD14: October 2030 | BE14: S.2030 | BF14: =BF12+1 -> 2025
E15: Notification: | F15: October 2025 | J15: notification in format April/October 20xx | BA15: ="Member State: "&BC15 -> Member State: Latvia | BB15: LV | BC15: Latvia | BD15: April 2031 | BE15: W.2031 | BF15: =BF13+1 -> 2026
E16: The information is to be provided in the cover page only | BA16: ="Member State: "&BC16 -> Member State: Lithuania | BB16: LT | BC16: Lithuania | BD16: October 2031 | BE16: S.2031 | BF16: =BF14+1 -> 2026
BA17: ="Member State: "&BC17 -> Member State: Luxembourg | BB17: LU | BC17: Luxembourg
C18: Table 1: Reporting of government surplus/ deficit and debt levels and provision of associated data. | BA18: ="Member State: "&BC18 -> Member State: Hungary | BB18: HU | BC18: Hungary
BA19: ="Member State: "&BC19 -> Member State: Malta | BB19: MT | BC19: Malta
C20: Tables 2A to 2D: Provision of the data which explain the transition between the national definitions of government balance and the surplus/deficit (B.9) of each government subsector. | BA20: ="Member State: "&BC20 -> Member State: Netherlands | BB20: NL | BC20: Netherlands
BA21: ="Member State: "&BC21 -> Member State: Austria | BB21: AT | BC21: Austria
BA22: ="Member State: "&BC22 -> Member State: Poland | BB22: PL | BC22: Poland
C23: Tables 3A to 3E: Provision of the data which explain the contributions of the government surplus/deficit and the other relevant factors to the variation in the government debt level, and the consolidation of debt (general government and general government subsectors). | BA23: ="Member State: "&BC23 -> Member State: Portugal | BB23: PT | BC23: Portugal
BA24: ="Member State: "&BC24 -> Member State: Romania | BB24: RO | BC24: Romania
BA25: ="Member State: "&BC25 -> Member State: Slovenia | BB25: SI | BC25: Slovenia
C26: Table 4: Provision of other data in accordance with the statements contained in the Council minutes of 22/11/1993. | BA26: ="Member State: "&BC26 -> Member State: Slovakia | BB26: SK | BC26: Slovakia
BA27: ="Member State: "&BC27 -> Member State: Finland | BB27: FI | BC27: Finland
C28: Yellow and red cells: compulsory detail; green cells: automatic compilation; blue cells: voluntary detail. | BA28: ="Member State: "&BC28 -> Member State: Sweden | BB28: SE | BC28: Sweden
C29: Grey cells: years that are not yet subject to the reporting of historical EDP data - please do not fill these cells
C30: Not applicable: M; Not available: L | BA30: =BC30 -> Iceland | BB30: IS | BC30: Iceland
C31: For all "vertical and horizontal checks" cells is used "Comma Style" Format. Thus, cell which is equal to "0.00" (zero) is shown as "-". Also 1000 separator is used. | BA31: =BC31 -> Liechtenstein | BB31: LI | BC31: Liechtenstein
BA32: =BC32 -> Norway | BB32: NO | BC32: Norway
BA33: =BC33 -> Switzerland | BB33: CH | BC33: Switzerland
BA34: =BC34 -> Albania | BB34: AL | BC34: Albania
BA35: =BC35 -> Republic of North Macedonia | BB35: MK | BC35: Republic of North Macedonia
BA36: =BC36 -> Moldova | BB36: MD | BC36: Moldova
BA37: =BC37 -> Montenegro | BB37: ME | BC37: Montenegro
BA38: =BC38 -> Serbia | BB38: RS | BC38: Serbia
BA39: Türkiye | BB39: TR | BC39: Türkiye
BA40: Ukraine | BB40: UA | BC40: Ukraine
BA41: =BC41 -> Bosnia and Herzegovina | BB41: BA | BC41: Bosnia and Herzegovina
BA42: Georgia | BB42: GE | BC42: Georgia
BA43: =BC43 -> Kosovo* | BB43: XK | BC43: Kosovo*

Sheet readme
A1: Type | B1: histo | C1: << e.g. Histo, quest, notif (only used in the output csv filename)
A2: Country code | B2: =VLOOKUP('Cover page'!$E$13,CountryArray,2,FALSE) -> HU | C2: << this must correspond to the country code in the filename! If ok, it is used for Fame codes. If not, loading does not proceed
A3: OK to load? | B3: =IF( COUNTIF('Cover page'!$P$2:$R$7,"not fully completed*") > 0, "no", "yes") -> yes | C3: << this can be any kind of check, if "yes", loading will proceed
A4: Vintage | B4: =VLOOKUP('Cover page'!F15,'Cover page'!BD1:BE16,2,FALSE) -> S.2025 | C4: << Named "RefVintage", these are used for Fame codes to be loaded, enough to change before each notification
A5: Domain | B5: EDP | C5: << domain name
A8: Note: | B8: "Vintage" is used internally in this workbook (for creating the formulas), the remaining parameters are used by the macro "FameLoader"
A11: This is used for qualitative information regarding availability / status of the data (if error, use -1):
A12: (1) | B12: 0
A13: estimated | B13: 1
A14: half-finalized | B14: 2
A15: final | B15: 3
A16: planned | B16: 4
A17: forecast | B17: 5
A18: cash | B18: 10
A19: accrual | B19: 11
A20: mixed | B20: 12
A21: other | B21: 13

Sheet Table 1
C1: Table 1: Reporting of government surplus/ deficit and debt levels and provision of associated data | AL1: Apr.2025 | AM1: estimated | AN1: 4 | AO1: 5 | AP1: 6 | AQ1: 7 | AR1: =AQ1+1 -> 8 | AS1: =AR1+1 -> 9 | AT1: =AS1+1 -> 10 | AU1: =AT1+1 -> 11 | AV1: =AU1+1 -> 12 | AW1: =AV1+1 -> 13 | AX1: =AW1+1 -> 14 | AY1: =AX1+1 -> 15 | ... BC1: =BB1+1 -> 19
AL2: =IF($AL$1='Cover page'!$N$2,0,1) -> 0 | AM2: half-finalized
AM3: final
C4: ='Cover page'!E13 -> Member State: Hungary | E4: Year
B5: SDMX series | C5: Data are in ...(millions of units of national currency) | D5: ESA 2010 | E5: =1995 -> 1995 | F5: =IF(VLOOKUP('Cover page'!$F$15,'Cover page'!$BD$1:$BF$15,3,FALSE)<E42+1,"",E42+1) -> 1996 | G5: =IF(VLOOKUP('Cover page'!$F$15,'Cover page'!$BD$1:$BF$15,3,FALSE)<F42+1,"",F42+1) -> 1997 | H5: =IF(VLOOKUP('Cover page'!$F$15,'Cover page'!$BD$1:$BF$15,3,FALSE)<G42+1,"",G42+1) -> 1998 | I5: =IF(VLOOKUP('Cover page'!$F$15,'Cover page'!$BD$1:$BF$15,3,FALSE)<H42+1,"",H42+1) -> 1999 | J5: =IF(VLOOKUP('Cover page'!$F$15,'Cover page'!$BD$1:$BF$15,3,FALSE)<I42+1,"",I42+1) -> 2000 | K5: =IF(VLOOKUP('Cover page'!$F$15,'Cover page'!$BD$1:$BF$15,3,FALSE)<J42+1,"",J42+1) -> 2001 | L5: =IF(VLOOKUP('Cover page'!$F$15,'Cover page'!$BD$1:$BF$15,3,FALSE)<K42+1,"",K42+1) -> 2002 | M5: =IF(VLOOKUP('Cover page'!$F$15,'Cover page'!$BD$1:$BF$15,3,FALSE)<L42+1,"",L42+1) -> 2003 | ... AJ5: =IF(VLOOKUP('Cover page'!$F$15,'Cover page'!$BD$1:$BF$15,3,FALSE)<AI42+1,"",AI42+1)
C6: ='Cover page'!E14 -> Date: 10/10/2025 | D6: codes
E8: final | F8: final | G8: final | H8: final | I8: final | J8: final | K8: final | L8: final | M8: final | N8: final | O8: final | P8: final | Q8: final | R8: final | S8: final | T8: final | U8: final | V8: final | W8: final | X8: final | Y8: final | Z8: final | AA8: final | AB8: final | AC8: final | AD8: final | AE8: (1) | AF8: (1) | AG8: (1) | AH8: (1) | AI8: (1) | AJ8: (1)
C9: Net lending (+)/ net borrowing (-) | D9: B.9 | E9: =IFERROR(VLOOKUP(E8,StatusTable,2,FALSE), -1) -> 3 | F9: =IFERROR(VLOOKUP(F8,StatusTable,2,FALSE), -1) -> 3 | G9: =IFERROR(VLOOKUP(G8,StatusTable,2,FALSE), -1) -> 3 | H9: =IFERROR(VLOOKUP(H8,StatusTable,2,FALSE), -1) -> 3 | I9: =IFERROR(VLOOKUP(I8,StatusTable,2,FALSE), -1) -> 3 | J9: =IFERROR(VLOOKUP(J8,StatusTable,2,FALSE), -1) -> 3 | K9: =IFERROR(VLOOKUP(K8,StatusTable,2,FALSE), -1) -> 3 | L9: =IFERROR(VLOOKUP(L8,StatusTable,2,FALSE), -1) -> 3 | ... AD9: =IFERROR(VLOOKUP(AD8,StatusTable,2,FALSE), -1) -> 3 | BM9: =CountryCode & ".T1.B9_STATUS.S13.MNAC." & RefVintage -> HU.T1.B9_STATUS.S13.MNAC.S.2025
A10: T1.B9.S13 | B10: A.N.@@._Z.S13._Z._Z.B.B9._Z._Z._Z.XDC._T.S.V.N._T.EDP1 | C10: General government | D10: S.13 | E10: -501876.34 | F10: -311702 | G10: -490380.84 | H10: -775309.61 | I10: -614070 | J10: -405236 | K10: -615856 | L10: -1533781 | M10: -1374123 | N10: -1391280 | O10: -1757625.6 | P10: -2254329 | Q10: -1308462 | R10: -1030748 | S10: -1259676 | T10: -1216741 | U10: -1487238 | V10: -673987.24 | W10: -788385.5 | X10: -910277.89 | Y10: -700702.18 | Z10: -650577.75 | AA10: -965670.15 | AB10: -891319.13 | AC10: -970454.92 | AD10: -3654169.2 | BM10: =CountryCode & ".T1.B9.S13.MNAC." & RefVintage -> HU.T1.B9.S13.MNAC.S.2025
A11: T1.B9.S1311 | B11: A.N.@@._Z.S1311._Z._Z.B.B9._Z._Z._Z.XDC._T.S.V.N._T.EDP1 | C11: - Central government | D11: S.1311 | E11: -509787.34 | F11: -380270 | G11: -497292.84 | H11: -708854.61 | I11: -595541 | J11: -354854 | K11: -703875 | L11: -1332869 | M11: -1102996 | N11: -1270681 | O11: -1599693 | P11: -2439617 | Q11: -1456874 | R11: -968598 | S11: -1046412 | T11: -1032846 | U11: -1664946 | V11: -809602.24 | W11: -1676570.5 | X11: -1394670.2 | Y11: -761145.65 | Z11: -717925.9 | AA11: -950327.26 | AB11: -997878.58 | AC11: -790839.66 | AD11: -3249169.4 | BM11: =CountryCode & ".T1.B9.S1311.MNAC." & RefVintage -> HU.T1.B9.S1311.MNAC.S.2025
A12: T1.B9.S1312 | B12: A.N.@@._Z.S1312._Z._Z.B.B9._Z._Z._Z.XDC._T.S.V.N._T.EDP1 | C12: - State government | D12: S.1312 | E12: M | F12: M | G12: M | H12: M | I12: M | J12: M | K12: M | L12: M | M12: M | N12: M | O12: M | P12: M | Q12: M | R12: M | S12: M | T12: M | U12: M | V12: M | W12: M | X12: M | Y12: M | Z12: M | AA12: M | AB12: M | AC12: M | AD12: M | BM12: =CountryCode & ".T1.B9.S1312.MNAC." & RefVintage -> HU.T1.B9.S1312.MNAC.S.2025
A13: T1.B9.S1313 | B13: A.N.@@._Z.S1313._Z._Z.B.B9._Z._Z._Z.XDC._T.S.V.N._T.EDP1 | C13: - Local government | D13: S.1313 | E13: 7797 | F13: 26976 | G13: -1808 | H13: -31033 | I13: 252 | J13: -35845 | K13: 17530 | L13: -149560 | M13: -29272 | N13: -58927 | O13: -120609.62 | P13: -191665 | Q13: -28761 | R13: 18346 | S13: -103345 | T13: -231019 | U13: 169981 | V13: 139700 | W13: 751396 | X13: 441853.82 | Y13: 57546.036 | Z13: 103176.97 | AA13: 20538.153 | AB13: 29947 | AC13: -42989.258 | AD13: 51203.03 | BM13: =CountryCode & ".T1.B9.S1313.MNAC." & RefVintage -> HU.T1.B9.S1313.MNAC.S.2025
A14: T1.B9.S1314 | B14: A.N.@@._Z.S1314._Z._Z.B.B9._Z._Z._Z.XDC._T.S.V.N._T.EDP1 | C14: - Social security funds | D14: S.1314 | E14: 114 | F14: 41592 | G14: 8720 | H14: -35422 | I14: -18781 | J14: -14537.003 | K14: 70489 | L14: -51352 | M14: -241855 | N14: -61672 | O14: -37323 | P14: 376953 | Q14: 177173 | R14: -80496 | S14: -109919 | T14: 47124 | U14: 7727 | V14: -4085 | W14: 136789 | X14: 42538.5 | Y14: 2897.436 | Z14: -35828.824 | AA14: -35881.042 | AB14: 76612.451 | AC14: -136626 | AD14: -456202.86 | BM14: =CountryCode & ".T1.B9.S1314.MNAC." & RefVintage -> HU.T1.B9.S1314.MNAC.S.2025
E16: final | F16: final | G16: final | H16: final | I16: final | J16: final | K16: final | L16: final | M16: final | N16: final | O16: final | P16: final | Q16: final | R16: final | S16: final | T16: final | U16: final | V16: final | W16: final | X16: final | Y16: final | Z16: final | AA16: final | AB16: final | AC16: final | AD16: final | AE16: (1) | AF16: (1) | AG16: (1) | AH16: (1) | AI16: (1) | AJ16: (1)
C17: General government consolidated gross debt | E17: =IFERROR(VLOOKUP(E16,StatusTable,2,FALSE), -1) -> 3 | F17: =IFERROR(VLOOKUP(F16,StatusTable,2,FALSE), -1) -> 3 | G17: =IFERROR(VLOOKUP(G16,StatusTable,2,FALSE), -1) -> 3 | H17: =IFERROR(VLOOKUP(H16,StatusTable,2,FALSE), -1) -> 3 | I17: =IFERROR(VLOOKUP(I16,StatusTable,2,FALSE), -1) -> 3 | J17: =IFERROR(VLOOKUP(J16,StatusTable,2,FALSE), -1) -> 3 | K17: =IFERROR(VLOOKUP(K16,StatusTable,2,FALSE), -1) -> 3 | L17: =IFERROR(VLOOKUP(L16,StatusTable,2,FALSE), -1) -> 3 | ... AD17: =IFERROR(VLOOKUP(AD16,StatusTable,2,FALSE), -1) -> 3 | BM17: =CountryCode & ".T1.DEBT_STATUS.S13.MNAC." & RefVintage -> HU.T1.DEBT_STATUS.S13.MNAC.S.2025
A18: T1.DEBT.S13 | B18: A.N.@@._Z.S13._Z.C.L.LE.GD.T._Z.XDC._T.F.V.N._T.EDP1 | C18: Level at nominal value outstanding at end of year | E18: =E20+E21+E24 -> 4910985 | F18: =F20+F21+F24 -> 5087831 | G18: =G20+G21+G24 -> 5506525 | H18: =H20+H21+H24 -> 6319828 | I18: =I20+I21+I24 -> 7029460 | J18: =J20+J21+J24 -> 7422219 | K18: =K20+K21+K24 -> 8046338 | L18: =L20+L21+L24 -> 9689629 | ... AD18: =AD20+AD21+AD24 -> 38405172 | BM18: =CountryCode & ".T1.DEBT.S13.MNAC." & RefVintage -> HU.T1.DEBT.S13.MNAC.S.2025
C19: By category:
A20: T1.AF2.S13 | B20: A.N.@@._Z.S13._Z.C.L.LE.F2.T._Z.XDC._T.F.V.N._T.EDP1 | C20: Currency and deposits | D20: AF.2 | E20: 460 | F20: 5900 | G20: 22600 | H20: 19611 | I20: 19462 | J20: 23064 | K20: 36286 | L20: 37331 | M20: 18938 | N20: 43495 | O20: 33082 | P20: 24663 | Q20: 36761 | R20: 43062 | S20: 16626 | T20: 23689 | U20: 23358 | V20: 34249 | W20: 68600 | X20: 66175 | Y20: 164762 | Z20: 180782 | AA20: 148085 | AB20: 176317 | AC20: 200826 | AD20: 350007 | BM20: =CountryCode & ".T1.AF2.S13.MNAC." & RefVintage -> HU.T1.AF2.S13.MNAC.S.2025
A21: T1.AF3.S13 | B21: A.N.@@._Z.S13._Z.C.L.LE.F3.T._Z.XDC._T.F.V.N._T.EDP1 | C21: Debt securities | D21: AF.3 | E21: 1708346 | F21: 2499053 | G21: 2651536 | H21: 3306034 | I21: 4473679 | J21: 5107730 | K21: 6062645 | L21: 7460026 | M21: 9307565 | N21: 10799339 | O21: 12085981 | P21: 13663955 | Q21: 14955654 | R21: 15750305 | S21: 15032831 | T21: 15711907 | U21: 16232980 | V21: 17302248 | W21: 19070632 | X21: 21304344 | Y21: 22204069 | Z21: 23225407 | AA21: 24847204 | AB21: 26381435 | AC21: 27146642 | AD21: 33228016 | BM21: =CountryCode & ".T1.AF3.S13.MNAC." & RefVintage -> HU.T1.AF3.S13.MNAC.S.2025
A22: T1.AF31.S13 | B22: A.N.@@._Z.S13._Z.C.L.LE.F3.S._Z.XDC._T.F.V.N._T.EDP1 | C22: Short-term | D22: AF.31 | E22: 465427 | F22: 750870 | G22: 920252 | H22: 1052638 | I22: 1251416 | J22: 1241678 | K22: 1494431 | L22: 1944942 | M22: 2046137 | N22: 2033012 | O22: 2043248 | P22: 2368653 | Q22: 2135417 | R22: 1951030 | S22: 2020031 | T22: 1861544 | U22: 1800734 | V22: 2597490 | W22: 3171946 | X22: 2975024 | Y22: 3019071 | Z22: 4039412 | AA22: 4683132 | AB22: 4934604 | AC22: 3101859 | AD22: 2011263 | BM22: =CountryCode & ".T1.AF31.S13.MNAC." & RefVintage -> HU.T1.AF31.S13.MNAC.S.2025
A23: T1.AF32.S13 | B23: A.N.@@._Z.S13._Z.C.L.LE.F3.L._Z.XDC._T.F.V.N._T.EDP1 | C23: Long-term | D23: AF.32 | E23: 1242919 | F23: 1748183 | G23: 1731284 | H23: 2253396 | I23: 3222263 | J23: 3866052 | K23: 4568214 | L23: 5515084 | M23: 7261428 | N23: 8766327 | O23: 10042733 | P23: 11295302 | Q23: 12820237 | R23: 13799275 | S23: 13012800 | T23: 13850363 | U23: 14432246 | V23: 14704758 | W23: 15898686 | X23: 18329320 | Y23: 19184998 | Z23: 19185995 | AA23: 20164072 | AB23: 21446831 | AC23: 24044783 | AD23: 31216753 | BM23: =CountryCode & ".T1.AF32.S13.MNAC." & RefVintage -> HU.T1.AF32.S13.MNAC.S.2025
A24: T1.AF4.S13 | B24: A.N.@@._Z.S13._Z.C.L.LE.F4.T._Z.XDC._T.F.V.N._T.EDP1 | C24: Loans | D24: AF.4 | E24: 3202179 | F24: 2582878 | G24: 2832389 | H24: 2994183 | I24: 2536319 | J24: 2291425 | K24: 1947407 | L24: 2192272 | M24: 1789928 | N24: 1579894 | O24: 1555034 | P24: 1996350 | Q24: 1881472 | R24: 3760357 | S24: 5645283 | T24: 6254268 | U24: 6670759 | V24: 5325734 | W24: 4291969 | X24: 3738842 | Y24: 4123070 | Z24: 3699137 | AA24: 3327224 | AB24: 3414427 | AC24: 3808308 | AD24: 4827149 | BM24: =CountryCode & ".T1.AF4.S13.MNAC." & RefVintage -> HU.T1.AF4.S13.MNAC.S.2025
A25: T1.AF41.S13 | B25: A.N.@@._Z.S13._Z.C.L.LE.F4.S._Z.XDC._T.F.V.N._T.EDP1 | C25: Short-term | D25: AF.41 | E25: 36371 | F25: 22236 | G25: 48523 | H25: 46915 | I25: 52633 | J25: 69829 | K25: 75778 | L25: 146068 | M25: 117562 | N25: 137229 | O25: 110259 | P25: 144602 | Q25: 178692 | R25: 213604 | S25: 194455 | T25: 458364 | U25: 653595 | V25: 514994 | W25: 253868 | X25: 408899 | Y25: 838117 | Z25: 809353 | AA25: 365462 | AB25: 294133 | AC25: 305472 | AD25: 796231 | BM25: =CountryCode & ".T1.AF41.S13.MNAC." & RefVintage -> HU.T1.AF41.S13.MNAC.S.2025
A26: T1.AF42.S13 | B26: A.N.@@._Z.S13._Z.C.L.LE.F4.L._Z.XDC._T.F.V.N._T.EDP1 | C26: Long-term | D26: AF.42 | E26: 3165808 | F26: 2560642 | G26: 2783866 | H26: 2947268 | I26: 2483686 | J26: 2221596 | K26: 1871629 | L26: 2046204 | M26: 1672366 | N26: 1442665 | O26: 1444775 | P26: 1851748 | Q26: 1702780 | R26: 3546753 | S26: 5450828 | T26: 5795904 | U26: 6017164 | V26: 4810740 | W26: 4038101 | X26: 3329943 | Y26: 3284953 | Z26: 2889784 | AA26: 2961762 | AB26: 3120294 | AC26: 3502836 | AD26: 4030918 | BM26: =CountryCode & ".T1.AF42.S13.MNAC." & RefVintage -> HU.T1.AF42.S13.MNAC.S.2025
C30: General government expenditure on:
A31: T1.P51.S13 | B31: A.N.@@._Z.S13._Z._Z.D.P51G._Z.T._Z.XDC._T.S.V.N._T.EDP1 | C31: Gross fixed capital formation | D31: P.51g | E31: 32771.341 | F31: 134351 | G31: 256669.84 | H31: 367320 | I31: 391414 | J31: 474622 | K31: 603660 | L31: 894534 | M31: 721894 | N31: 800146 | O31: 938226 | P31: 1244256 | Q31: 1087857 | R31: 868936 | S31: 905164 | T31: 995609 | U31: 945642 | V31: 1071355 | W31: 1321490 | X31: 1747308 | Y31: 2279316.6 | Z31: 1143052.1 | AA31: 1780891 | AB31: 2515750.5 | AC31: 2982958.1 | AD31: 3129239.9 | BM31: =CountryCode & ".T1.P51.S13.MNAC." & RefVintage -> HU.T1.P51.S13.MNAC.S.2025
A32: T1.ESAD41.S13 | B32: A.N.@@._Z.S13._Z.C.D.D41._Z._Z._Z.XDC._T.S.V.N._T.EDP1 | C32: Interest (consolidated) | D32: D.41 (uses) | E32: 510576 | F32: 644480 | G32: 745950 | H32: 737528 | I32: 779384 | J32: 704253 | K32: 724255 | L32: 697569 | M32: 770625 | N32: 913812 | O32: 916575 | P32: 935718 | Q32: 1037437 | R32: 1105420 | S32: 1193945 | T32: 1124042 | U32: 1179821 | V32: 1319575 | W32: 1368755 | X32: 1300103.4 | Y32: 1202901.8 | Z32: 1118058.7 | AA32: 1039647.6 | AB32: 1011197.9 | AC32: 1060835 | AD32: 1127289.9 | BM32: =CountryCode & ".T1.ESAD41.S13.MNAC." & RefVintage -> HU.T1.ESAD41.S13.MNAC.S.2025
A35: T1.GDP.S1 | B35: A.N.@@._Z.S1._Z._Z.B.B1GQ._Z.T._Z.XDC._T.S.V.N._T.EDP1 | C35: Gross domestic product at current market prices | D35: B.1*g | E35: 5855584 | F35: 7149020 | G35: 8853540 | H35: 10459461 | I35: 11658136 | J35: 13340291 | K35: 15413047 | L35: 17440963 | M35: 19108793 | N35: 21088678 | O35: 22572429 | P35: 24321949 | Q35: 25730258 | R35: 27233189 | S35: 26467800 | T35: 27427573 | U35: 28492068 | V35: 28919193 | W35: 30343344 | X35: 32826770 | Y35: 34984755 | Z35: 36311882 | AA35: 39335929 | AB35: 43553984 | AC35: 47940496 | AD35: 48807766 | BM35: =CountryCode & ".T1.GDP.S1.MNAC." & RefVintage -> HU.T1.GDP.S1.MNAC.S.2025
C36: (1) Please indicate status of data: estimated, half-finalized, final. | T36: =T10/T35*100 -> -4.4361964 | U36: =U10/U35*100 -> -5.2198317 | V36: =V10/V35*100 -> -2.330588 | W36: =W10/W35*100 -> -2.5982156 | X36: =X10/X35*100 -> -2.7729743 | Y36: =Y10/Y35*100 -> -2.0028786 | Z36: =Z10/Z35*100 -> -1.7916388 | AA36: =AA10/AA35*100 -> -2.4549316 | ... AD36: =AD10/AD35*100 -> -7.4868602
T37: =T18/T35*100 -> 80.174298 | U37: =U18/U35*100 -> 80.46835 | V37: =V18/V35*100 -> 78.363981 | W37: =W18/W35*100 -> 77.220233 | X37: =X18/X35*100 -> 76.490502 | Y37: =Y18/Y35*100 -> 75.724129 | Z37: =Z18/Z35*100 -> 74.645886 | AA37: =AA18/AA35*100 -> 72.001637 | ... AD37: =AD18/AD35*100 -> 78.686601
C41: COVERAGE | E41: =IF(OR(COUNTA(E10:E14,E18,E20:E26,E31:E32,E35)=16,NOT(ISNUMBER(E5))),"OK","NOT fully completed, pls.fill with L, M or 0") -> OK | F41: =IF(OR(COUNTA(F10:F14,F18,F20:F26,F31:F32,F35)=16,NOT(ISNUMBER(F5))),"OK","NOT fully completed, pls.fill with L, M or 0") -> OK | G41: =IF(OR(COUNTA(G10:G14,G18,G20:G26,G31:G32,G35)=16,NOT(ISNUMBER(G5))),"OK","NOT fully completed, pls.fill with L, M or 0") -> OK | H41: =IF(OR(COUNTA(H10:H14,H18,H20:H26,H31:H32,H35)=16,NOT(ISNUMBER(H5))),"OK","NOT fully completed, pls.fill with L, M or 0") -> OK | I41: =IF(OR(COUNTA(I10:I14,I18,I20:I26,I31:I32,I35)=16,NOT(ISNUMBER(I5))),"OK","NOT fully completed, pls.fill with L, M or 0") -> OK | J41: =IF(OR(COUNTA(J10:J14,J18,J20:J26,J31:J32,J35)=16,NOT(ISNUMBER(J5))),"OK","NOT fully completed, pls.fill with L, M or 0") -> OK | K41: =IF(OR(COUNTA(K10:K14,K18,K20:K26,K31:K32,K35)=16,NOT(ISNUMBER(K5))),"OK","NOT fully completed, pls.fill with L, M or 0") -> OK | L41: =IF(OR(COUNTA(L10:L14,L18,L20:L26,L31:L32,L35)=16,NOT(ISNUMBER(L5))),"OK","NOT fully completed, pls.fill with L, M or 0") -> OK | ... AJ41: =IF(OR(COUNTA(AJ10:AJ14,AJ18,AJ20:AJ26,AJ31:AJ32,AJ35)=16,NOT(ISNUMBER(AJ5))),"OK","NOT fully completed, pls.fill with L, M or 0") -> OK
C42: VERTICAL CHECKS | E42: 1995 | F42: =E42+1 -> 1996 | G42: =F42+1 -> 1997 | H42: =G42+1 -> 1998 | I42: =H42+1 -> 1999 | J42: =I42+1 -> 2000 | K42: =J42+1 -> 2001 | L42: =K42+1 -> 2002 | M42: =L42+1 -> 2003 | ... AJ42: =AI42+1 -> 2026
C43: T1.B9.S13=T1.B9.S1311+T1.B9.S1312+T1.B9.S1313+T1.B9.S1314 | E43: =IF(AND(E10="0",E11="0",E12="0",E13="0",E14="0"),0,IF(AND(E10="L",E11="L",E12="L",E13="L",E14="L"),"NC",IF(E10="M",0,E10)-IF(E11="M",0,E11)-IF(E12="M",0,E12)-IF(E13="M",0,E13)-IF(E14="M",0,E14))) -> 0 | F43: =IF(AND(F10="0",F11="0",F12="0",F13="0",F14="0"),0,IF(AND(F10="L",F11="L",F12="L",F13="L",F14="L"),"NC",IF(F10="M",0,F10)-IF(F11="M",0,F11)-IF(F12="M",0,F12)-IF(F13="M",0,F13)-IF(F14="M",0,F14))) -> 0 | G43: =IF(AND(G10="0",G11="0",G12="0",G13="0",G14="0"),0,IF(AND(G10="L",G11="L",G12="L",G13="L",G14="L"),"NC",IF(G10="M",0,G10)-IF(G11="M",0,G11)-IF(G12="M",0,G12)-IF(G13="M",0,G13)-IF(G14="M",0,G14))) -> 0 | H43: =IF(AND(H10="0",H11="0",H12="0",H13="0",H14="0"),0,IF(AND(H10="L",H11="L",H12="L",H13="L",H14="L"),"NC",IF(H10="M",0,H10)-IF(H11="M",0,H11)-IF(H12="M",0,H12)-IF(H13="M",0,H13)-IF(H14="M",0,H14))) -> 0 | I43: =IF(AND(I10="0",I11="0",I12="0",I13="0",I14="0"),0,IF(AND(I10="L",I11="L",I12="L",I13="L",I14="L"),"NC",IF(I10="M",0,I10)-IF(I11="M",0,I11)-IF(I12="M",0,I12)-IF(I13="M",0,I13)-IF(I14="M",0,I14))) -> 0 | J43: =IF(AND(J10="0",J11="0",J12="0",J13="0",J14="0"),0,IF(AND(J10="L",J11="L",J12="L",J13="L",J14="L"),"NC",IF(J10="M",0,J10)-IF(J11="M",0,J11)-IF(J12="M",0,J12)-IF(J13="M",0,J13)-IF(J14="M",0,J14))) -> 1.4551915e-11 | K43: =IF(AND(K10="0",K11="0",K12="0",K13="0",K14="0"),0,IF(AND(K10="L",K11="L",K12="L",K13="L",K14="L"),"NC",IF(K10="M",0,K10)-IF(K11="M",0,K11)-IF(K12="M",0,K12)-IF(K13="M",0,K13)-IF(K14="M",0,K14))) -> -2.910383e-11 | L43: =IF(AND(L10="0",L11="0",L12="0",L13="0",L14="0"),0,IF(AND(L10="L",L11="L",L12="L",L13="L",L14="L"),"NC",IF(L10="M",0,L10)-IF(L11="M",0,L11)-IF(L12="M",0,L12)-IF(L13="M",0,L13)-IF(L14="M",0,L14))) -> 0 | ... AJ43: =IF(AND(AJ10="0",AJ11="0",AJ12="0",AJ13="0",AJ14="0"),0,IF(AND(AJ10="L",AJ11="L",AJ12="L",AJ13="L",AJ14="L"),"NC",IF(AJ10="M",0,AJ10)-IF(AJ11="M",0,AJ11)-IF(AJ12="M",0,AJ12)-IF(AJ13="M",0,AJ13)-IF(AJ14="M",0,AJ14))) -> 0
C44: T1.DEBT.S13=T1.AF2.S13+T1.AF3.S13+T1.AF4.S13 | E44: =IF(AND(E18="0",E20="0",E21="0",E24="0"),0,IF(AND(E18="L",E20="L",E21="L",E24="L"),"NC",IF(E18="M",0,E18)-IF(E20="M",0,E20)-IF(E21="M",0,E21)-IF(E24="M",0,E24))) -> 0 | F44: =IF(AND(F18="0",F20="0",F21="0",F24="0"),0,IF(AND(F18="L",F20="L",F21="L",F24="L"),"NC",IF(F18="M",0,F18)-IF(F20="M",0,F20)-IF(F21="M",0,F21)-IF(F24="M",0,F24))) -> 4.6566129e-10 | G44: =IF(AND(G18="0",G20="0",G21="0",G24="0"),0,IF(AND(G18="L",G20="L",G21="L",G24="L"),"NC",IF(G18="M",0,G18)-IF(G20="M",0,G20)-IF(G21="M",0,G21)-IF(G24="M",0,G24))) -> 0 | H44: =IF(AND(H18="0",H20="0",H21="0",H24="0"),0,IF(AND(H18="L",H20="L",H21="L",H24="L"),"NC",IF(H18="M",0,H18)-IF(H20="M",0,H20)-IF(H21="M",0,H21)-IF(H24="M",0,H24))) -> 0 | I44: =IF(AND(I18="0",I20="0",I21="0",I24="0"),0,IF(AND(I18="L",I20="L",I21="L",I24="L"),"NC",IF(I18="M",0,I18)-IF(I20="M",0,I20)-IF(I21="M",0,I21)-IF(I24="M",0,I24))) -> 0 | J44: =IF(AND(J18="0",J20="0",J21="0",J24="0"),0,IF(AND(J18="L",J20="L",J21="L",J24="L"),"NC",IF(J18="M",0,J18)-IF(J20="M",0,J20)-IF(J21="M",0,J21)-IF(J24="M",0,J24))) -> 0 | K44: =IF(AND(K18="0",K20="0",K21="0",K24="0"),0,IF(AND(K18="L",K20="L",K21="L",K24="L"),"NC",IF(K18="M",0,K18)-IF(K20="M",0,K20)-IF(K21="M",0,K21)-IF(K24="M",0,K24))) -> 0 | L44: =IF(AND(L18="0",L20="0",L21="0",L24="0"),0,IF(AND(L18="L",L20="L",L21="L",L24="L"),"NC",IF(L18="M",0,L18)-IF(L20="M",0,L20)-IF(L21="M",0,L21)-IF(L24="M",0,L24))) -> 0 | ... AJ44: =IF(AND(AJ18="0",AJ20="0",AJ21="0",AJ24="0"),0,IF(AND(AJ18="L",AJ20="L",AJ21="L",AJ24="L"),"NC",IF(AJ18="M",0,AJ18)-IF(AJ20="M",0,AJ20)-IF(AJ21="M",0,AJ21)-IF(AJ24="M",0,AJ24))) -> 0
C45: T1.AF3.S13=T1.AF31.S13+T1.AF32.S13 | E45: =IF(AND(E21="0",E22="0",E23="0"),0,IF(AND(E21="L",E22="L",E23="L"),"NC",IF(E21="M",0,E21)-IF(E22="M",0,E22)-IF(E23="M",0,E23))) -> 0 | F45: =IF(AND(F21="0",F22="0",F23="0"),0,IF(AND(F21="L",F22="L",F23="L"),"NC",IF(F21="M",0,F21)-IF(F22="M",0,F22)-IF(F23="M",0,F23))) -> 0 | G45: =IF(AND(G21="0",G22="0",G23="0"),0,IF(AND(G21="L",G22="L",G23="L"),"NC",IF(G21="M",0,G21)-IF(G22="M",0,G22)-IF(G23="M",0,G23))) -> 0 | H45: =IF(AND(H21="0",H22="0",H23="0"),0,IF(AND(H21="L",H22="L",H23="L"),"NC",IF(H21="M",0,H21)-IF(H22="M",0,H22)-IF(H23="M",0,H23))) -> 0 | I45: =IF(AND(I21="0",I22="0",I23="0"),0,IF(AND(I21="L",I22="L",I23="L"),"NC",IF(I21="M",0,I21)-IF(I22="M",0,I22)-IF(I23="M",0,I23))) -> 0 | J45: =IF(AND(J21="0",J22="0",J23="0"),0,IF(AND(J21="L",J22="L",J23="L"),"NC",IF(J21="M",0,J21)-IF(J22="M",0,J22)-IF(J23="M",0,J23))) -> 9.3132257e-10 | K45: =IF(AND(K21="0",K22="0",K23="0"),0,IF(AND(K21="L",K22="L",K23="L"),"NC",IF(K21="M",0,K21)-IF(K22="M",0,K22)-IF(K23="M",0,K23))) -> 0 | L45: =IF(AND(L21="0",L22="0",L23="0"),0,IF(AND(L21="L",L22="L",L23="L"),"NC",IF(L21="M",0,L21)-IF(L22="M",0,L22)-IF(L23="M",0,L23))) -> 0 | ... AJ45: =IF(AND(AJ21="0",AJ22="0",AJ23="0"),0,IF(AND(AJ21="L",AJ22="L",AJ23="L"),"NC",IF(AJ21="M",0,AJ21)-IF(AJ22="M",0,AJ22)-IF(AJ23="M",0,AJ23))) -> 0
C46: T1.AF4.S13=T1.AF41.S13+T1.AF42.S13 | E46: =IF(AND(E24="0",E25="0",E26="0"),0,IF(AND(E24="L",E25="L",E26="L"),"NC",IF(E24="M",0,E24)-IF(E25="M",0,E25)-IF(E26="M",0,E26))) -> 0 | F46: =IF(AND(F24="0",F25="0",F26="0"),0,IF(AND(F24="L",F25="L",F26="L"),"NC",IF(F24="M",0,F24)-IF(F25="M",0,F25)-IF(F26="M",0,F26))) -> -4.6566129e-10 | G46: =IF(AND(G24="0",G25="0",G26="0"),0,IF(AND(G24="L",G25="L",G26="L"),"NC",IF(G24="M",0,G24)-IF(G25="M",0,G25)-IF(G26="M",0,G26))) -> 0 | H46: =IF(AND(H24="0",H25="0",H26="0"),0,IF(AND(H24="L",H25="L",H26="L"),"NC",IF(H24="M",0,H24)-IF(H25="M",0,H25)-IF(H26="M",0,H26))) -> 0 | I46: =IF(AND(I24="0",I25="0",I26="0"),0,IF(AND(I24="L",I25="L",I26="L"),"NC",IF(I24="M",0,I24)-IF(I25="M",0,I25)-IF(I26="M",0,I26))) -> 0 | J46: =IF(AND(J24="0",J25="0",J26="0"),0,IF(AND(J24="L",J25="L",J26="L"),"NC",IF(J24="M",0,J24)-IF(J25="M",0,J25)-IF(J26="M",0,J26))) -> 0 | K46: =IF(AND(K24="0",K25="0",K26="0"),0,IF(AND(K24="L",K25="L",K26="L"),"NC",IF(K24="M",0,K24)-IF(K25="M",0,K25)-IF(K26="M",0,K26))) -> 0 | L46: =IF(AND(L24="0",L25="0",L26="0"),0,IF(AND(L24="L",L25="L",L26="L"),"NC",IF(L24="M",0,L24)-IF(L25="M",0,L25)-IF(L26="M",0,L26))) -> 2.3283064e-10 | ... AJ46: =IF(AND(AJ24="0",AJ25="0",AJ26="0"),0,IF(AND(AJ24="L",AJ25="L",AJ26="L"),"NC",IF(AJ24="M",0,AJ24)-IF(AJ25="M",0,AJ25)-IF(AJ26="M",0,AJ26))) -> 0

Sheet Table 2A
C1: Table 2A: Provision of the data which explain the transition between the public accounts budget balance and the central government surplus/ deficit | AM1: cash | AN1: Apr.2025 | AO1: 3 | AP1: 4 | AQ1: 5 | AR1: 6 | AS1: 7 | AT1: =AS1+1 -> 8 | AU1: =AT1+1 -> 9 | AV1: =AU1+1 -> 10 | AW1: =AV1+1 -> 11 | AX1: =AW1+1 -> 12 | AY1: =AX1+1 -> 13 | AZ1: =AY1+1 -> 14 | BA1: =AZ1+1 -> 15 | ... BE1: =BD1+1 -> 19
AM2: accrual | AN2: =IF($AN$1='Cover page'!$N$2,0,1) -> 0
AM3: mixed
C4: ='Cover page'!E13 -> Member State: Hungary | D4: Year | AM4: other
B5: SDMX series | C5: Data are in ...(millions of units of national currency) | D5: ='Table 1'!E5 -> 1995 | E5: =IF(VLOOKUP('Cover page'!$F$15,'Cover page'!$BD$1:$BF$15,3,FALSE)<D121+1,"",D121+1) -> 1996 | F5: =IF(VLOOKUP('Cover page'!$F$15,'Cover page'!$BD$1:$BF$15,3,FALSE)<E121+1,"",E121+1) -> 1997 | G5: =IF(VLOOKUP('Cover page'!$F$15,'Cover page'!$BD$1:$BF$15,3,FALSE)<F121+1,"",F121+1) -> 1998 | H5: =IF(VLOOKUP('Cover page'!$F$15,'Cover page'!$BD$1:$BF$15,3,FALSE)<G121+1,"",G121+1) -> 1999 | I5: =IF(VLOOKUP('Cover page'!$F$15,'Cover page'!$BD$1:$BF$15,3,FALSE)<H121+1,"",H121+1) -> 2000 | J5: =IF(VLOOKUP('Cover page'!$F$15,'Cover page'!$BD$1:$BF$15,3,FALSE)<I121+1,"",I121+1) -> 2001 | K5: =IF(VLOOKUP('Cover page'!$F$15,'Cover page'!$BD$1:$BF$15,3,FALSE)<J121+1,"",J121+1) -> 2002 | L5: =IF(VLOOKUP('Cover page'!$F$15,'Cover page'!$BD$1:$BF$15,3,FALSE)<K121+1,"",K121+1) -> 2003 | ... AI5: =IF(VLOOKUP('Cover page'!$F$15,'Cover page'!$BD$1:$BF$15,3,FALSE)<AH121+1,"",AH121+1)
C6: ='Cover page'!E14 -> Date: 10/10/2025
A8: T2.WB.S1311 | B8: A.N.@@._Z.S1311._Z._Z.B.ORWB._Z.T._Z.XDC._T.S.V.N._T.EDP2 | C8: Working balance in central government accounts | D8: -133890 | E8: 77085 | F8: -177617 | G8: -540191 | H8: -328319 | I8: -367790 | J8: -402941 | K8: -1469610 | L8: -732419 | M8: -904520 | N8: -547801 | O8: -1961632 | P8: -1398117 | Q8: -869962 | R8: -743718 | S8: -794088 | T8: -1657935 | U8: -481082 | V8: -933577 | W8: -810966.5 | X8: -1211646.9 | Y8: -748070.9 | Z8: -1690325 | AA8: -1367743 | AB8: -893004 | AC8: -4669259.2 | BM8: =CountryCode & ".T2.WB.S1311.MNAC." & RefVintage -> HU.T2.WB.S1311.MNAC.S.2025
C9: Basis of the working balance | D9: cash | E9: cash | F9: cash | G9: cash | H9: cash | I9: cash | J9: cash | K9: cash | L9: cash | M9: cash | N9: cash | O9: cash | P9: cash | Q9: cash | R9: cash | S9: cash | T9: cash | U9: cash | V9: cash | W9: cash | X9: cash | Y9: cash | Z9: cash | AA9: cash | AB9: cash | AC9: cash | AD9: (1) | AE9: (1) | AF9: (1) | AG9: (1) | AH9: (1) | AI9: (1)
D10: =IFERROR(VLOOKUP(D9,StatusTable,2,FALSE), -1) -> 10 | E10: =IFERROR(VLOOKUP(E9,StatusTable,2,FALSE), -1) -> 10 | F10: =IFERROR(VLOOKUP(F9,StatusTable,2,FALSE), -1) -> 10 | G10: =IFERROR(VLOOKUP(G9,StatusTable,2,FALSE), -1) -> 10 | H10: =IFERROR(VLOOKUP(H9,StatusTable,2,FALSE), -1) -> 10 | I10: =IFERROR(VLOOKUP(I9,StatusTable,2,FALSE), -1) -> 10 | J10: =IFERROR(VLOOKUP(J9,StatusTable,2,FALSE), -1) -> 10 | K10: =IFERROR(VLOOKUP(K9,StatusTable,2,FALSE), -1) -> 10 | ... AC10: =IFERROR(VLOOKUP(AC9,StatusTable,2,FALSE), -1) -> 10 | BM10: =CountryCode & ".T2.WB_STATUS.S1311.MNAC." & RefVintage -> HU.T2.WB_STATUS.S1311.MNAC.S.2025
A11: T2.FT.S1311 | B11: A.N.@@._Z.S1311._Z._Z.B.F.F.T._Z.XDC._T.S.V.N._T.EDP2 | C11: Financial transactions included in the working balance | D11: -154251 | E11: -208943 | F11: -159567 | G11: -19064 | H11: -52376 | I11: -83484 | J11: -29945 | K11: 69117 | L11: -22114 | M11: 4388 | N11: -378922 | O11: -1273 | P11: 68556 | Q11: 3560 | R11: -12043 | S11: -100501 | T11: 539417 | U11: -35950 | V11: -51908 | W11: 88489.903 | X11: -164043.88 | Y11: -53167.966 | Z11: -108500.67 | AA11: 10869 | AB11: 140394.9 | AC11: 445943.41 | BM11: =CountryCode & ".T2.FT.S1311.MNAC." & RefVintage -> HU.T2.FT.S1311.MNAC.S.2025
A12: T2.F4ACQ.S1311 | B12: A.N.@@._Z.S1311._Z.N.AI.F.F4.T._Z.XDC._T.S.V.N._T.EDP2 | C12: Loans, granted (+) | D12: 36787 | E12: 12548 | F12: 23521 | G12: 9239 | H12: 13798 | I12: 16794 | J12: 20492 | K12: 12484 | L12: 17933 | M12: 20941 | N12: 30360 | O12: 15022 | P12: 19422 | Q12: 20182 | R12: 21344 | S12: 19188 | T12: 25445 | U12: 4653 | V12: 19911 | W12: 10141 | X12: 20489.828 | Y12: 43434.789 | Z12: 139585.24 | AA12: 102789 | AB12: 151626 | AC12: 238631 | BM12: =CountryCode & ".T2.F4ACQ.S1311.MNAC." & RefVintage -> HU.T2.F4ACQ.S1311.MNAC.S.2025
A13: T2.F4DIS.S1311 | B13: A.N.@@._Z.S1311._Z.N.AD.F.F4.T._Z.XDC._T.S.V.N._T.EDP2 | C13: Loans, repayments (-) | D13: -46402 | E13: -52602 | F13: -67157 | G13: -52128 | H13: -34996 | I13: -83437 | J13: -26473 | K13: -25090 | L13: -43719 | M13: -30346 | N13: -18715 | O13: -19872 | P13: -10609 | Q13: -16033 | R13: -6746 | S13: -9128 | T13: -8911 | U13: -6214 | V13: -12677 | W13: -17098.187 | X13: -10714.54 | Y13: -10473.957 | Z13: -13248.509 | AA13: -13951 | AB13: -25128 | AC13: -43791 | BM13: =CountryCode & ".T2.F4DIS.S1311.MNAC." & RefVintage -> HU.T2.F4DIS.S1311.MNAC.S.2025
A14: T2.F5ACQ.S1311 | B14: A.N.@@._Z.S1311._Z.N.AI.F.F5.T._Z.XDC._T.S.V.N._T.EDP2 | C14: Equities, acquisition (+) | D14: 13360 | E14: 62191 | F14: 25728 | G14: 49248 | H14: 12252 | I14: 7614 | J14: 10996 | K14: 107849 | L14: 5247 | M14: 8496 | N14: 8056 | O14: 17264 | P14: 25067 | Q14: 21561 | R14: 38618 | S14: 1437 | T14: 557577 | U14: 9519 | V14: 113652 | W14: 179623.46 | X14: 18764.375 | Y14: 52131.457 | Z14: 41849.863 | AA14: 16236 | AB14: 155076.9 | AC14: 345469 | BM14: =CountryCode & ".T2.F5ACQ.S1311.MNAC." & RefVintage -> HU.T2.F5ACQ.S1311.MNAC.S.2025
A15: T2.F5DIS.S1311 | B15: A.N.@@._Z.S1311._Z.N.AD.F.F5.T._Z.XDC._T.S.V.N._T.EDP2 | C15: Equities, sales (-) | D15: -150014 | E15: -228527 | F15: -173248 | G15: -67645 | H15: -73727 | I15: -21055 | J15: -29736 | K15: -23523 | L15: -580 | M15: -223 | N15: -401919 | O15: -2258 | P15: -7921 | Q15: -30740 | R15: -16270 | S15: -1930 | T15: -1195 | U15: -76 | V15: -25846 | W15: -97.713 | X15: -91628.894 | Y15: -7467.3349 | Z15: -147.88136 | AA15: -4598 | AB15: -19813 | AC15: -2721 | BM15: =CountryCode & ".T2.F5DIS.S1311.MNAC." & RefVintage -> HU.T2.F5DIS.S1311.MNAC.S.2025
A16: T2.OFT.S1311 | B16: A.N.@@._Z.S1311._Z._Z.N.F.FNDX.T._Z.XDC._T.S.V.N._T.EDP2 | C16: Other financial transactions (+/-) | D16: -7982 | E16: -2553 | F16: 31589 | G16: 42222 | H16: 30297 | I16: -3400 | J16: -5224 | K16: -2603 | L16: -995 | M16: 5520 | N16: 3296 | O16: -11429 | P16: 42597 | Q16: 8590 | R16: -48989 | S16: -110068 | T16: -33499 | U16: -43832 | V16: -146948 | W16: -84078.659 | X16: -100954.65 | Y16: -130792.92 | Z16: -276539.38 | AA16: -89607 | AB16: -121367 | AC16: -91644.592 | BM16: =CountryCode & ".T2.OFT.S1311.MNAC." & RefVintage -> HU.T2.OFT.S1311.MNAC.S.2025
A17: T2.OFTDL.S1311 | B17: A.N.@@._Z.S1311._Z._Z.L.F.FNDL.T._Z.XDC._T.S.V.N._T.EDP2 | C17: of which: transactions in debt liabilities (+/-) | D17: L | E17: L | F17: L | G17: L | H17: L | I17: L | J17: L | K17: L | L17: L | M17: L | N17: L | O17: L | P17: L | Q17: 0 | R17: 0 | S17: 0 | T17: 0 | U17: 0 | V17: 0 | W17: L | X17: L | Y17: L | Z17: L | AA17: L | AB17: L | AC17: L | BM17: =CountryCode & ".T2.OFTDL.S1311.MNAC." & RefVintage -> HU.T2.OFTDL.S1311.MNAC.S.2025
A18: T2.F71K.S1311 | B18: A.N.@@._Z.S1311._Z._Z.N.F.F71K.T._Z.XDC._T.S.V.N._T.EDP2 | C18: of which: net settlements under swap contracts (+/-) | D18: 0 | E18: 0 | F18: 29542 | G18: 39740 | H18: 31331 | I18: -5976 | J18: -4980 | K18: -2149 | L18: 6635 | M18: 3700 | N18: -2166 | O18: -12102 | P18: 5037 | Q18: 10036 | R18: 20743 | S18: -20868 | T18: -24526 | U18: -26623 | V18: -53970 | W18: -85748 | X18: -120341 | Y18: -119060 | Z18: -113887 | AA18: -85235 | AB18: -97018 | AC18: -80359 | BM18: =CountryCode & ".T2.F71K.S1311.MNAC." & RefVintage -> HU.T2.F71K.S1311.MNAC.S.2025
A19: T2.OFT1.S1311 | B19: A.N.@@._Z.S1311._Z._Z.N.F.FNDX.T._Z.XDC._T.S.V.N.C01.EDP2 | C19: Detail 1 | D19: 1848 | E19: 262 | F19: -238 | G19: -4 | H19: -400 | I19: 1328 | J19: -1661 | K19: -1266 | L19: -8062 | M19: 990 | N19: 4859 | O19: -4662 | P19: 4252 | Q19: -226 | R19: -2432 | S19: -1587 | T19: -428 | U19: -46 | V19: -229 | W19: -40 | X19: -25376.162 | Y19: -7755.2814 | Z19: 48833.164 | AA19: 0 | AB19: 0 | AC19: 0 | BM19: =CountryCode & ".T2.OFT1.S1311.MNAC." & RefVintage -> HU.T2.OFT1.S1311.MNAC.S.2025
A20: T2.OFT2.S1311 | B20: A.N.@@._Z.S1311._Z._Z.N.F.FNDX.T._Z.XDC._T.S.V.N.C02.EDP2 | C20: Detail 2 | P20: -1403 | Q20: -5446 | R20: -39847 | S20: 4039 | T20: 1070 | U20: -5083 | V20: -8277 | W20: -14940 | BM20: =CountryCode & ".T2.OFT2.S1311.MNAC." & RefVintage -> HU.T2.OFT2.S1311.MNAC.S.2025
A22: T2.ONFT.S1311 | B22: A.N.@@._Z.S1311._Z._Z.B.ORNF._Z.T._Z.XDC._T.S.V.N._T.EDP2 | C22: Non-financial transactions not included in the working balance | D22: M | E22: M | F22: M | G22: M | H22: M | I22: M | J22: M | K22: M | L22: M | M22: M | N22: M | O22: M | P22: M | Q22: M | R22: M | S22: M | T22: M | U22: M | V22: M | W22: M | X22: M | Y22: M | Z22: M | AA22: M | AB22: M | AC22: M | BM22: =CountryCode & ".T2.ONFT.S1311.MNAC." & RefVintage -> HU.T2.ONFT.S1311.MNAC.S.2025
A23: T2.ONFT1.S1311 | B23: A.N.@@._Z.S1311._Z._Z.B.ORNF._Z.T._Z.XDC._T.S.V.N.C01.EDP2 | C23: Detail 1 | BM23: =CountryCode & ".T2.ONFT1.S1311.MNAC." & RefVintage -> HU.T2.ONFT1.S1311.MNAC.S.2025
A24: T2.ONFT2.S1311 | B24: A.N.@@._Z.S1311._Z._Z.B.ORNF._Z.T._Z.XDC._T.S.V.N.C02.EDP2 | C24: Detail 2 | BM24: =CountryCode & ".T2.ONFT2.S1311.MNAC." & RefVintage -> HU.T2.ONFT2.S1311.MNAC.S.2025
A26: T2.D41DIF.S1311 | B26: A.N.@@._Z.S1311._Z._Z.B.ORD41A._Z.T._Z.XDC._T.S.V.N._T.EDP2 | C26: Difference between interest paid (+) and accrued (D.41)(-) | D26: -18665 | E26: -93473 | F26: -30032 | G26: -15715 | H26: -2300 | I26: 54416 | J26: 2492 | K26: 11287 | L26: 6723 | M26: -38590 | N26: -62554 | O26: 20683 | P26: -60682 | Q26: 40310 | R26: -76937 | S26: -5065 | T26: -30701 | U26: -24532 | V26: 8559 | W26: -59558 | X26: 20121 | Y26: 83603 | Z26: 154737 | AA26: 86106 | AB26: -47276 | AC26: 26536 | BM26: =CountryCode & ".T2.D41DIF.S1311.MNAC." & RefVintage -> HU.T2.D41DIF.S1311.MNAC.S.2025
A28: T2.F8ASS.S1311 | B28: A.N.@@._Z.S1311._Z._Z.A.F.F8.T._Z.XDC._T.S.V.N._T.EDP2 | C28: Other accounts receivable (+) | D28: -2000 | E28: 18593 | F28: 6151 | G28: 26293 | H28: 12037 | I28: 28648 | J28: 40819 | K28: 43019 | L28: 43107 | M28: 153696 | N28: -51965 | O28: 58596 | P28: 25535 | Q28: 7897 | R28: 80308 | S28: 26467 | T28: 35238 | U28: -43244 | V28: 87290.5 | W28: 141021.62 | X28: 825731.13 | Y28: -234727.91 | Z28: 202885.43 | AA28: 40299 | AB28: 101527.53 | AC28: -77324 | BM28: =CountryCode & ".T2.F8ASS.S1311.MNAC." & RefVintage -> HU.T2.F8ASS.S1311.MNAC.S.2025
A29: T2.F8ASS1.S1311 | B29: A.N.@@._Z.S1311._Z._Z.A.F.F8.T._Z.XDC._T.S.V.N.C01.EDP2 | C29: Relates to P11 and P.131 | D29: 0 | E29: 0 | F29: 0 | G29: 0 | H29: 0 | I29: 0 | J29: 0 | K29: -3435 | L29: 76 | M29: 1168 | N29: 8118 | O29: 17787 | P29: -3420 | Q29: -6067 | R29: 8361 | S29: 9072 | T29: -6397 | U29: -990 | V29: -1189 | W29: -428 | X29: 3046 | Y29: 1659 | Z29: -379 | AA29: -28 | AB29: -2112 | AC29: -1183 | BM29: =CountryCode & ".T2.F8ASS1.S1311.MNAC." & RefVintage -> HU.T2.F8ASS1.S1311.MNAC.S.2025
C30: Relates to D.2 | D30: 12439 | E30: 7562 | F30: -21818 | G30: 13583 | H30: -5016 | I30: 5744 | J30: 16200 | K30: 27352 | L30: 32821 | M30: 144535 | N30: 15484 | O30: 4253 | P30: 714 | Q30: -14192 | R30: 61027 | S30: -3556 | T30: 46057 | U30: -7397 | V30: 80320 | W30: 41061 | X30: 24570 | Y30: 39901 | Z30: 41922.642 | AA30: 64195 | AB30: 113926.53 | AC30: 26039
C31: Relates to D.42 | R31: -21814 | S31: 21814 | T31: 0 | U31: 0 | V31: 0 | W31: 0 | X31: 0 | Y31: 0 | Z31: 0 | AA31: 26040 | AC31: -97680
C32: Relates to D.45 and K.2 | D32: 1600 | E32: 1600 | F32: 1600 | G32: 1600 | H32: 1600 | I32: 1600 | J32: 800 | K32: 800 | L32: 800 | M32: -7878 | N32: -75267 | O32: 10233 | P32: -7267 | Q32: 15826 | R32: 18400 | S32: 18400 | T32: 6400 | U32: 6400 | V32: 8647 | W32: 20899 | X32: 28708 | Y32: 27375 | Z32: 26040 | AA32: 23736 | AB32: -6460 | AC32: 15553
C33: Relates to D.5 and D.91 | D33: -16039 | E33: 9431 | F33: 26369 | G33: 11110 | H33: 15453 | I33: 21304 | J33: 23819 | K33: 18302 | L33: 9410 | M33: 2671 | N33: 11779 | O33: 19792 | P33: -2278 | Q33: 6961 | R33: -2654 | S33: -39086 | T33: -19104 | U33: 13253 | V33: -4324 | W33: 70082.6 | X33: 1222 | Y33: -51457.7 | Z33: 30888.7 | AA33: 1909 | AB33: 150460 | AC33: 283
C34: Relates to D.61 | S34: -5042 | T34: 1153 | U34: -5676 | V34: 785 | W34: 667 | X34: 887 | Y34: 20423 | Z34: -17588 | AA34: 0 | AB34: 2427 | AC34: 3867
C35: Relates to: Eu transfers (excluding RRF) | D35: 0 | E35: 0 | F35: 0 | G35: 0 | H35: 0 | I35: 0 | J35: 0 | K35: 0 | L35: 0 | M35: 13200 | N35: -12079 | O35: 6531 | P35: 37786 | Q35: 3610 | R35: 20573 | S35: 21785 | T35: 20133 | U35: -43260 | V35: 1573 | W35: 7545.257 | X35: 765318 | Y35: -275566 | Z35: 112357.69 | AA35: -75259 | AB35: -157073 | AC35: -23533
C36: of which: EU financial correction | AB36: -77954 | AC36: -148847
C37: Relates to RRF (Recovery and Resilience Facility) | AB37: 0 | AC37: 0
A38: T2.F8ASS2.S1311 | B38: A.N.@@._Z.S1311._Z._Z.A.F.F8.T._Z.XDC._T.S.V.N.C02.EDP2 | C38: Relates to consolidation | Q38: 1759 | R38: -3585 | S38: 3080 | T38: -13004 | U38: -5574 | V38: 1478.5 | W38: 1194.767 | X38: 1980.131 | Y38: 2937.7874 | Z38: 9643.3947 | AA38: -294 | AB38: 359 | AC38: -670 | BM38: =CountryCode & ".T2.F8ASS2.S1311.MNAC." & RefVintage -> HU.T2.F8ASS2.S1311.MNAC.S.2025
A39: T2.F8LIA.S1311 | B39: A.N.@@._Z.S1311._Z._Z.L.F.F8.T._Z.XDC._T.S.V.N._T.EDP2 | C39: Other accounts payable (-) | D39: 32338 | E39: -3960 | F39: 27691 | G39: -27590 | H39: -4022 | I39: 3283 | J39: -21184 | K39: -5236 | L39: -185097 | M39: -93972 | N39: 35215 | O39: -58342 | P39: 123901 | Q39: -6475 | R39: -79423 | S39: -33486 | T39: -58374 | U39: -149347 | V39: -152443 | W39: -232458.8 | X39: 12980 | Y39: 129647 | Z39: 450244.3 | AA39: 261640 | AB39: -207003 | AC39: -99694.7 | BM39: =CountryCode & ".T2.F8LIA.S1311.MNAC." & RefVintage -> HU.T2.F8LIA.S1311.MNAC.S.2025
A40: T2.F8LIA1.S1311 | B40: A.N.@@._Z.S1311._Z._Z.L.F.F8.T._Z.XDC._T.S.V.N.C01.EDP2 | C40: Relates to P.2 | D40: 0 | E40: 0 | F40: 0 | G40: 0 | H40: 0 | I40: -878 | J40: -1 | K40: 2216 | L40: -7858 | M40: 6955 | N40: -8158 | O40: -14653 | P40: 50183 | Q40: 9099 | R40: -56090 | S40: -28148 | T40: 11921 | U40: -17104 | V40: -4323 | W40: -31910 | X40: 12374 | Y40: -14381 | Z40: -39368 | AA40: 1291 | AB40: -34322 | AC40: 64599 | BM40: =CountryCode & ".T2.F8LIA1.S1311.MNAC." & RefVintage -> HU.T2.F8LIA1.S1311.MNAC.S.2025
C41: Relates to D.1 | D41: 0 | E41: 0 | F41: 0 | G41: 0 | H41: 0 | I41: -11747 | J41: -8658 | K41: -18414 | L41: -4476 | M41: -1789 | N41: 9100 | O41: 21515 | P41: 8260 | Q41: 740 | R41: 966 | S41: 5097 | T41: -4073 | U41: -14842 | V41: -62471 | W41: 3530 | X41: -15171 | Y41: -30002 | Z41: -19668 | AA41: -13532 | AB41: -10498 | AC41: -14638
C42: Relates to D.211 | D42: 0 | E42: 0 | F42: 0 | G42: 0 | H42: 0 | I42: 0 | J42: -27416 | K42: 19317 | L42: -174618 | M42: -35436 | N42: 71298 | O42: -58970 | P42: 32402 | Q42: -18546 | R42: -47137 | S42: -6348 | T42: -81906 | U42: -131022 | V42: -150250 | W42: -58668 | X42: -13889 | Y42: -12845 | Z42: 56386 | AA42: 118705 | AB42: -90566 | AC42: 28614
C43: Relates to D.3 | D43: 0 | E43: 0 | F43: 0 | G43: -1156 | H43: -319 | I43: -668 | J43: 1705 | K43: -8496 | L43: 9 | M43: -77826 | N43: -3164 | O43: 4367 | P43: 22309 | Q43: 14677 | R43: 48165 | S43: -3299 | T43: 4249 | U43: 7644 | V43: 6174 | W43: -19595 | X43: 17575 | Y43: 8270 | Z43: -244 | AA43: -1639 | AB43: -3450 | AC43: 6146
C44: Relates to P.51 | D44: 34738 | E44: 203 | F44: 23351 | G44: -21871 | H44: -12628 | I44: 8228 | J44: 22199 | K44: 1711 | L44: 12751 | M44: 19176 | N44: -34858 | O44: -35790 | P44: 11621 | Q44: -12572 | R44: -25239 | S44: -142 | T44: 11291 | U44: 6340 | V44: 54536 | W44: 23416.196 | X44: 26724 | Y44: 15223 | Z44: 24630.303 | AA44: -9094 | AB44: 20281 | AC44: -12031
C45: Relates to other items (D.29, D.62, D.63, D.73, D.75, D.76, D.92) | Q45: 127 | R45: -88 | S45: -646 | T45: -867 | U45: -3577 | V45: -3072 | W45: 16096 | X45: -15154 | Y45: -6762 | Z45: -29269 | AA45: -33284 | AB45: 37973 | AC45: 40755.3
C46: Relates to EU transfer advances to Local Government | Y46: 157966 | Z46: 475823 | AA46: 199671 | AB46: -49405 | AC46: -106662
C47: Relates to D.99 | W47: -1799 | Z47: -6880 | AA47: -757 | AB47: 0 | AC47: 0
C48: Relates to NP | W48: -165293 | Y48: 11257 | Z48: -11257 | AA48: 0 | AB48: 0 | AC48: 0
A49: T2.F8LIA2.S1311 | B49: A.N.@@._Z.S1311._Z._Z.L.F.F8.T._Z.XDC._T.S.V.N.C02.EDP2 | C49: Relates to standardised guarantees | K49: -1618 | L49: -3394 | M49: -981 | N49: -7900 | O49: -16092 | P49: -9460 | Q49: -989 | R49: 54 | S49: 6491 | T49: 1011 | U49: 3214 | V49: 6963 | W49: 1764 | X49: 521 | Y49: 921 | Z49: 91 | AA49: 279 | AB49: -77016 | AC49: -106478 | BM49: =CountryCode & ".T2.F8LIA2.S1311.MNAC." & RefVintage -> HU.T2.F8LIA2.S1311.MNAC.S.2025
A51: T2.B9_OWB.S1311 | B51: A.N.@@._Z.S1311._Z._Z.B.ORWB_E._Z.T._Z.XDC._T.S.V.N._T.EDP2 | C51: Working balance (+/-) of entities not part of central government | D51: M | E51: M | F51: M | G51: M | H51: M | I51: M | J51: M | K51: M | L51: M | M51: M | N51: M | O51: M | P51: M | Q51: M | R51: M | S51: M | T51: M | U51: M | V51: M | W51: M | X51: M | Y51: M | Z51: M | AA51: M | AB51: M | AC51: M | BM51: =CountryCode & ".T2.B9_OWB.S1311.MNAC." & RefVintage -> HU.T2.B9_OWB.S1311.MNAC.S.2025
A52: T2.B9_OB.S1311 | B52: A.N.@@._Z.S13112._Z._Z.B.B9._Z._Z._Z.XDC._T.S.V.N._T.EDP2 | C52: Net lending (+)/ net borrowing (-) of other central government bodies | D52: -56438.341 | E52: -64842 | F52: -110302.84 | G52: -17262.609 | H52: -79929 | I52: -14781 | J52: -112518 | K52: 78150 | L52: -113419 | M52: -221128 | N52: -171485 | O52: -114398 | P52: -66413 | Q52: -33286 | R52: -113194 | S52: 30585 | T52: -335546 | U52: -22596.238 | V52: 190355 | W52: -87941.436 | X52: -102040 | Y52: 138082.88 | Z52: 106999.67 | AA52: 147084.42 | AB52: 250477.9 | AC52: 1304350.2 | BM52: =CountryCode & ".T2.B9_OB.S1311.MNAC." & RefVintage -> HU.T2.B9_OB.S1311.MNAC.S.2025
A53: T2.B9_OB1.S1311 | B53: A.N.@@._Z.S13112._Z._Z.B.B9._Z._Z._Z.XDC._T.S.V.N.C01.EDP2 | C53: Component 1: Extrabudgetary funds | D53: -17022 | E53: 8161 | F53: 9172 | G53: 14805.3 | H53: -13126 | I53: -7675 | J53: -8826 | K53: 3937 | L53: 8036 | M53: 21484 | N53: 20182 | O53: 46431 | P53: 49854 | Q53: 13247 | R53: -52308 | BM53: =CountryCode & ".T2.B9_OB1.S1311.MNAC." & RefVintage -> HU.T2.B9_OB1.S1311.MNAC.S.2025
C54: Component 2: Pension Reform and Debt Reduction Fund | T54: -426605 | U54: 18463 | V54: 7015 | W54: 0 | X54: 0
C55: Component 3: Corporations classified in Central Government | D55: -42453.341 | E55: -78981 | F55: -116713.84 | G55: -33960.909 | H55: -74089 | I55: -11323 | J55: -82798 | K55: 35665 | L55: -129585 | M55: -241917 | N55: -191311 | O55: -157430 | P55: -122065 | Q55: -39097 | R55: -63136 | S55: 28475 | T55: 86963 | U55: -37449.238 | V55: 184893 | W55: -69959.136 | X55: -64598 | Y55: 147920 | Z55: 100721.67 | AA55: 133708.91 | AB55: 197282.2 | AC55: 1107429.4
A56: T2.B9_OB2.S1311 | B56: A.N.@@._Z.S13112._Z._Z.B.B9._Z._Z._Z.XDC._T.S.V.N.C02.EDP2 | C56: Component 4: Nonprofit institutions classified in Central Government | D56: 3037 | E56: 5978 | F56: -2761 | G56: 1893 | H56: 7286 | I56: 4217 | J56: -20894 | K56: 38548 | L56: 8130 | M56: -695 | N56: -356 | O56: -3399 | P56: 5798 | Q56: -7436 | R56: 2250 | S56: 2110 | T56: 4096 | U56: -3610 | V56: -1553 | W56: -17982.3 | X56: -37442 | Y56: -9837.125 | Z56: 6278 | AA56: 13375.51 | AB56: 53195.703 | AC56: 196920.73 | BM56: =CountryCode & ".T2.B9_OB2.S1311.MNAC." & RefVintage -> HU.T2.B9_OB2.S1311.MNAC.S.2025
A58: T2.OA.S1311 | B58: A.N.@@._Z.S1311._Z._Z._X.OROA._Z.T._Z.XDC._T.S.V.N._T.EDP2 | C58: Other adjustments (+/-) (please detail) | D58: -176881 | E58: -104730 | F58: -53616 | G58: -115325 | H58: -140632 | I58: 24854 | J58: -180598 | K58: -59596 | L58: -99777 | M58: -170555 | N58: -422181 | O58: -383251 | P58: -149654 | Q58: -110642 | R58: -101405 | S58: -156758 | T58: -157045 | U58: -52851 | V58: -824847 | W58: -433257 | X58: -142247 | Y58: -33292 | Z58: -66368 | AA58: -176134 | AB58: -135957 | AC58: -179721.04 | BM58: =CountryCode & ".T2.OA.S1311.MNAC." & RefVintage -> HU.T2.OA.S1311.MNAC.S.2025
A59: T2.OA1.S1311 | B59: A.N.@@._Z.S1311._Z._Z._X.OROA._Z.T._Z.XDC._T.S.V.N.C01.EDP2 | C59: Claim cancellation against Social Security funds | D59: -41584 | E59: -104730 | F59: -53616 | G59: -54470 | H59: -90775 | I59: -42905 | J59: -80113 | K59: -28811 | L59: -99389 | M59: -348968 | N59: -423903 | O59: -468806 | P59: -130793 | R59: -67360 | S59: -156697 | T59: -95386 | U59: -83654 | V59: -117562 | W59: -513 | X59: 0 | Y59: -30083 | Z59: -89693 | AA59: -137503 | AB59: -83988 | AC59: -210923.14 | BM59: =CountryCode & ".T2.OA1.S1311.MNAC." & RefVintage -> HU.T2.OA1.S1311.MNAC.S.2025
A60: T2.OA2.S1311 | B60: A.N.@@._Z.S1311._Z._Z._X.OROA._Z.T._Z.XDC._T.S.V.N.C02.EDP2 | C60: Capital transfer to insurance companies acting in field of agriculture | D60: -18700 | BM60: =CountryCode & ".T2.OA2.S1311.MNAC." & RefVintage -> HU.T2.OA2.S1311.MNAC.S.2025
A61: T2.OA3.S1311 | B61: A.N.@@._Z.S1311._Z._Z._X.OROA._Z.T._Z.XDC._T.S.V.N.C03.EDP2 | C61: Claim cancellation because of liquidations and damages caused by nature | D61: -1127 | BM61: =CountryCode & ".T2.OA3.S1311.MNAC." & RefVintage -> HU.T2.OA3.S1311.MNAC.S.2025
A62: T2.OA4.S1311 | B62: A.N.@@._Z.S1311._Z._Z._X.OROA._Z.T._Z.XDC._T.S.V.N.C04.EDP2 | C62: Capital transfers to Postabank Co. | G62: -15337 | J62: -2720 | BM62: =CountryCode & ".T2.OA4.S1311.MNAC." & RefVintage -> HU.T2.OA4.S1311.MNAC.S.2025
C63: Capital transfer to MÁV Rt. | D63: -47770 | G63: -16447 | I63: -36481 | K63: -62085 | L63: -828
C64: Expenditure rerouted from Reorg Apport Rt. | G64: -25071
C65: Expenditure rerouted from MFB Rt. | G65: -4000
C66: Debt assumption from ÁAK Rt, treated as D.99 capital transfer in 1999, included in 2002 cash budget | H66: -50000 | K66: 47000
C67: Imputed mobile phone concession fee | H67: 36568 | U67: 0 | V67: -78008
C68: Adjustment to revenues that relate to the restructuring of extrabudgetary funds | H68: -36425
C69: Deposit account arrangements | I69: 94139 | J69: -78825 | K69: -9289 | L69: -5923
C70: Capital transfer to NA Rt. temporarily financed by the MFB Rt. (Hungarian Development Bank) | I70: 10101 | J70: -16491 | K70: -6301
C71: Claim cancellation against ÁPV Rt. | J71: -3600
C72: Claim cancellation against OTIVA Co. | J72: -3000
C73: Debt (Bős-Nagymaros) assumption in 1995 and then debt cancellation against the State in 2001 | D73: -67700 | J73: 4151
C74: The difference between Treasury and Budget data treated as Capital transfer to Sportfólió Kht (non-profit institution classified in CG) | K74: -110
C75: Transfers from privatisation receipts paid by State Privatisation Co. to the Treasury single account (off-budget transaction) | L75: 41983 | M75: 166537 | O75: 268696 | P75: 67790
C76: Claim cancellation 2003: against Republic of Russia, 2004: "of old government claim", 2006: Iraq, 2009: Mozambique, Cambodia | L76: -35620 | M76: -4812 | O76: -46060 | R76: -4118
C77: Debt assumption from Rendezvénycsarnok Rt (decision was made in 2002, actual assumption in 2004, included in public balance) | M77: 28877
C78: Income tax paid by Postabank | M78: -10670
C79: Capital transfer to MAHART | M79: -1519
C80: Capital transfres in kind from nonprofit institutions classified in Central Government | N80: 1722
C81: Financial claim of a commercial bank on the State (derived from Church compensation), capital transfer | O81: -17799
C82: Gripen reclassification from operative lease to financial lease | O82: 0 | P82: -4379 | Q82: -6835 | R82: -5128 | S82: -2518 | T82: -3718 | U82: -5171 | V82: -5096 | W82: -5035 | X82: -4916 | Y82: -4884 | Z82: -4762 | AA82: -4611 | AB82: -4519 | AC82: -4970
C83: Acquisition of Gripen equipments (P.51) | O83: -101925 | P83: -69644
C84: PPP assets reclassification | O84: -11975 | P84: -11015 | Q84: -1307 | R84: -3073
C85: Capital transfer to non-financial corporations | O85: -5382 | P85: -1613
C86: Transfer of privatisation receipt from sale of MAV Cargo to MAV | Q86: -102500
C87: VAT reinbursement adjustment due to European Court decision | R87: -18800 | S87: 18800
C88: Reduction of EU transfer revenue related to court decision of VAT | R88: -2926 | U88: -21632 | V88: 0 | W88: 21632
C89: Transactions related to a call on a government guarantee (BTA) | S89: -7332
C90: Owners' loan provided to MALÉV Plc. and neutralization of expenditure of 2010 | S90: -9011 | T90: 5779
C91: Subsidy to MÁV Zrt financed by issuance of guaranteed securities | T91: -35000
C92: Imputed transfer to households related to early repayment of mortgage loans | T92: -48739 | U92: -54907
C93: Imputed taxes connected with early repayments of mortgage loans | U93: 101090 | V93: 838
C94: Capital injection to public corporations | V94: -12000 | X94: -4100 | AA94: -1865
C95: Change from public cost (PC) method to total cost (TC) method related to EU transfers | V95: 34566 | W95: -34566
C96: Financial corrections related to EU transfers (decision in 2013) | V96: -43921 | W96: 43921
C97: Capital transfer in kind to public corporations | W97: -3774
C98: Financial corrections (decision in 2014) and other adjustments related to EU transfers | W98: -53120 | X98: 11155
C99: MAVIR transactions rerouting | T99: 20019 | U99: 11106 | V99: -12287 | W99: -3842 | X99: 2676 | Y99: 8430 | Z99: 22718 | AA99: -878 | AB99: -20380 | AC99: -20041
C100: Imputed revenue from transfer of pension obligations | U100: 317 | V100: 1187 | W100: 3519 | X100: 6300 | Y100: 9244 | Z100: 12359 | AA100: 15653 | AB100: 19132 | AC100: 22808
C101: Debt assumption from local governments | V101: -592564 | W101: -401479
C102: Debt assumption from BKV Zrt. | X102: -52290
C103: Debt assumption from MÁV Zrt. | X103: -23428
C104: Debt assumption from MTVA | X104: -47149
C105: Exchange rate compensation to MFB | X105: -30495 | Y105: -8629 | Z105: -9651 | AA105: -9493 | AC105: -17946.907
C106: Dividend used directly for debt reduction | Y106: 2630 | Z106: 2661 | AA106: 4125 | AB106: 19599 | AC106: 51352
...

Sheet Table 2B
C1: Table 2B: Provision of the data which explain the transition between the working balance and the state government surplus/ deficit | AM1: cash | AN1: Apr.2025 | AO1: 3 | AP1: 4 | AQ1: 5 | AR1: 6 | AS1: =AR1+1 -> 7 | AT1: =AS1+1 -> 8 | AU1: =AT1+1 -> 9 | AV1: =AU1+1 -> 10 | AW1: =AV1+1 -> 11 | AX1: =AW1+1 -> 12 | AY1: =AX1+1 -> 13 | AZ1: =AY1+1 -> 14 | ... BE1: =BD1+1 -> 19
AM2: accrual | AN2: =IF($AN$1='Cover page'!$N$2,0,1) -> 0
AM3: mixed
C4: ='Cover page'!E13 -> Member State: Hungary | D4: Year | AM4: other
B5: SDMX series | C5: Data are in ...(millions of units of national currency) | D5: ='Table 1'!E5 -> 1995 | E5: =IF(VLOOKUP('Cover page'!$F$15,'Cover page'!$BD$1:$BF$15,3,FALSE)<D52+1,"",D52+1) -> 1996 | F5: =IF(VLOOKUP('Cover page'!$F$15,'Cover page'!$BD$1:$BF$15,3,FALSE)<E52+1,"",E52+1) -> 1997 | G5: =IF(VLOOKUP('Cover page'!$F$15,'Cover page'!$BD$1:$BF$15,3,FALSE)<F52+1,"",F52+1) -> 1998 | H5: =IF(VLOOKUP('Cover page'!$F$15,'Cover page'!$BD$1:$BF$15,3,FALSE)<G52+1,"",G52+1) -> 1999 | I5: =IF(VLOOKUP('Cover page'!$F$15,'Cover page'!$BD$1:$BF$15,3,FALSE)<H52+1,"",H52+1) -> 2000 | J5: =IF(VLOOKUP('Cover page'!$F$15,'Cover page'!$BD$1:$BF$15,3,FALSE)<I52+1,"",I52+1) -> 2001 | K5: =IF(VLOOKUP('Cover page'!$F$15,'Cover page'!$BD$1:$BF$15,3,FALSE)<J52+1,"",J52+1) -> 2002 | L5: =IF(VLOOKUP('Cover page'!$F$15,'Cover page'!$BD$1:$BF$15,3,FALSE)<K52+1,"",K52+1) -> 2003 | ... AI5: =IF(VLOOKUP('Cover page'!$F$15,'Cover page'!$BD$1:$BF$15,3,FALSE)<AH52+1,"",AH52+1)
C6: ='Cover page'!E14 -> Date: 10/10/2025
A8: T2.WB.S1312 | B8: A.N.@@._Z.S1312._Z._Z.B.ORWB._Z.T._Z.XDC._T.S.V.N._T.EDP2 | C8: Working balance in state government accounts | D8: M | E8: M | F8: M | G8: M | H8: M | I8: M | J8: M | K8: M | L8: M | M8: M | N8: M | O8: M | P8: M | Q8: M | R8: M | S8: M | T8: M | U8: M | V8: M | W8: M | X8: M | Y8: M | Z8: M | AA8: M | AB8: M | AC8: M | BM8: =CountryCode & ".T2.WB.S1312.MNAC." & RefVintage -> HU.T2.WB.S1312.MNAC.S.2025
C9: Basis of the working balance | D9: M | E9: M | F9: M | G9: M | H9: M | I9: M | J9: M | K9: M | L9: M | M9: M | N9: M | O9: M | P9: M | Q9: M | R9: M | S9: M | T9: M | U9: M | V9: M | W9: M | X9: M | Y9: M | Z9: M | AA9: M | AB9: M | AC9: M | AD9: (1) | AE9: (1) | AF9: (1) | AG9: (1) | AH9: (1) | AI9: (1)
D10: =IFERROR(VLOOKUP(D9,StatusTable,2,FALSE), -1) -> -1 | E10: =IFERROR(VLOOKUP(E9,StatusTable,2,FALSE), -1) -> -1 | F10: =IFERROR(VLOOKUP(F9,StatusTable,2,FALSE), -1) -> -1 | G10: =IFERROR(VLOOKUP(G9,StatusTable,2,FALSE), -1) -> -1 | H10: =IFERROR(VLOOKUP(H9,StatusTable,2,FALSE), -1) -> -1 | I10: =IFERROR(VLOOKUP(I9,StatusTable,2,FALSE), -1) -> -1 | J10: =IFERROR(VLOOKUP(J9,StatusTable,2,FALSE), -1) -> -1 | K10: =IFERROR(VLOOKUP(K9,StatusTable,2,FALSE), -1) -> -1 | ... AC10: =IFERROR(VLOOKUP(AC9,StatusTable,2,FALSE), -1) -> -1 | BM10: =CountryCode & ".T2.WB_STATUS.S1312.MNAC." & RefVintage -> HU.T2.WB_STATUS.S1312.MNAC.S.2025
A11: T2.FT.S1312 | B11: A.N.@@._Z.S1312._Z._Z.B.F.F.T._Z.XDC._T.S.V.N._T.EDP2 | C11: Financial transactions included in the working balance | D11: M | E11: M | F11: M | G11: M | H11: M | I11: M | J11: M | K11: M | L11: M | M11: M | N11: M | O11: M | P11: M | Q11: M | R11: M | S11: M | T11: M | U11: M | V11: M | W11: M | X11: M | Y11: M | Z11: M | AA11: M | AB11: M | AC11: M | BM11: =CountryCode & ".T2.FT.S1312.MNAC." & RefVintage -> HU.T2.FT.S1312.MNAC.S.2025
A12: T2.F4.S1312 | B12: A.N.@@._Z.S1312._Z.N.A.F.F4.T._Z.XDC._T.S.V.N._T.EDP2 | C12: Loans (+/-) | D12: M | E12: M | F12: M | G12: M | H12: M | I12: M | J12: M | K12: M | L12: M | M12: M | N12: M | O12: M | P12: M | Q12: M | R12: M | S12: M | T12: M | U12: M | V12: M | W12: M | X12: M | Y12: M | Z12: M | AA12: M | AB12: M | AC12: M | BM12: =CountryCode & ".T2.F4.S1312.MNAC." & RefVintage -> HU.T2.F4.S1312.MNAC.S.2025
A13: T2.F5.S1312 | B13: A.N.@@._Z.S1312._Z.N.A.F.F5.T._Z.XDC._T.S.V.N._T.EDP2 | C13: Equities (+/-) | D13: M | E13: M | F13: M | G13: M | H13: M | I13: M | J13: M | K13: M | L13: M | M13: M | N13: M | O13: M | P13: M | Q13: M | R13: M | S13: M | T13: M | U13: M | V13: M | W13: M | X13: M | Y13: M | Z13: M | AA13: M | AB13: M | AC13: M | BM13: =CountryCode & ".T2.F5.S1312.MNAC." & RefVintage -> HU.T2.F5.S1312.MNAC.S.2025
A14: T2.OFT.S1312 | B14: A.N.@@._Z.S1312._Z._Z.N.F.FNDX.T._Z.XDC._T.S.V.N._T.EDP2 | C14: Other financial transactions (+/-) | D14: M | E14: M | F14: M | G14: M | H14: M | I14: M | J14: M | K14: M | L14: M | M14: M | N14: M | O14: M | P14: M | Q14: M | R14: M | S14: M | T14: M | U14: M | V14: M | W14: M | X14: M | Y14: M | Z14: M | AA14: M | AB14: M | AC14: M | BM14: =CountryCode & ".T2.OFT.S1312.MNAC." & RefVintage -> HU.T2.OFT.S1312.MNAC.S.2025
A15: T2.OFTDL.S1312 | B15: A.N.@@._Z.S1312._Z._Z.L.F.FNDL.T._Z.XDC._T.S.V.N._T.EDP2 | C15: of which: transactions in debt liabilities (+/-) | D15: M | E15: M | F15: M | G15: M | H15: M | I15: M | J15: M | K15: M | L15: M | M15: M | N15: M | O15: M | P15: M | Q15: M | R15: M | S15: M | T15: M | U15: M | V15: M | W15: M | X15: M | Y15: M | Z15: M | AA15: M | AB15: M | AC15: M | BM15: =CountryCode & ".T2.OFTDL.S1312.MNAC." & RefVintage -> HU.T2.OFTDL.S1312.MNAC.S.2025
A16: T2.F71K.S1312 | B16: A.N.@@._Z.S1312._Z._Z.N.F.F71K.T._Z.XDC._T.S.V.N._T.EDP2 | C16: of which: net settlements under swap contracts (+/-) | D16: M | E16: M | F16: M | G16: M | H16: M | I16: M | J16: M | K16: M | L16: M | M16: M | N16: M | O16: M | P16: M | Q16: M | R16: M | S16: M | T16: M | U16: M | V16: M | W16: M | X16: M | Y16: M | Z16: M | AA16: M | AB16: M | AC16: M | BM16: =CountryCode & ".T2.F71K.S1312.MNAC." & RefVintage -> HU.T2.F71K.S1312.MNAC.S.2025
A17: T2.OFT1.S1312 | B17: A.N.@@._Z.S1312._Z._Z.N.F.FNDX.T._Z.XDC._T.S.V.N.C01.EDP2 | C17: Detail 1 | BM17: =CountryCode & ".T2.OFT1.S1312.MNAC." & RefVintage -> HU.T2.OFT1.S1312.MNAC.S.2025
A18: T2.OFT2.S1312 | B18: A.N.@@._Z.S1312._Z._Z.N.F.FNDX.T._Z.XDC._T.S.V.N.C02.EDP2 | C18: Detail 2 | BM18: =CountryCode & ".T2.OFT2.S1312.MNAC." & RefVintage -> HU.T2.OFT2.S1312.MNAC.S.2025
A20: T2.ONFT.S1312 | B20: A.N.@@._Z.S1312._Z._Z.B.ORNF._Z.T._Z.XDC._T.S.V.N._T.EDP2 | C20: Non-financial transactions not included in the working balance | D20: M | E20: M | F20: M | G20: M | H20: M | I20: M | J20: M | K20: M | L20: M | M20: M | N20: M | O20: M | P20: M | Q20: M | R20: M | S20: M | T20: M | U20: M | V20: M | W20: M | X20: M | Y20: M | Z20: M | AA20: M | AB20: M | AC20: M | BM20: =CountryCode & ".T2.ONFT.S1312.MNAC." & RefVintage -> HU.T2.ONFT.S1312.MNAC.S.2025
A21: T2.ONFT1.S1312 | B21: A.N.@@._Z.S1312._Z._Z.B.ORNF._Z.T._Z.XDC._T.S.V.N.C01.EDP2 | C21: Detail 1 | BM21: =CountryCode & ".T2.ONFT1.S1312.MNAC." & RefVintage -> HU.T2.ONFT1.S1312.MNAC.S.2025
A22: T2.ONFT2.S1312 | B22: A.N.@@._Z.S1312._Z._Z.B.ORNF._Z.T._Z.XDC._T.S.V.N.C02.EDP2 | C22: Detail 2 | BM22: =CountryCode & ".T2.ONFT2.S1312.MNAC." & RefVintage -> HU.T2.ONFT2.S1312.MNAC.S.2025
A24: T2.D41DIF.S1312 | B24: A.N.@@._Z.S1312._Z._Z.B.ORD41A._Z.T._Z.XDC._T.S.V.N._T.EDP2 | C24: Difference between interest paid (+) and accrued (D.41)(-) | D24: M | E24: M | F24: M | G24: M | H24: M | I24: M | J24: M | K24: M | L24: M | M24: M | N24: M | O24: M | P24: M | Q24: M | R24: M | S24: M | T24: M | U24: M | V24: M | W24: M | X24: M | Y24: M | Z24: M | AA24: M | AB24: M | AC24: M | BM24: =CountryCode & ".T2.D41DIF.S1312.MNAC." & RefVintage -> HU.T2.D41DIF.S1312.MNAC.S.2025
A26: T2.F8ASS.S1312 | B26: A.N.@@._Z.S1312._Z._Z.A.F.F8.T._Z.XDC._T.S.V.N._T.EDP2 | C26: Other accounts receivable (+) | D26: M | E26: M | F26: M | G26: M | H26: M | I26: M | J26: M | K26: M | L26: M | M26: M | N26: M | O26: M | P26: M | Q26: M | R26: M | S26: M | T26: M | U26: M | V26: M | W26: M | X26: M | Y26: M | Z26: M | AA26: M | AB26: M | AC26: M | BM26: =CountryCode & ".T2.F8ASS.S1312.MNAC." & RefVintage -> HU.T2.F8ASS.S1312.MNAC.S.2025
A27: T2.F8ASS1.S1312 | B27: A.N.@@._Z.S1312._Z._Z.A.F.F8.T._Z.XDC._T.S.V.N.C01.EDP2 | C27: Detail 1 | BM27: =CountryCode & ".T2.F8ASS1.S1312.MNAC." & RefVintage -> HU.T2.F8ASS1.S1312.MNAC.S.2025
A28: T2.F8ASS2.S1312 | B28: A.N.@@._Z.S1312._Z._Z.A.F.F8.T._Z.XDC._T.S.V.N.C02.EDP2 | C28: Detail 2 | BM28: =CountryCode & ".T2.F8ASS2.S1312.MNAC." & RefVintage -> HU.T2.F8ASS2.S1312.MNAC.S.2025
A29: T2.F8LIA.S1312 | B29: A.N.@@._Z.S1312._Z._Z.L.F.F8.T._Z.XDC._T.S.V.N._T.EDP2 | C29: Other accounts payable (-) | D29: M | E29: M | F29: M | G29: M | H29: M | I29: M | J29: M | K29: M | L29: M | M29: M | N29: M | O29: M | P29: M | Q29: M | R29: M | S29: M | T29: M | U29: M | V29: M | W29: M | X29: M | Y29: M | Z29: M | AA29: M | AB29: M | AC29: M | BM29: =CountryCode & ".T2.F8LIA.S1312.MNAC." & RefVintage -> HU.T2.F8LIA.S1312.MNAC.S.2025
A30: T2.F8LIA1.S1312 | B30: A.N.@@._Z.S1312._Z._Z.L.F.F8.T._Z.XDC._T.S.V.N.C01.EDP2 | C30: Detail 1 | BM30: =CountryCode & ".T2.F8LIA1.S1312.MNAC." & RefVintage -> HU.T2.F8LIA1.S1312.MNAC.S.2025
A31: T2.F8LIA2.S1312 | B31: A.N.@@._Z.S1312._Z._Z.L.F.F8.T._Z.XDC._T.S.V.N.C02.EDP2 | C31: Detail 2 | BM31: =CountryCode & ".T2.F8LIA2.S1312.MNAC." & RefVintage -> HU.T2.F8LIA2.S1312.MNAC.S.2025
A33: T2.B9_OWB.S1312 | B33: A.N.@@._Z.S1312._Z._Z.B.ORWB_E._Z.T._Z.XDC._T.S.V.N._T.EDP2 | C33: Working balance (+/-) of entities not part of state government | D33: M | E33: M | F33: M | G33: M | H33: M | I33: M | J33: M | K33: M | L33: M | M33: M | N33: M | O33: M | P33: M | Q33: M | R33: M | S33: M | T33: M | U33: M | V33: M | W33: M | X33: M | Y33: M | Z33: M | AA33: M | AB33: M | AC33: M | BM33: =CountryCode & ".T2.B9_OWB.S1312.MNAC." & RefVintage -> HU.T2.B9_OWB.S1312.MNAC.S.2025
A34: T2.B9_OB.S1312 | B34: A.N.@@._Z.S13122._Z._Z.B.B9._Z._Z._Z.XDC._T.S.V.N._T.EDP2 | C34: Net lending (+)/ net borrowing (-) of other state government bodies | D34: M | E34: M | F34: M | G34: M | H34: M | I34: M | J34: M | K34: M | L34: M | M34: M | N34: M | O34: M | P34: M | Q34: M | R34: M | S34: M | T34: M | U34: M | V34: M | W34: M | X34: M | Y34: M | Z34: M | AA34: M | AB34: M | AC34: M | BM34: =CountryCode & ".T2.B9_OB.S1312.MNAC." & RefVintage -> HU.T2.B9_OB.S1312.MNAC.S.2025
A35: T2.B9_OB1.S1312 | B35: A.N.@@._Z.S13122._Z._Z.B.B9._Z._Z._Z.XDC._T.S.V.N.C01.EDP2 | C35: Detail 1 | BM35: =CountryCode & ".T2.B9_OB1.S1312.MNAC." & RefVintage -> HU.T2.B9_OB1.S1312.MNAC.S.2025
A36: T2.B9_OB2.S1312 | B36: A.N.@@._Z.S13122._Z._Z.B.B9._Z._Z._Z.XDC._T.S.V.N.C02.EDP2 | C36: Detail 2 | BM36: =CountryCode & ".T2.B9_OB2.S1312.MNAC." & RefVintage -> HU.T2.B9_OB2.S1312.MNAC.S.2025
A38: T2.OA.S1312 | B38: A.N.@@._Z.S1312._Z._Z._X.OROA._Z.T._Z.XDC._T.S.V.N._T.EDP2 | C38: Other adjustments (+/-) (please detail) | D38: M | E38: M | F38: M | G38: M | H38: M | I38: M | J38: M | K38: M | L38: M | M38: M | N38: M | O38: M | P38: M | Q38: M | R38: M | S38: M | T38: M | U38: M | V38: M | W38: M | X38: M | Y38: M | Z38: M | AA38: M | AB38: M | AC38: M | BM38: =CountryCode & ".T2.OA.S1312.MNAC." & RefVintage -> HU.T2.OA.S1312.MNAC.S.2025
A39: T2.OA1.S1312 | B39: A.N.@@._Z.S1312._Z._Z._X.OROA._Z.T._Z.XDC._T.S.V.N.C01.EDP2 | C39: Detail 1 | BM39: =CountryCode & ".T2.OA1.S1312.MNAC." & RefVintage -> HU.T2.OA1.S1312.MNAC.S.2025
A40: T2.OA2.S1312 | B40: A.N.@@._Z.S1312._Z._Z._X.OROA._Z.T._Z.XDC._T.S.V.N.C02.EDP2 | C40: Detail 2 | BM40: =CountryCode & ".T2.OA2.S1312.MNAC." & RefVintage -> HU.T2.OA2.S1312.MNAC.S.2025
A41: T2.OA3.S1312 | B41: A.N.@@._Z.S1312._Z._Z._X.OROA._Z.T._Z.XDC._T.S.V.N.C03.EDP2 | C41: Detail 3 | BM41: =CountryCode & ".T2.OA3.S1312.MNAC." & RefVintage -> HU.T2.OA3.S1312.MNAC.S.2025
A43: T2.B9.S1312 | B43: A.N.@@._Z.S1312._Z._Z.B.B9._Z._Z._Z.XDC._T.S.V.N._T.EDP2 | C43: Net lending (+)/ net borrowing (-) (B.9) of state government (S.1312) | D43: M | E43: M | F43: M | G43: M | H43: M | I43: M | J43: M | K43: M | L43: M | M43: M | N43: M | O43: M | P43: M | Q43: M | R43: M | S43: M | T43: M | U43: M | V43: M | W43: M | X43: M | Y43: M | Z43: M | AA43: M | AB43: M | AC43: M | BM43: =CountryCode & ".T2.B9.S1312.MNAC." & RefVintage -> HU.T2.B9.S1312.MNAC.S.2025
C44: (ESA 2010 accounts)
C46: (1) Please indicate accounting basis of the working balance: cash, accrual, mixed, other.
C47: Note: Member States can adapt tables 2A, B, C and D to their national specificity according to the established practice
C51: COVERAGE | D51: =IF(OR(COUNTA(D8:D8,D11:D16,D20:D20,D24:D24,D26:D26,D29:D29,D33:D34,D38:D38,D43:D43)=15,NOT(ISNUMBER(D5))),"OK","NOT fully completed, pls.fill with L, M or 0") -> OK | E51: =IF(OR(COUNTA(E8:E8,E11:E16,E20:E20,E24:E24,E26:E26,E29:E29,E33:E34,E38:E38,E43:E43)=15,NOT(ISNUMBER(E5))),"OK","NOT fully completed, pls.fill with L, M or 0") -> OK | F51: =IF(OR(COUNTA(F8:F8,F11:F16,F20:F20,F24:F24,F26:F26,F29:F29,F33:F34,F38:F38,F43:F43)=15,NOT(ISNUMBER(F5))),"OK","NOT fully completed, pls.fill with L, M or 0") -> OK | G51: =IF(OR(COUNTA(G8:G8,G11:G16,G20:G20,G24:G24,G26:G26,G29:G29,G33:G34,G38:G38,G43:G43)=15,NOT(ISNUMBER(G5))),"OK","NOT fully completed, pls.fill with L, M or 0") -> OK | H51: =IF(OR(COUNTA(H8:H8,H11:H16,H20:H20,H24:H24,H26:H26,H29:H29,H33:H34,H38:H38,H43:H43)=15,NOT(ISNUMBER(H5))),"OK","NOT fully completed, pls.fill with L, M or 0") -> OK | I51: =IF(OR(COUNTA(I8:I8,I11:I16,I20:I20,I24:I24,I26:I26,I29:I29,I33:I34,I38:I38,I43:I43)=15,NOT(ISNUMBER(I5))),"OK","NOT fully completed, pls.fill with L, M or 0") -> OK | J51: =IF(OR(COUNTA(J8:J8,J11:J16,J20:J20,J24:J24,J26:J26,J29:J29,J33:J34,J38:J38,J43:J43)=15,NOT(ISNUMBER(J5))),"OK","NOT fully completed, pls.fill with L, M or 0") -> OK | K51: =IF(OR(COUNTA(K8:K8,K11:K16,K20:K20,K24:K24,K26:K26,K29:K29,K33:K34,K38:K38,K43:K43)=15,NOT(ISNUMBER(K5))),"OK","NOT fully completed, pls.fill with L, M or 0") -> OK | ... AI51: =IF(OR(COUNTA(AI8:AI8,AI11:AI16,AI20:AI20,AI24:AI24,AI26:AI26,AI29:AI29,AI33:AI34,AI38:AI38,AI43:AI43)=15,NOT(ISNUMBER(AI5))),"OK","NOT fully completed, pls.fill with L, M or 0") -> OK
C52: VERTICAL CHECKS | D52: 1995 | E52: =D52+1 -> 1996 | F52: =E52+1 -> 1997 | G52: =F52+1 -> 1998 | H52: =G52+1 -> 1999 | I52: =H52+1 -> 2000 | J52: =I52+1 -> 2001 | K52: =J52+1 -> 2002 | L52: =K52+1 -> 2003 | ... AI52: =AH52+1 -> 2026
C53: T2.WB.S1312+T2.FT.S1312+T2.ONFT.S1312+T2.D41DIF.S1312+T2.F8ASS.S1312+T2.F8LIA.S1312+ +T2.B9_OWB.S1312+T2.B9_OB.S1312+T2.OA.S1312= T2.B9.S1312 | D53: =IF(AND(D43="0",D8="0",D11="0",D20="0",D24="0",D26="0",D29="0",D33="0",D34="0",D38="0"),0,IF(AND(D43="L",D8="L",D11="L",D20="L",D24="L",D26="L",D29="L",D33="L",D34="L",D38="L"),"NC",IF(D43="M",0,D43)-IF(D8="M",0,D8)-IF(D11="M",0,D11)-IF(D20="M",0,D20)-IF(D24="M",0,D24)-IF(D26="M",0,D26)-IF(D29="M",0,D29)-IF(D33="M",0,D33)-IF(D34="M",0,D34)-IF(D38="M",0,D38))) -> 0 | E53: =IF(AND(E43="0",E8="0",E11="0",E20="0",E24="0",E26="0",E29="0",E33="0",E34="0",E38="0"),0,IF(AND(E43="L",E8="L",E11="L",E20="L",E24="L",E26="L",E29="L",E33="L",E34="L",E38="L"),"NC",IF(E43="M",0,E43)-IF(E8="M",0,E8)-IF(E11="M",0,E11)-IF(E20="M",0,E20)-IF(E24="M",0,E24)-IF(E26="M",0,E26)-IF(E29="M",0,E29)-IF(E33="M",0,E33)-IF(E34="M",0,E34)-IF(E38="M",0,E38))) -> 0 | F53: =IF(AND(F43="0",F8="0",F11="0",F20="0",F24="0",F26="0",F29="0",F33="0",F34="0",F38="0"),0,IF(AND(F43="L",F8="L",F11="L",F20="L",F24="L",F26="L",F29="L",F33="L",F34="L",F38="L"),"NC",IF(F43="M",0,F43)-IF(F8="M",0,F8)-IF(F11="M",0,F11)-IF(F20="M",0,F20)-IF(F24="M",0,F24)-IF(F26="M",0,F26)-IF(F29="M",0,F29)-IF(F33="M",0,F33)-IF(F34="M",0,F34)-IF(F38="M",0,F38))) -> 0 | G53: =IF(AND(G43="0",G8="0",G11="0",G20="0",G24="0",G26="0",G29="0",G33="0",G34="0",G38="0"),0,IF(AND(G43="L",G8="L",G11="L",G20="L",G24="L",G26="L",G29="L",G33="L",G34="L",G38="L"),"NC",IF(G43="M",0,G43)-IF(G8="M",0,G8)-IF(G11="M",0,G11)-IF(G20="M",0,G20)-IF(G24="M",0,G24)-IF(G26="M",0,G26)-IF(G29="M",0,G29)-IF(G33="M",0,G33)-IF(G34="M",0,G34)-IF(G38="M",0,G38))) -> 0 | H53: =IF(AND(H43="0",H8="0",H11="0",H20="0",H24="0",H26="0",H29="0",H33="0",H34="0",H38="0"),0,IF(AND(H43="L",H8="L",H11="L",H20="L",H24="L",H26="L",H29="L",H33="L",H34="L",H38="L"),"NC",IF(H43="M",0,H43)-IF(H8="M",0,H8)-IF(H11="M",0,H11)-IF(H20="M",0,H20)-IF(H24="M",0,H24)-IF(H26="M",0,H26)-IF(H29="M",0,H29)-IF(H33="M",0,H33)-IF(H34="M",0,H34)-IF(H38="M",0,H38))) -> 0 | I53: =IF(AND(I43="0",I8="0",I11="0",I20="0",I24="0",I26="0",I29="0",I33="0",I34="0",I38="0"),0,IF(AND(I43="L",I8="L",I11="L",I20="L",I24="L",I26="L",I29="L",I33="L",I34="L",I38="L"),"NC",IF(I43="M",0,I43)-IF(I8="M",0,I8)-IF(I11="M",0,I11)-IF(I20="M",0,I20)-IF(I24="M",0,I24)-IF(I26="M",0,I26)-IF(I29="M",0,I29)-IF(I33="M",0,I33)-IF(I34="M",0,I34)-IF(I38="M",0,I38))) -> 0 | J53: =IF(AND(J43="0",J8="0",J11="0",J20="0",J24="0",J26="0",J29="0",J33="0",J34="0",J38="0"),0,IF(AND(J43="L",J8="L",J11="L",J20="L",J24="L",J26="L",J29="L",J33="L",J34="L",J38="L"),"NC",IF(J43="M",0,J43)-IF(J8="M",0,J8)-IF(J11="M",0,J11)-IF(J20="M",0,J20)-IF(J24="M",0,J24)-IF(J26="M",0,J26)-IF(J29="M",0,J29)-IF(J33="M",0,J33)-IF(J34="M",0,J34)-IF(J38="M",0,J38))) -> 0 | K53: =IF(AND(K43="0",K8="0",K11="0",K20="0",K24="0",K26="0",K29="0",K33="0",K34="0",K38="0"),0,IF(AND(K43="L",K8="L",K11="L",K20="L",K24="L",K26="L",K29="L",K33="L",K34="L",K38="L"),"NC",IF(K43="M",0,K43)-IF(K8="M",0,K8)-IF(K11="M",0,K11)-IF(K20="M",0,K20)-IF(K24="M",0,K24)-IF(K26="M",0,K26)-IF(K29="M",0,K29)-IF(K33="M",0,K33)-IF(K34="M",0,K34)-IF(K38="M",0,K38))) -> 0 | ... AI53: =IF(AND(AI43="0",AI8="0",AI11="0",AI20="0",AI24="0",AI26="0",AI29="0",AI33="0",AI34="0",AI38="0"),0,IF(AND(AI43="L",AI8="L",AI11="L",AI20="L",AI24="L",AI26="L",AI29="L",AI33="L",AI34="L",AI38="L"),"NC",IF(AI43="M",0,AI43)-IF(AI8="M",0,AI8)-IF(AI11="M",0,AI11)-IF(AI20="M",0,AI20)-IF(AI24="M",0,AI24)-IF(AI26="M",0,AI26)-IF(AI29="M",0,AI29)-IF(AI33="M",0,AI33)-IF(AI34="M",0,AI34)-IF(AI38="M",0,AI38))) -> 0
C54: T2.FT.S1312=T2.F4.S1312+T2.F5.S1312+T2.OFT.S1312 | D54: =IF(AND(D11="0",D12="0",D13="0",D14="0"),0,IF(AND(D11="L",D12="L",D13="L",D14="L"),"NC",IF(D11="M",0,D11)-IF(D12="M",0,D12)-IF(D13="M",0,D13)-IF(D14="M",0,D14))) -> 0 | E54: =IF(AND(E11="0",E12="0",E13="0",E14="0"),0,IF(AND(E11="L",E12="L",E13="L",E14="L"),"NC",IF(E11="M",0,E11)-IF(E12="M",0,E12)-IF(E13="M",0,E13)-IF(E14="M",0,E14))) -> 0 | F54: =IF(AND(F11="0",F12="0",F13="0",F14="0"),0,IF(AND(F11="L",F12="L",F13="L",F14="L"),"NC",IF(F11="M",0,F11)-IF(F12="M",0,F12)-IF(F13="M",0,F13)-IF(F14="M",0,F14))) -> 0 | G54: =IF(AND(G11="0",G12="0",G13="0",G14="0"),0,IF(AND(G11="L",G12="L",G13="L",G14="L"),"NC",IF(G11="M",0,G11)-IF(G12="M",0,G12)-IF(G13="M",0,G13)-IF(G14="M",0,G14))) -> 0 | H54: =IF(AND(H11="0",H12="0",H13="0",H14="0"),0,IF(AND(H11="L",H12="L",H13="L",H14="L"),"NC",IF(H11="M",0,H11)-IF(H12="M",0,H12)-IF(H13="M",0,H13)-IF(H14="M",0,H14))) -> 0 | I54: =IF(AND(I11="0",I12="0",I13="0",I14="0"),0,IF(AND(I11="L",I12="L",I13="L",I14="L"),"NC",IF(I11="M",0,I11)-IF(I12="M",0,I12)-IF(I13="M",0,I13)-IF(I14="M",0,I14))) -> 0 | J54: =IF(AND(J11="0",J12="0",J13="0",J14="0"),0,IF(AND(J11="L",J12="L",J13="L",J14="L"),"NC",IF(J11="M",0,J11)-IF(J12="M",0,J12)-IF(J13="M",0,J13)-IF(J14="M",0,J14))) -> 0 | K54: =IF(AND(K11="0",K12="0",K13="0",K14="0"),0,IF(AND(K11="L",K12="L",K13="L",K14="L"),"NC",IF(K11="M",0,K11)-IF(K12="M",0,K12)-IF(K13="M",0,K13)-IF(K14="M",0,K14))) -> 0 | ... AI54: =IF(AND(AI11="0",AI12="0",AI13="0",AI14="0"),0,IF(AND(AI11="L",AI12="L",AI13="L",AI14="L"),"NC",IF(AI11="M",0,AI11)-IF(AI12="M",0,AI12)-IF(AI13="M",0,AI13)-IF(AI14="M",0,AI14))) -> 0
C55: T2.OA.S1312=T2.OA1.S1312+T2.OA2.S1312+T2.OA3.S1312 | D55: =IF(AND(D38="0",D39="0",D40="0",D41="0",D42="0"),0,IF(AND(D38="L",D39="L",D40="L",D41="L",D42="L"),"NC",D38-SUM(D39:D42))) -> 0 | E55: =IF(AND(E38="0",E39="0",E40="0",E41="0",E42="0"),0,IF(AND(E38="L",E39="L",E40="L",E41="L",E42="L"),"NC",E38-SUM(E39:E42))) -> 0 | F55: =IF(AND(F38="0",F39="0",F40="0",F41="0",F42="0"),0,IF(AND(F38="L",F39="L",F40="L",F41="L",F42="L"),"NC",F38-SUM(F39:F42))) -> 0 | G55: =IF(AND(G38="0",G39="0",G40="0",G41="0",G42="0"),0,IF(AND(G38="L",G39="L",G40="L",G41="L",G42="L"),"NC",G38-SUM(G39:G42))) -> 0 | H55: =IF(AND(H38="0",H39="0",H40="0",H41="0",H42="0"),0,IF(AND(H38="L",H39="L",H40="L",H41="L",H42="L"),"NC",H38-SUM(H39:H42))) -> 0 | I55: =IF(AND(I38="0",I39="0",I40="0",I41="0",I42="0"),0,IF(AND(I38="L",I39="L",I40="L",I41="L",I42="L"),"NC",I38-SUM(I39:I42))) -> 0 | J55: =IF(AND(J38="0",J39="0",J40="0",J41="0",J42="0"),0,IF(AND(J38="L",J39="L",J40="L",J41="L",J42="L"),"NC",J38-SUM(J39:J42))) -> 0 | K55: =IF(AND(K38="0",K39="0",K40="0",K41="0",K42="0"),0,IF(AND(K38="L",K39="L",K40="L",K41="L",K42="L"),"NC",K38-SUM(K39:K42))) -> 0 | ... AI55: =IF(AND(AI38="0",AI39="0",AI40="0",AI41="0",AI42="0"),0,IF(AND(AI38="L",AI39="L",AI40="L",AI41="L",AI42="L"),"NC",AI38-SUM(AI39:AI42))) -> 0
C56: HORIZONTAL CHECKS
C57: T1.B9.S1312= T2.B9.S1312 | D57: =IF(AND('Table 1'!E12="0",'Table 2B'!D43="0"),0,IF(AND('Table 1'!E12="L",'Table 2B'!D43="L"),"NC",IF('Table 1'!E12="M",0,'Table 1'!E12)-IF('Table 2B'!D43="M",0,'Table 2B'!D43))) -> 0 | E57: =IF(AND('Table 1'!F12="0",'Table 2B'!E43="0"),0,IF(AND('Table 1'!F12="L",'Table 2B'!E43="L"),"NC",IF('Table 1'!F12="M",0,'Table 1'!F12)-IF('Table 2B'!E43="M",0,'Table 2B'!E43))) -> 0 | F57: =IF(AND('Table 1'!G12="0",'Table 2B'!F43="0"),0,IF(AND('Table 1'!G12="L",'Table 2B'!F43="L"),"NC",IF('Table 1'!G12="M",0,'Table 1'!G12)-IF('Table 2B'!F43="M",0,'Table 2B'!F43))) -> 0 | G57: =IF(AND('Table 1'!H12="0",'Table 2B'!G43="0"),0,IF(AND('Table 1'!H12="L",'Table 2B'!G43="L"),"NC",IF('Table 1'!H12="M",0,'Table 1'!H12)-IF('Table 2B'!G43="M",0,'Table 2B'!G43))) -> 0 | H57: =IF(AND('Table 1'!I12="0",'Table 2B'!H43="0"),0,IF(AND('Table 1'!I12="L",'Table 2B'!H43="L"),"NC",IF('Table 1'!I12="M",0,'Table 1'!I12)-IF('Table 2B'!H43="M",0,'Table 2B'!H43))) -> 0 | I57: =IF(AND('Table 1'!J12="0",'Table 2B'!I43="0"),0,IF(AND('Table 1'!J12="L",'Table 2B'!I43="L"),"NC",IF('Table 1'!J12="M",0,'Table 1'!J12)-IF('Table 2B'!I43="M",0,'Table 2B'!I43))) -> 0 | J57: =IF(AND('Table 1'!K12="0",'Table 2B'!J43="0"),0,IF(AND('Table 1'!K12="L",'Table 2B'!J43="L"),"NC",IF('Table 1'!K12="M",0,'Table 1'!K12)-IF('Table 2B'!J43="M",0,'Table 2B'!J43))) -> 0 | K57: =IF(AND('Table 1'!L12="0",'Table 2B'!K43="0"),0,IF(AND('Table 1'!L12="L",'Table 2B'!K43="L"),"NC",IF('Table 1'!L12="M",0,'Table 1'!L12)-IF('Table 2B'!K43="M",0,'Table 2B'!K43))) -> 0 | ... AI57: =IF(AND('Table 1'!AJ12="0",'Table 2B'!AI43="0"),0,IF(AND('Table 1'!AJ12="L",'Table 2B'!AI43="L"),"NC",IF('Table 1'!AJ12="M",0,'Table 1'!AJ12)-IF('Table 2B'!AI43="M",0,'Table 2B'!AI43))) -> 0

Sheet Table 2C
C1: Table 2C: Provision of the data which explain the transition between the working balance and the local government surplus/ deficit | AM1: cash | AN1: Apr.2025 | AO1: 3 | AP1: 4 | AQ1: 5 | AR1: 6 | AS1: =AR1+1 -> 7 | AT1: =AS1+1 -> 8 | AU1: =AT1+1 -> 9 | AV1: =AU1+1 -> 10 | AW1: =AV1+1 -> 11 | AX1: =AW1+1 -> 12 | AY1: =AX1+1 -> 13 | AZ1: =AY1+1 -> 14 | ... BE1: =BD1+1 -> 19
AM2: accrual | AN2: =IF($AN$1='Cover page'!$N$2,0,1) -> 0
AM3: mixed
C4: ='Cover page'!E13 -> Member State: Hungary | D4: Year | AM4: other
A5: DATES | B5: SDMX series | C5: Data are in ...(millions of units of national currency) | D5: ='Table 1'!E5 -> 1995 | E5: =IF(VLOOKUP('Cover page'!$F$15,'Cover page'!$BD$1:$BF$15,3,FALSE)<D58+1,"",D58+1) -> 1996 | F5: =IF(VLOOKUP('Cover page'!$F$15,'Cover page'!$BD$1:$BF$15,3,FALSE)<E58+1,"",E58+1) -> 1997 | G5: =IF(VLOOKUP('Cover page'!$F$15,'Cover page'!$BD$1:$BF$15,3,FALSE)<F58+1,"",F58+1) -> 1998 | H5: =IF(VLOOKUP('Cover page'!$F$15,'Cover page'!$BD$1:$BF$15,3,FALSE)<G58+1,"",G58+1) -> 1999 | I5: =IF(VLOOKUP('Cover page'!$F$15,'Cover page'!$BD$1:$BF$15,3,FALSE)<H58+1,"",H58+1) -> 2000 | J5: =IF(VLOOKUP('Cover page'!$F$15,'Cover page'!$BD$1:$BF$15,3,FALSE)<I58+1,"",I58+1) -> 2001 | K5: =IF(VLOOKUP('Cover page'!$F$15,'Cover page'!$BD$1:$BF$15,3,FALSE)<J58+1,"",J58+1) -> 2002 | L5: =IF(VLOOKUP('Cover page'!$F$15,'Cover page'!$BD$1:$BF$15,3,FALSE)<K58+1,"",K58+1) -> 2003 | ... AI5: =IF(VLOOKUP('Cover page'!$F$15,'Cover page'!$BD$1:$BF$15,3,FALSE)<AH58+1,"",AH58+1)
C6: ='Cover page'!E14 -> Date: 10/10/2025
A8: T2.WB.S1313 | B8: A.N.@@._Z.S1313._Z._Z.B.ORWB._Z.T._Z.XDC._T.S.V.N._T.EDP2 | C8: Working balance in local government accounts | D8: -4063 | E8: 22988 | F8: 4814 | G8: -8769 | H8: 22993 | I8: 4970 | J8: 1291 | K8: -104968 | L8: -31671 | M8: -16464 | N8: -81375 | O8: -156510 | P8: -53858 | Q8: 15566 | R8: -82537 | S8: -231989 | T8: 141614 | U8: 90339 | V8: 114817 | W8: 89510.4 | X8: 13554.4 | Y8: 284790.1 | Z8: 518929.8 | AA8: 249451 | AB8: -76334 | AC8: -111204 | BM8: =CountryCode & ".T2.WB.S1313.MNAC." & RefVintage -> HU.T2.WB.S1313.MNAC.S.2025
C9: Basis of the working balance | D9: cash | E9: cash | F9: cash | G9: cash | H9: cash | I9: cash | J9: cash | K9: cash | L9: cash | M9: cash | N9: cash | O9: cash | P9: cash | Q9: cash | R9: cash | S9: cash | T9: cash | U9: cash | V9: cash | W9: cash | X9: cash | Y9: cash | Z9: cash | AA9: cash | AB9: cash | AC9: cash | AD9: (1) | AE9: (1) | AF9: (1) | AG9: (1) | AH9: (1) | AI9: (1)
D10: =IFERROR(VLOOKUP(D9,StatusTable,2,FALSE), -1) -> 10 | E10: =IFERROR(VLOOKUP(E9,StatusTable,2,FALSE), -1) -> 10 | F10: =IFERROR(VLOOKUP(F9,StatusTable,2,FALSE), -1) -> 10 | G10: =IFERROR(VLOOKUP(G9,StatusTable,2,FALSE), -1) -> 10 | H10: =IFERROR(VLOOKUP(H9,StatusTable,2,FALSE), -1) -> 10 | I10: =IFERROR(VLOOKUP(I9,StatusTable,2,FALSE), -1) -> 10 | J10: =IFERROR(VLOOKUP(J9,StatusTable,2,FALSE), -1) -> 10 | K10: =IFERROR(VLOOKUP(K9,StatusTable,2,FALSE), -1) -> 10 | ... AC10: =IFERROR(VLOOKUP(AC9,StatusTable,2,FALSE), -1) -> 10 | BM10: =CountryCode & ".T2.WB_STATUS.S1313.MNAC." & RefVintage -> HU.T2.WB_STATUS.S1313.MNAC.S.2025
A11: T2.FT.S1313 | B11: A.N.@@._Z.S1313._Z._Z.B.F.F.T._Z.XDC._T.S.V.N._T.EDP2 | C11: Financial transactions included in the working balance | D11: -8533 | E11: -5007 | F11: -19093 | G11: -14460 | H11: -14539 | I11: -19235 | J11: -913 | K11: -12803 | L11: -8658 | M11: -7754 | N11: -16985 | O11: -10839 | P11: -25311 | Q11: -16580 | R11: -1019 | S11: 621 | T11: -26302 | U11: 25125 | V11: 8407 | W11: -46790.97 | X11: -6172.7145 | Y11: -11170.097 | Z11: -11314.474 | AA11: -17617 | AB11: -2680 | AC11: -6473.76 | BM11: =CountryCode & ".T2.FT.S1313.MNAC." & RefVintage -> HU.T2.FT.S1313.MNAC.S.2025
A12: T2.F4.S1313 | B12: A.N.@@._Z.S1313._Z.N.A.F.F4.T._Z.XDC._T.S.V.N._T.EDP2 | C12: Loans (+/-) | D12: 32879 | E12: 33231 | F12: 35835 | G12: -12362 | H12: -6264 | I12: -5015 | J12: -3188 | K12: -8254 | L12: -7970 | M12: -5101 | N12: -6194 | O12: -5430 | P12: -6547 | Q12: -7434 | R12: -4609 | S12: -1982 | T12: -3140 | U12: 12039 | V12: -1710 | W12: -3192 | X12: -8352.332 | Y12: -7208.0402 | Z12: -22482.775 | AA12: -8391 | AB12: -1763 | AC12: -2305 | BM12: =CountryCode & ".T2.F4.S1313.MNAC." & RefVintage -> HU.T2.F4.S1313.MNAC.S.2025
A13: T2.F5.S1313 | B13: A.N.@@._Z.S1313._Z.N.A.F.F5.T._Z.XDC._T.S.V.N._T.EDP2 | C13: Equities (+/-) | D13: -18343 | E13: -20844 | F13: -71207 | G13: 561 | H13: -11680 | I13: -20781 | J13: 738 | K13: -5817 | L13: 1463 | M13: -3914 | N13: -10633 | O13: -7711 | P13: -18207 | Q13: -16270 | R13: 3017 | S13: 1476 | T13: 2360 | U13: 4669 | V13: 8119 | W13: -42401.97 | X13: -952.2955 | Y13: -4922.4968 | Z13: 13095.687 | AA13: -2911 | AB13: 3725 | AC13: -2082.76 | BM13: =CountryCode & ".T2.F5.S1313.MNAC." & RefVintage -> HU.T2.F5.S1313.MNAC.S.2025
A14: T2.OFT.S1313 | B14: A.N.@@._Z.S1313._Z._Z.N.F.FNDX.T._Z.XDC._T.S.V.N._T.EDP2 | C14: Other financial transactions (+/-) | D14: -23069 | E14: -17394 | F14: 16279 | G14: -2659 | H14: 3405 | I14: 6561 | J14: 1537 | K14: 1268 | L14: -2151 | M14: 1261 | N14: -158 | O14: 2302 | P14: -557 | Q14: 7124 | R14: 573 | S14: 1127 | T14: -25522 | U14: 8417 | V14: 1998 | W14: -1197 | X14: 3131.913 | Y14: 960.43999 | Z14: -1927.3862 | AA14: -6315 | AB14: -4642 | AC14: -2086 | BM14: =CountryCode & ".T2.OFT.S1313.MNAC." & RefVintage -> HU.T2.OFT.S1313.MNAC.S.2025
A15: T2.OFTDL.S1313 | B15: A.N.@@._Z.S1313._Z._Z.L.F.FNDL.T._Z.XDC._T.S.V.N._T.EDP2 | C15: of which: transactions in debt liabilities (+/-) | D15: L | E15: L | F15: L | G15: L | H15: L | I15: L | J15: L | K15: L | L15: L | M15: L | N15: L | O15: L | P15: L | Q15: 0 | R15: 0 | S15: 0 | T15: 0 | U15: 0 | V15: 0 | W15: 0 | X15: 0 | Y15: 0 | Z15: 0 | AA15: 0 | AB15: 0 | AC15: 0 | BM15: =CountryCode & ".T2.OFTDL.S1313.MNAC." & RefVintage -> HU.T2.OFTDL.S1313.MNAC.S.2025
A16: T2.F71K.S1313 | B16: A.N.@@._Z.S1313._Z._Z.N.F.F71K.T._Z.XDC._T.S.V.N._T.EDP2 | C16: of which: net settlements under swap contracts (+/-) | D16: M | E16: M | F16: M | G16: M | H16: M | I16: M | J16: M | K16: M | L16: M | M16: M | N16: M | O16: M | P16: M | Q16: M | R16: M | S16: M | T16: M | U16: M | V16: M | W16: M | X16: M | Y16: M | Z16: M | AA16: M | AB16: M | AC16: M | BM16: =CountryCode & ".T2.F71K.S1313.MNAC." & RefVintage -> HU.T2.F71K.S1313.MNAC.S.2025
A17: T2.OFT1.S1313 | B17: A.N.@@._Z.S1313._Z._Z.N.F.FNDX.T._Z.XDC._T.S.V.N.C01.EDP2 | C17: Detail 1 | E17: -17929 | F17: 15950 | BM17: =CountryCode & ".T2.OFT1.S1313.MNAC." & RefVintage -> HU.T2.OFT1.S1313.MNAC.S.2025
A18: T2.OFT2.S1313 | B18: A.N.@@._Z.S1313._Z._Z.N.F.FNDX.T._Z.XDC._T.S.V.N.C02.EDP2 | C18: Detail 2 | BM18: =CountryCode & ".T2.OFT2.S1313.MNAC." & RefVintage -> HU.T2.OFT2.S1313.MNAC.S.2025
A20: T2.ONFT.S1313 | B20: A.N.@@._Z.S1313._Z._Z.B.ORNF._Z.T._Z.XDC._T.S.V.N._T.EDP2 | C20: Non-financial transactions not included in the working balance | D20: M | E20: M | F20: M | G20: M | H20: M | I20: M | J20: M | K20: M | L20: M | M20: M | N20: M | O20: M | P20: M | Q20: M | R20: M | S20: M | T20: M | U20: M | V20: M | W20: M | X20: 50.263 | Y20: 192.09666 | Z20: 0 | AA20: 0 | AB20: M | AC20: M | BM20: =CountryCode & ".T2.ONFT.S1313.MNAC." & RefVintage -> HU.T2.ONFT.S1313.MNAC.S.2025
A21: T2.ONFT1.S1313 | B21: A.N.@@._Z.S1313._Z._Z.B.ORNF._Z.T._Z.XDC._T.S.V.N.C01.EDP2 | C21: Detail 1 | X21: 50.263 | Y21: 192.09666 | Z21: 0 | AA21: 0 | AB21: M | AC21: M | BM21: =CountryCode & ".T2.ONFT1.S1313.MNAC." & RefVintage -> HU.T2.ONFT1.S1313.MNAC.S.2025
A22: T2.ONFT2.S1313 | B22: A.N.@@._Z.S1313._Z._Z.B.ORNF._Z.T._Z.XDC._T.S.V.N.C02.EDP2 | C22: Detail 2 | BM22: =CountryCode & ".T2.ONFT2.S1313.MNAC." & RefVintage -> HU.T2.ONFT2.S1313.MNAC.S.2025
A24: T2.D41DIF.S1313 | B24: A.N.@@._Z.S1313._Z._Z.B.ORD41A._Z.T._Z.XDC._T.S.V.N._T.EDP2 | C24: Difference between interest paid (+) and accrued (D.41)(-) | D24: 0 | E24: 0 | F24: 0 | G24: 0 | H24: 0 | I24: 0 | J24: 262 | K24: 202 | L24: -461 | M24: 463 | N24: -255 | O24: -1094 | P24: -860 | Q24: -1795 | R24: 0 | S24: 0 | T24: 0 | U24: 0 | V24: 0 | W24: 0 | X24: 0 | Y24: 0 | Z24: 0 | AA24: 0 | AB24: 0 | AC24: 0 | BM24: =CountryCode & ".T2.D41DIF.S1313.MNAC." & RefVintage -> HU.T2.D41DIF.S1313.MNAC.S.2025
A26: T2.F8ASS.S1313 | B26: A.N.@@._Z.S1313._Z._Z.A.F.F8.T._Z.XDC._T.S.V.N._T.EDP2 | C26: Other accounts receivable (+) | D26: 0 | E26: 0 | F26: 0 | G26: 0 | H26: 0 | I26: 0 | J26: 0 | K26: -420 | L26: 1858 | M26: 2651 | N26: 3178 | O26: 574 | P26: 903 | Q26: -23335 | R26: -1484 | S26: 5423 | T26: 4667 | U26: 2877 | V26: 12910 | W26: -9336 | X26: 9951.087 | Y26: -172677.52 | Z26: -472727.19 | AA26: -197614 | AB26: 61397 | AC26: 126911 | BM26: =CountryCode & ".T2.F8ASS.S1313.MNAC." & RefVintage -> HU.T2.F8ASS.S1313.MNAC.S.2025
C27: Relates to D.2 | AC27: 25964
A28: T2.F8ASS1.S1313 | B28: A.N.@@._Z.S1313._Z._Z.A.F.F8.T._Z.XDC._T.S.V.N.C01.EDP2 | C28: Relates to P.11 and P. 131 | K28: -420 | L28: 1858 | M28: 2651 | N28: 3178 | O28: 574 | P28: 903 | Q28: 826 | R28: -674 | S28: 2702 | T28: -902 | U28: 1712 | V28: 11911 | W28: -9901 | X28: 10599 | Y28: -125 | Z28: 568 | AA28: 1790 | AB28: 12044 | AC28: -6744 | BM28: =CountryCode & ".T2.F8ASS1.S1313.MNAC." & RefVintage -> HU.T2.F8ASS1.S1313.MNAC.S.2025
C29: Relates to consolidation | Q29: -24161 | R29: -810 | S29: 2721 | T29: 5569 | U29: 1165 | V29: 999 | W29: 565 | X29: -647.913 | Y29: -14586.515 | Z29: 2527.8077 | AA29: 267 | AB29: -52 | AC29: 1029
A30: T2.F8ASS2.S1313 | B30: A.N.@@._Z.S1313._Z._Z.A.F.F8.T._Z.XDC._T.S.V.N.C02.EDP2 | C30: Relates to EU transfer advances from Central Government | Y30: -157966 | Z30: -475823 | AA30: -199671 | AB30: 49405 | AC30: 106662 | BM30: =CountryCode & ".T2.F8ASS2.S1313.MNAC." & RefVintage -> HU.T2.F8ASS2.S1313.MNAC.S.2025
A31: T2.F8LIA.S1313 | B31: A.N.@@._Z.S1313._Z._Z.L.F.F8.T._Z.XDC._T.S.V.N._T.EDP2 | C31: Other accounts payable (-) | D31: -6702 | E31: -3710 | F31: 6318 | G31: -12305 | H31: -12322 | I31: -27432 | J31: -25728 | K31: -47515 | L31: -2138 | M31: -42024 | N31: -29789.615 | O31: -28482 | P31: 54051 | Q31: 40249 | R31: -18674 | S31: -13247 | T31: -10456 | U31: 31514 | V31: 18457 | W31: 8393.75 | X31: 41547 | Y31: -2533.612 | Z31: -11215.98 | AA31: -9987 | AB31: -11735 | AC31: 16185.617 | BM31: =CountryCode & ".T2.F8LIA.S1313.MNAC." & RefVintage -> HU.T2.F8LIA.S1313.MNAC.S.2025
A32: T2.F8LIA1.S1313 | B32: A.N.@@._Z.S1313._Z._Z.L.F.F8.T._Z.XDC._T.S.V.N.C01.EDP2 | C32: Relates to P.2 | D32: 0 | E32: 0 | F32: 0 | G32: 0 | H32: 0 | I32: 0 | J32: -54 | K32: 488 | L32: -4440 | M32: -4468 | N32: -9910 | O32: -8902 | P32: 4603 | Q32: 7346 | R32: -16444 | S32: -11047 | T32: -3836 | U32: 15065 | V32: 962 | W32: 12893 | X32: -10980 | Y32: 8922 | Z32: -31989 | AA32: 9805 | AB32: -4016 | AC32: 604.56726 | BM32: =CountryCode & ".T2.F8LIA1.S1313.MNAC." & RefVintage -> HU.T2.F8LIA1.S1313.MNAC.S.2025
C33: Relates to D.1 | D33: 0 | E33: 0 | F33: 0 | G33: 0 | H33: 0 | I33: -10219 | J33: -38961 | K33: -31927 | L33: 1175 | M33: -25503 | N33: -10923 | O33: -616 | P33: 43202 | Q33: 33021 | R33: -4944 | S33: 14 | T33: -2608 | U33: 20837 | V33: 26377 | W33: -3696 | X33: -8177 | Y33: -3049 | Z33: -1673 | AA33: -4362 | AB33: -3779 | AC33: 7081
C34: Relates to D.62, D.63 | U34: -7 | V34: -2250 | W34: -2706.25 | X34: 0 | Y34: 0 | Z34: 0 | AA34: 0 | AB34: 0 | AC34: 0
A35: T2.F8LIA2.S1313 | B35: A.N.@@._Z.S1313._Z._Z.L.F.F8.T._Z.XDC._T.S.V.N.C02.EDP2 | C35: Relates to P.51 | P35: 0 | Q35: -118 | R35: 2714 | S35: -2214 | T35: -4012 | U35: -4381 | V35: -6632 | W35: 1903 | X35: 60704 | Y35: -8406.612 | Z35: 22446.02 | AA35: -15430 | AB35: -3940 | AC35: 8500.0498 | BM35: =CountryCode & ".T2.F8LIA2.S1313.MNAC." & RefVintage -> HU.T2.F8LIA2.S1313.MNAC.S.2025
A37: T2.B9_OWB.S1313 | B37: A.N.@@._Z.S1313._Z._Z.B.ORWB_E._Z.T._Z.XDC._T.S.V.N._T.EDP2 | C37: Working balance (+/-) of entities not part of local government | D37: M | E37: M | F37: M | G37: M | H37: M | I37: M | J37: M | K37: M | L37: M | M37: M | N37: M | O37: M | P37: M | Q37: M | R37: M | S37: M | T37: M | U37: M | V37: M | W37: M | X37: M | Y37: M | Z37: M | AA37: M | AB37: M | AC37: M | BM37: =CountryCode & ".T2.B9_OWB.S1313.MNAC." & RefVintage -> HU.T2.B9_OWB.S1313.MNAC.S.2025
A38: T2.B9_OB.S1313 | B38: A.N.@@._Z.S13132._Z._Z.B.B9._Z._Z._Z.XDC._T.S.V.N._T.EDP2 | C38: Net lending (+)/ net borrowing (-) of other local government bodies | D38: M | E38: M | F38: M | G38: M | H38: M | I38: M | J38: M | K38: M | L38: M | M38: M | N38: M | O38: M | P38: -297 | Q38: -1560 | R38: -3371 | S38: 4982 | T38: 112 | U38: -11299 | V38: 2451 | W38: -2821.607 | X38: -2919 | Y38: 1692 | Z38: -5712 | AA38: 5714 | AB38: -13637.258 | AC38: 25784.173 | BM38: =CountryCode & ".T2.B9_OB.S1313.MNAC." & RefVintage -> HU.T2.B9_OB.S1313.MNAC.S.2025
A39: T2.B9_OB1.S1313 | B39: A.N.@@._Z.S13132._Z._Z.B.B9._Z._Z._Z.XDC._T.S.V.N.C01.EDP2 | C39: Corporations classified into Local Government | P39: -297 | Q39: 118 | R39: -197 | S39: -633 | T39: 24 | U39: -37 | V39: -400 | W39: -1042.607 | X39: -834 | Y39: 1890 | Z39: -5950 | AA39: 6168 | AB39: -13503.518 | AC39: 26028.173 | BM39: =CountryCode & ".T2.B9_OB1.S1313.MNAC." & RefVintage -> HU.T2.B9_OB1.S1313.MNAC.S.2025
A40: T2.B9_OB2.S1313 | B40: A.N.@@._Z.S13132._Z._Z.B.B9._Z._Z._Z.XDC._T.S.V.N.C02.EDP2 | C40: Non-profit institutions classified into Local Government | Q40: -1678 | R40: -3174 | S40: 5615 | T40: 88 | U40: -11262 | V40: 2851 | W40: -1779 | X40: -2085 | Y40: -198 | Z40: 238 | AA40: -454 | AB40: -133.74017 | AC40: -244 | BM40: =CountryCode & ".T2.B9_OB2.S1313.MNAC." & RefVintage -> HU.T2.B9_OB2.S1313.MNAC.S.2025
A42: T2.OA.S1313 | B42: A.N.@@._Z.S1313._Z._Z._X.OROA._Z.T._Z.XDC._T.S.V.N._T.EDP2 | C42: Other adjustments (+/-) (please detail) | D42: 27095 | E42: 12705 | F42: 6153 | G42: 4501 | H42: 4120 | I42: 5852 | J42: 42618 | K42: 15944 | L42: 11798 | M42: 4201 | N42: 4617 | O42: 4686 | P42: -3389 | Q42: 5801 | R42: 3740 | S42: 3191 | T42: 60346 | U42: 1144 | V42: 594354 | W42: 402898.25 | X42: 1535 | Y42: 2884 | Z42: 2578 | AA42: 0 | AB42: 0 | AC42: 0 | BM42: =CountryCode & ".T2.OA.S1313.MNAC." & RefVintage -> HU.T2.OA.S1313.MNAC.S.2025
A43: T2.OA1.S1313 | B43: A.N.@@._Z.S1313._Z._Z._X.OROA._Z.T._Z.XDC._T.S.V.N.C01.EDP2 | C43: Deposit account arrangements | J43: 4028 | K43: 9289 | BM43: =CountryCode & ".T2.OA1.S1313.MNAC." & RefVintage -> HU.T2.OA1.S1313.MNAC.S.2025
A44: T2.OA2.S1313 | B44: A.N.@@._Z.S1313._Z._Z._X.OROA._Z.T._Z.XDC._T.S.V.N.C02.EDP2 | C44: Government bonds granted in kind, treated as D99 capital transfer, received | J44: 30266 | L44: 7870 | Q44: 0 | BM44: =CountryCode & ".T2.OA2.S1313.MNAC." & RefVintage -> HU.T2.OA2.S1313.MNAC.S.2025
C45: Imputed dwelling privatisation financed by loan | D45: 27095 | E45: 12705 | F45: 6153 | G45: 4501 | H45: 4120 | I45: 5852 | J45: 8324 | K45: 6655 | L45: 3928 | M45: 4201 | N45: 4617 | O45: 4686 | P45: 3561 | Q45: 5801 | R45: 3740 | S45: 3191 | T45: 1329 | U45: 1144 | V45: 1790 | W45: 1419.25 | X45: 1535 | Y45: 2884 | Z45: 2578 | AA45: 0
C46: Free transfer of equities to State Privatization Co. | P46: -6950
A47: T2.OA3.S1313 | B47: A.N.@@._Z.S1313._Z._Z._X.OROA._Z.T._Z.XDC._T.S.V.N.C03.EDP2 | C47: Debt assumption by the State | T47: 59017 | V47: 592564 | W47: 401479 | BM47: =CountryCode & ".T2.OA3.S1313.MNAC." & RefVintage -> HU.T2.OA3.S1313.MNAC.S.2025
A49: T2.B9.S1313 | B49: A.N.@@._Z.S1313._Z._Z.B.B9._Z._Z._Z.XDC._T.S.V.N._T.EDP2 | C49: Net lending (+)/ net borrowing (-) (B.9) of local government (S.1313) | D49: 7797 | E49: 26976 | F49: -1808 | G49: -31033 | H49: 252 | I49: -35845 | J49: 17530 | K49: -149560 | L49: -29272 | M49: -58927 | N49: -120609.62 | O49: -191665 | P49: -28761 | Q49: 18346 | R49: -103345 | S49: -231019 | T49: 169981 | U49: 139700 | V49: 751396 | W49: 441853.82 | X49: 57546.036 | Y49: 103176.97 | Z49: 20538.153 | AA49: 29947 | AB49: -42989.258 | AC49: 51203.03 | BM49: =CountryCode & ".T2.B9.S1313.MNAC." & RefVintage -> HU.T2.B9.S1313.MNAC.S.2025
C50: (ESA 2010 accounts)
C52: (1) Please indicate accounting basis of the working balance: cash, accrual, mixed, other.
C53: Note: Member States can adapt tables 2A, B, C and D to their national specificity according to the established practice
C57: COVERAGE | D57: =IF(OR(COUNTA(D8:D8,D11:D16,D20:D20,D24:D24,D26:D26,D31:D31,D37:D38,D42:D42,D49:D49)=15,NOT(ISNUMBER(D5))),"OK","NOT fully completed, pls.fill with L, M or 0") -> OK | E57: =IF(OR(COUNTA(E8:E8,E11:E16,E20:E20,E24:E24,E26:E26,E31:E31,E37:E38,E42:E42,E49:E49)=15,NOT(ISNUMBER(E5))),"OK","NOT fully completed, pls.fill with L, M or 0") -> OK | F57: =IF(OR(COUNTA(F8:F8,F11:F16,F20:F20,F24:F24,F26:F26,F31:F31,F37:F38,F42:F42,F49:F49)=15,NOT(ISNUMBER(F5))),"OK","NOT fully completed, pls.fill with L, M or 0") -> OK | G57: =IF(OR(COUNTA(G8:G8,G11:G16,G20:G20,G24:G24,G26:G26,G31:G31,G37:G38,G42:G42,G49:G49)=15,NOT(ISNUMBER(G5))),"OK","NOT fully completed, pls.fill with L, M or 0") -> OK | H57: =IF(OR(COUNTA(H8:H8,H11:H16,H20:H20,H24:H24,H26:H26,H31:H31,H37:H38,H42:H42,H49:H49)=15,NOT(ISNUMBER(H5))),"OK","NOT fully completed, pls.fill with L, M or 0") -> OK | I57: =IF(OR(COUNTA(I8:I8,I11:I16,I20:I20,I24:I24,I26:I26,I31:I31,I37:I38,I42:I42,I49:I49)=15,NOT(ISNUMBER(I5))),"OK","NOT fully completed, pls.fill with L, M or 0") -> OK | J57: =IF(OR(COUNTA(J8:J8,J11:J16,J20:J20,J24:J24,J26:J26,J31:J31,J37:J38,J42:J42,J49:J49)=15,NOT(ISNUMBER(J5))),"OK","NOT fully completed, pls.fill with L, M or 0") -> OK | K57: =IF(OR(COUNTA(K8:K8,K11:K16,K20:K20,K24:K24,K26:K26,K31:K31,K37:K38,K42:K42,K49:K49)=15,NOT(ISNUMBER(K5))),"OK","NOT fully completed, pls.fill with L, M or 0") -> OK | ... AI57: =IF(OR(COUNTA(AI8:AI8,AI11:AI16,AI20:AI20,AI24:AI24,AI26:AI26,AI31:AI31,AI37:AI38,AI42:AI42,AI49:AI49)=15,NOT(ISNUMBER(AI5))),"OK","NOT fully completed, pls.fill with L, M or 0") -> OK
C58: VERTICAL CHECKS | D58: 1995 | E58: =D58+1 -> 1996 | F58: =E58+1 -> 1997 | G58: =F58+1 -> 1998 | H58: =G58+1 -> 1999 | I58: =H58+1 -> 2000 | J58: =I58+1 -> 2001 | K58: =J58+1 -> 2002 | L58: =K58+1 -> 2003 | ... AI58: =AH58+1 -> 2026
C59: T2.WB.S1313+T2.FT.S1313+T2.ONFT.S1313+T2.D41DIF.S1313+T2.F8ASS.S1313+T2.F8LIA.S1313+ +T2.B9_OWB.S1313+T2.B9_OB.S1313+T2.OA.S1313= T2.B9.S1313 | D59: =IF(AND(D49="0",D8="0",D11="0",D20="0",D24="0",D26="0",D31="0",D37="0",D38="0",D42="0"),0,IF(AND(D49="L",D8="L",D11="L",D20="L",D24="L",D26="L",D31="L",D37="L",D38="L",D42="L"),"NC",IF(D49="M",0,D49)-IF(D8="M",0,D8)-IF(D11="M",0,D11)-IF(D20="M",0,D20)-IF(D24="M",0,D24)-IF(D26="M",0,D26)-IF(D31="M",0,D31)-IF(D37="M",0,D37)-IF(D38="M",0,D38)-IF(D42="M",0,D42))) -> 0 | E59: =IF(AND(E49="0",E8="0",E11="0",E20="0",E24="0",E26="0",E31="0",E37="0",E38="0",E42="0"),0,IF(AND(E49="L",E8="L",E11="L",E20="L",E24="L",E26="L",E31="L",E37="L",E38="L",E42="L"),"NC",IF(E49="M",0,E49)-IF(E8="M",0,E8)-IF(E11="M",0,E11)-IF(E20="M",0,E20)-IF(E24="M",0,E24)-IF(E26="M",0,E26)-IF(E31="M",0,E31)-IF(E37="M",0,E37)-IF(E38="M",0,E38)-IF(E42="M",0,E42))) -> 0 | F59: =IF(AND(F49="0",F8="0",F11="0",F20="0",F24="0",F26="0",F31="0",F37="0",F38="0",F42="0"),0,IF(AND(F49="L",F8="L",F11="L",F20="L",F24="L",F26="L",F31="L",F37="L",F38="L",F42="L"),"NC",IF(F49="M",0,F49)-IF(F8="M",0,F8)-IF(F11="M",0,F11)-IF(F20="M",0,F20)-IF(F24="M",0,F24)-IF(F26="M",0,F26)-IF(F31="M",0,F31)-IF(F37="M",0,F37)-IF(F38="M",0,F38)-IF(F42="M",0,F42))) -> 0 | G59: =IF(AND(G49="0",G8="0",G11="0",G20="0",G24="0",G26="0",G31="0",G37="0",G38="0",G42="0"),0,IF(AND(G49="L",G8="L",G11="L",G20="L",G24="L",G26="L",G31="L",G37="L",G38="L",G42="L"),"NC",IF(G49="M",0,G49)-IF(G8="M",0,G8)-IF(G11="M",0,G11)-IF(G20="M",0,G20)-IF(G24="M",0,G24)-IF(G26="M",0,G26)-IF(G31="M",0,G31)-IF(G37="M",0,G37)-IF(G38="M",0,G38)-IF(G42="M",0,G42))) -> 0 | H59: =IF(AND(H49="0",H8="0",H11="0",H20="0",H24="0",H26="0",H31="0",H37="0",H38="0",H42="0"),0,IF(AND(H49="L",H8="L",H11="L",H20="L",H24="L",H26="L",H31="L",H37="L",H38="L",H42="L"),"NC",IF(H49="M",0,H49)-IF(H8="M",0,H8)-IF(H11="M",0,H11)-IF(H20="M",0,H20)-IF(H24="M",0,H24)-IF(H26="M",0,H26)-IF(H31="M",0,H31)-IF(H37="M",0,H37)-IF(H38="M",0,H38)-IF(H42="M",0,H42))) -> 0 | I59: =IF(AND(I49="0",I8="0",I11="0",I20="0",I24="0",I26="0",I31="0",I37="0",I38="0",I42="0"),0,IF(AND(I49="L",I8="L",I11="L",I20="L",I24="L",I26="L",I31="L",I37="L",I38="L",I42="L"),"NC",IF(I49="M",0,I49)-IF(I8="M",0,I8)-IF(I11="M",0,I11)-IF(I20="M",0,I20)-IF(I24="M",0,I24)-IF(I26="M",0,I26)-IF(I31="M",0,I31)-IF(I37="M",0,I37)-IF(I38="M",0,I38)-IF(I42="M",0,I42))) -> 0 | J59: =IF(AND(J49="0",J8="0",J11="0",J20="0",J24="0",J26="0",J31="0",J37="0",J38="0",J42="0"),0,IF(AND(J49="L",J8="L",J11="L",J20="L",J24="L",J26="L",J31="L",J37="L",J38="L",J42="L"),"NC",IF(J49="M",0,J49)-IF(J8="M",0,J8)-IF(J11="M",0,J11)-IF(J20="M",0,J20)-IF(J24="M",0,J24)-IF(J26="M",0,J26)-IF(J31="M",0,J31)-IF(J37="M",0,J37)-IF(J38="M",0,J38)-IF(J42="M",0,J42))) -> 0 | K59: =IF(AND(K49="0",K8="0",K11="0",K20="0",K24="0",K26="0",K31="0",K37="0",K38="0",K42="0"),0,IF(AND(K49="L",K8="L",K11="L",K20="L",K24="L",K26="L",K31="L",K37="L",K38="L",K42="L"),"NC",IF(K49="M",0,K49)-IF(K8="M",0,K8)-IF(K11="M",0,K11)-IF(K20="M",0,K20)-IF(K24="M",0,K24)-IF(K26="M",0,K26)-IF(K31="M",0,K31)-IF(K37="M",0,K37)-IF(K38="M",0,K38)-IF(K42="M",0,K42))) -> 0 | ... AI59: =IF(AND(AI49="0",AI8="0",AI11="0",AI20="0",AI24="0",AI26="0",AI31="0",AI37="0",AI38="0",AI42="0"),0,IF(AND(AI49="L",AI8="L",AI11="L",AI20="L",AI24="L",AI26="L",AI31="L",AI37="L",AI38="L",AI42="L"),"NC",IF(AI49="M",0,AI49)-IF(AI8="M",0,AI8)-IF(AI11="M",0,AI11)-IF(AI20="M",0,AI20)-IF(AI24="M",0,AI24)-IF(AI26="M",0,AI26)-IF(AI31="M",0,AI31)-IF(AI37="M",0,AI37)-IF(AI38="M",0,AI38)-IF(AI42="M",0,AI42))) -> 0
C60: T2.FT.S1313=T2.F4.S1313+T2.F5.S1313+T2.OFT.S1313 | D60: =IF(AND(D11="0",D12="0",D13="0",D14="0"),0,IF(AND(D11="L",D12="L",D13="L",D14="L"),"NC",IF(D11="M",0,D11)-IF(D12="M",0,D12)-IF(D13="M",0,D13)-IF(D14="M",0,D14))) -> 0 | E60: =IF(AND(E11="0",E12="0",E13="0",E14="0"),0,IF(AND(E11="L",E12="L",E13="L",E14="L"),"NC",IF(E11="M",0,E11)-IF(E12="M",0,E12)-IF(E13="M",0,E13)-IF(E14="M",0,E14))) -> 0 | F60: =IF(AND(F11="0",F12="0",F13="0",F14="0"),0,IF(AND(F11="L",F12="L",F13="L",F14="L"),"NC",IF(F11="M",0,F11)-IF(F12="M",0,F12)-IF(F13="M",0,F13)-IF(F14="M",0,F14))) -> 0 | G60: =IF(AND(G11="0",G12="0",G13="0",G14="0"),0,IF(AND(G11="L",G12="L",G13="L",G14="L"),"NC",IF(G11="M",0,G11)-IF(G12="M",0,G12)-IF(G13="M",0,G13)-IF(G14="M",0,G14))) -> 0 | H60: =IF(AND(H11="0",H12="0",H13="0",H14="0"),0,IF(AND(H11="L",H12="L",H13="L",H14="L"),"NC",IF(H11="M",0,H11)-IF(H12="M",0,H12)-IF(H13="M",0,H13)-IF(H14="M",0,H14))) -> 0 | I60: =IF(AND(I11="0",I12="0",I13="0",I14="0"),0,IF(AND(I11="L",I12="L",I13="L",I14="L"),"NC",IF(I11="M",0,I11)-IF(I12="M",0,I12)-IF(I13="M",0,I13)-IF(I14="M",0,I14))) -> 0 | J60: =IF(AND(J11="0",J12="0",J13="0",J14="0"),0,IF(AND(J11="L",J12="L",J13="L",J14="L"),"NC",IF(J11="M",0,J11)-IF(J12="M",0,J12)-IF(J13="M",0,J13)-IF(J14="M",0,J14))) -> 0 | K60: =IF(AND(K11="0",K12="0",K13="0",K14="0"),0,IF(AND(K11="L",K12="L",K13="L",K14="L"),"NC",IF(K11="M",0,K11)-IF(K12="M",0,K12)-IF(K13="M",0,K13)-IF(K14="M",0,K14))) -> 0 | ... AI60: =IF(AND(AI11="0",AI12="0",AI13="0",AI14="0"),0,IF(AND(AI11="L",AI12="L",AI13="L",AI14="L"),"NC",IF(AI11="M",0,AI11)-IF(AI12="M",0,AI12)-IF(AI13="M",0,AI13)-IF(AI14="M",0,AI14))) -> 0
C61: T2.OA.S1313=T2.OA1.S1313+T2.OA2.S1313+T2.OA3.S1313 | D61: =IF(AND(D42="0",D43="0",D44="0",D47="0",D48="0"),0,IF(AND(D42="L",D43="L",D44="L",D47="L",D48="L"),"NC",D42-SUM(D43:D48))) -> 0 | E61: =IF(AND(E42="0",E43="0",E44="0",E47="0",E48="0"),0,IF(AND(E42="L",E43="L",E44="L",E47="L",E48="L"),"NC",E42-SUM(E43:E48))) -> 0 | F61: =IF(AND(F42="0",F43="0",F44="0",F47="0",F48="0"),0,IF(AND(F42="L",F43="L",F44="L",F47="L",F48="L"),"NC",F42-SUM(F43:F48))) -> 0 | G61: =IF(AND(G42="0",G43="0",G44="0",G47="0",G48="0"),0,IF(AND(G42="L",G43="L",G44="L",G47="L",G48="L"),"NC",G42-SUM(G43:G48))) -> 0 | H61: =IF(AND(H42="0",H43="0",H44="0",H47="0",H48="0"),0,IF(AND(H42="L",H43="L",H44="L",H47="L",H48="L"),"NC",H42-SUM(H43:H48))) -> 0 | I61: =IF(AND(I42="0",I43="0",I44="0",I47="0",I48="0"),0,IF(AND(I42="L",I43="L",I44="L",I47="L",I48="L"),"NC",I42-SUM(I43:I48))) -> 0 | J61: =IF(AND(J42="0",J43="0",J44="0",J47="0",J48="0"),0,IF(AND(J42="L",J43="L",J44="L",J47="L",J48="L"),"NC",J42-SUM(J43:J48))) -> 0 | K61: =IF(AND(K42="0",K43="0",K44="0",K47="0",K48="0"),0,IF(AND(K42="L",K43="L",K44="L",K47="L",K48="L"),"NC",K42-SUM(K43:K48))) -> 0 | ... AI61: =IF(AND(AI42="0",AI43="0",AI44="0",AI47="0",AI48="0"),0,IF(AND(AI42="L",AI43="L",AI44="L",AI47="L",AI48="L"),"NC",AI42-SUM(AI43:AI48))) -> 0
C62: HORIZONTAL CHECKS
C63: T1.B9.S1313= T2.B9.S1313 | D63: =IF(AND('Table 1'!E13="0",'Table 2C'!D49="0"),0,IF(AND('Table 1'!E13="L",'Table 2C'!D49="L"),"NC",IF('Table 1'!E13="M",0,'Table 1'!E13)-IF('Table 2C'!D49="M",0,'Table 2C'!D49))) -> 0 | E63: =IF(AND('Table 1'!F13="0",'Table 2C'!E49="0"),0,IF(AND('Table 1'!F13="L",'Table 2C'!E49="L"),"NC",IF('Table 1'!F13="M",0,'Table 1'!F13)-IF('Table 2C'!E49="M",0,'Table 2C'!E49))) -> 0 | F63: =IF(AND('Table 1'!G13="0",'Table 2C'!F49="0"),0,IF(AND('Table 1'!G13="L",'Table 2C'!F49="L"),"NC",IF('Table 1'!G13="M",0,'Table 1'!G13)-IF('Table 2C'!F49="M",0,'Table 2C'!F49))) -> 0 | G63: =IF(AND('Table 1'!H13="0",'Table 2C'!G49="0"),0,IF(AND('Table 1'!H13="L",'Table 2C'!G49="L"),"NC",IF('Table 1'!H13="M",0,'Table 1'!H13)-IF('Table 2C'!G49="M",0,'Table 2C'!G49))) -> 0 | H63: =IF(AND('Table 1'!I13="0",'Table 2C'!H49="0"),0,IF(AND('Table 1'!I13="L",'Table 2C'!H49="L"),"NC",IF('Table 1'!I13="M",0,'Table 1'!I13)-IF('Table 2C'!H49="M",0,'Table 2C'!H49))) -> 0 | I63: =IF(AND('Table 1'!J13="0",'Table 2C'!I49="0"),0,IF(AND('Table 1'!J13="L",'Table 2C'!I49="L"),"NC",IF('Table 1'!J13="M",0,'Table 1'!J13)-IF('Table 2C'!I49="M",0,'Table 2C'!I49))) -> 0 | J63: =IF(AND('Table 1'!K13="0",'Table 2C'!J49="0"),0,IF(AND('Table 1'!K13="L",'Table 2C'!J49="L"),"NC",IF('Table 1'!K13="M",0,'Table 1'!K13)-IF('Table 2C'!J49="M",0,'Table 2C'!J49))) -> 0 | K63: =IF(AND('Table 1'!L13="0",'Table 2C'!K49="0"),0,IF(AND('Table 1'!L13="L",'Table 2C'!K49="L"),"NC",IF('Table 1'!L13="M",0,'Table 1'!L13)-IF('Table 2C'!K49="M",0,'Table 2C'!K49))) -> 0 | ... T63: =IF(AND('Table 1'!U13="0",'Table 2C'!T49="0"),0,IF(AND('Table 1'!U13="L",'Table 2C'!T49="L"),"NC",IF('Table 1'!U13="M",0,'Table 1'!U13)-IF('Table 2C'!T49="M",0,'Table 2C'!T49))) -> 0 | U63: =IF(AND('Table 1'!V12="0",'Table 2B'!U43="0"),0,IF(AND('Table 1'!V12="L",'Table 2B'!U43="L"),"NC",IF('Table 1'!V12="M",0,'Table 1'!V12)-IF('Table 2B'!U43="M",0,'Table 2B'!U43))) -> 0 | V63: =IF(AND('Table 1'!W12="0",'Table 2B'!V43="0"),0,IF(AND('Table 1'!W12="L",'Table 2B'!V43="L"),"NC",IF('Table 1'!W12="M",0,'Table 1'!W12)-IF('Table 2B'!V43="M",0,'Table 2B'!V43))) -> 0 | W63: =IF(AND('Table 1'!X12="0",'Table 2B'!W43="0"),0,IF(AND('Table 1'!X12="L",'Table 2B'!W43="L"),"NC",IF('Table 1'!X12="M",0,'Table 1'!X12)-IF('Table 2B'!W43="M",0,'Table 2B'!W43))) -> 0 | X63: =IF(AND('Table 1'!Y12="0",'Table 2B'!X43="0"),0,IF(AND('Table 1'!Y12="L",'Table 2B'!X43="L"),"NC",IF('Table 1'!Y12="M",0,'Table 1'!Y12)-IF('Table 2B'!X43="M",0,'Table 2B'!X43))) -> 0 | Y63: =IF(AND('Table 1'!Z12="0",'Table 2B'!Y43="0"),0,IF(AND('Table 1'!Z12="L",'Table 2B'!Y43="L"),"NC",IF('Table 1'!Z12="M",0,'Table 1'!Z12)-IF('Table 2B'!Y43="M",0,'Table 2B'!Y43))) -> 0 | Z63: =IF(AND('Table 1'!AA12="0",'Table 2B'!Z43="0"),0,IF(AND('Table 1'!AA12="L",'Table 2B'!Z43="L"),"NC",IF('Table 1'!AA12="M",0,'Table 1'!AA12)-IF('Table 2B'!Z43="M",0,'Table 2B'!Z43))) -> 0 | AA63: =IF(AND('Table 1'!AB12="0",'Table 2B'!AA43="0"),0,IF(AND('Table 1'!AB12="L",'Table 2B'!AA43="L"),"NC",IF('Table 1'!AB12="M",0,'Table 1'!AB12)-IF('Table 2B'!AA43="M",0,'Table 2B'!AA43))) -> 0 | AB63: =IF(AND('Table 1'!AC12="0",'Table 2B'!AB43="0"),0,IF(AND('Table 1'!AC12="L",'Table 2B'!AB43="L"),"NC",IF('Table 1'!AC12="M",0,'Table 1'!AC12)-IF('Table 2B'!AB43="M",0,'Table 2B'!AB43))) -> 0 | ... AI63: =IF(AND('Table 1'!AJ12="0",'Table 2B'!AI43="0"),0,IF(AND('Table 1'!AJ12="L",'Table 2B'!AI43="L"),"NC",IF('Table 1'!AJ12="M",0,'Table 1'!AJ12)-IF('Table 2B'!AI43="M",0,'Table 2B'!AI43))) -> 0

Sheet Table 2D
C1: Table 2D: Provision of the data which explain the transition between the working balance and the social security surplus/ deficit | AM1: cash | AN1: Apr.2025 | AO1: 3 | AP1: 4 | AQ1: 5 | AR1: 6 | AS1: =AR1+1 -> 7 | AT1: =AS1+1 -> 8 | AU1: =AT1+1 -> 9 | AV1: =AU1+1 -> 10 | AW1: =AV1+1 -> 11 | AX1: =AW1+1 -> 12 | AY1: =AX1+1 -> 13 | AZ1: =AY1+1 -> 14 | ... BE1: =BD1+1 -> 19
AM2: accrual | AN2: =IF($AN$1='Cover page'!$N$2,0,1) -> 0
AM3: mixed
C4: ='Cover page'!E13 -> Member State: Hungary | D4: Year | AM4: other
A5: DATES | B5: SDMX series | C5: Data are in ...(millions of units of national currency) | D5: ='Table 1'!E5 -> 1995 | E5: =IF(VLOOKUP('Cover page'!$F$15,'Cover page'!$BD$1:$BF$15,3,FALSE)<D54+1,"",D54+1) -> 1996 | F5: =IF(VLOOKUP('Cover page'!$F$15,'Cover page'!$BD$1:$BF$15,3,FALSE)<E54+1,"",E54+1) -> 1997 | G5: =IF(VLOOKUP('Cover page'!$F$15,'Cover page'!$BD$1:$BF$15,3,FALSE)<F54+1,"",F54+1) -> 1998 | H5: =IF(VLOOKUP('Cover page'!$F$15,'Cover page'!$BD$1:$BF$15,3,FALSE)<G54+1,"",G54+1) -> 1999 | I5: =IF(VLOOKUP('Cover page'!$F$15,'Cover page'!$BD$1:$BF$15,3,FALSE)<H54+1,"",H54+1) -> 2000 | J5: =IF(VLOOKUP('Cover page'!$F$15,'Cover page'!$BD$1:$BF$15,3,FALSE)<I54+1,"",I54+1) -> 2001 | K5: =IF(VLOOKUP('Cover page'!$F$15,'Cover page'!$BD$1:$BF$15,3,FALSE)<J54+1,"",J54+1) -> 2002 | L5: =IF(VLOOKUP('Cover page'!$F$15,'Cover page'!$BD$1:$BF$15,3,FALSE)<K54+1,"",K54+1) -> 2003 | ... AI5: =IF(VLOOKUP('Cover page'!$F$15,'Cover page'!$BD$1:$BF$15,3,FALSE)<AH54+1,"",AH54+1)
C6: ='Cover page'!E14 -> Date: 10/10/2025
A8: T2.WB.S1314 | B8: A.N.@@._Z.S1314._Z._Z.B.ORWB._Z.T._Z.XDC._T.S.V.N._T.EDP2 | C8: Working balance in social security accounts | D8: -41263 | E8: -69663 | F8: -50533 | G8: -90775 | H8: -46567 | I8: -81396.8 | J8: -28811.1 | K8: -100857 | L8: -348968 | M8: -423903 | N8: -468807 | O8: -130793 | P8: 27614 | Q8: -67494 | R8: -156697 | S8: -95386 | T8: -83653 | U8: -117563 | V8: 787 | W8: 7951.5 | X8: -25522.9 | Y8: -76921.4 | Z8: -142890.2 | AA8: -83686 | AB8: -234884 | AC8: -642060 | BM8: =CountryCode & ".T2.WB.S1314.MNAC." & RefVintage -> HU.T2.WB.S1314.MNAC.S.2025
C9: Basis of the working balance | D9: cash | E9: cash | F9: cash | G9: cash | H9: cash | I9: cash | J9: cash | K9: cash | L9: cash | M9: cash | N9: cash | O9: cash | P9: cash | Q9: cash | R9: cash | S9: cash | T9: cash | U9: cash | V9: cash | W9: cash | X9: cash | Y9: cash | Z9: cash | AA9: cash | AB9: cash | AC9: cash | AD9: (1) | AE9: (1) | AF9: (1) | AG9: (1) | AH9: (1) | AI9: (1)
D10: =IFERROR(VLOOKUP(D9,StatusTable,2,FALSE), -1) -> 10 | E10: =IFERROR(VLOOKUP(E9,StatusTable,2,FALSE), -1) -> 10 | F10: =IFERROR(VLOOKUP(F9,StatusTable,2,FALSE), -1) -> 10 | G10: =IFERROR(VLOOKUP(G9,StatusTable,2,FALSE), -1) -> 10 | H10: =IFERROR(VLOOKUP(H9,StatusTable,2,FALSE), -1) -> 10 | I10: =IFERROR(VLOOKUP(I9,StatusTable,2,FALSE), -1) -> 10 | J10: =IFERROR(VLOOKUP(J9,StatusTable,2,FALSE), -1) -> 10 | K10: =IFERROR(VLOOKUP(K9,StatusTable,2,FALSE), -1) -> 10 | ... AC10: =IFERROR(VLOOKUP(AC9,StatusTable,2,FALSE), -1) -> 10 | BM10: =CountryCode & ".T2.WB_STATUS.S1314.MNAC." & RefVintage -> HU.T2.WB_STATUS.S1314.MNAC.S.2025
A11: T2.FT.S1314 | B11: A.N.@@._Z.S1314._Z._Z.B.F.F.T._Z.XDC._T.S.V.N._T.EDP2 | C11: Financial transactions included in the working balance | D11: -624 | E11: 162 | F11: -10259 | G11: 1726 | H11: -63750 | I11: -9639.203 | J11: -308.9 | K11: 479 | L11: 758 | M11: 716 | N11: 1138 | O11: 977 | P11: 887 | Q11: 500 | R11: 35 | S11: -655 | T11: -6 | U11: 20 | V11: -302 | W11: -61 | X11: -62.813 | Y11: -44.267129 | Z11: -20.331518 | AA11: 3 | AB11: 7 | AC11: -2 | BM11: =CountryCode & ".T2.FT.S1314.MNAC." & RefVintage -> HU.T2.FT.S1314.MNAC.S.2025
A12: T2.F4.S1314 | B12: A.N.@@._Z.S1314._Z.N.A.F.F4.T._Z.XDC._T.S.V.N._T.EDP2 | C12: Loans (+/-) | D12: 265 | E12: 568 | F12: -1131 | G12: 4437 | H12: 2942 | I12: -9639.203 | J12: -308.9 | K12: 479 | L12: 779 | M12: 740 | N12: 1145 | O12: 1148 | P12: 889 | Q12: 502 | R12: 40 | S12: -653 | T12: -5 | U12: 20 | V12: -302 | W12: -61 | X12: -62.813 | Y12: -47.114928 | Z12: -21.561417 | AA12: 3 | AB12: 3 | AC12: -2 | BM12: =CountryCode & ".T2.F4.S1314.MNAC." & RefVintage -> HU.T2.F4.S1314.MNAC.S.2025
A13: T2.F5.S1314 | B13: A.N.@@._Z.S1314._Z.N.A.F.F5.T._Z.XDC._T.S.V.N._T.EDP2 | C13: Equities (+/-) | D13: 410 | E13: 754 | F13: -8200 | G13: -2711 | H13: -66692 | I13: 0 | J13: 0 | K13: M | L13: -21 | M13: -24 | N13: -7 | O13: -171 | P13: -2 | Q13: -2 | R13: -5 | S13: -2 | T13: -1 | U13: 0 | V13: 0 | W13: 0 | X13: 0 | Y13: 0 | Z13: 0 | AA13: 0 | AB13: 0 | AC13: 0 | BM13: =CountryCode & ".T2.F5.S1314.MNAC." & RefVintage -> HU.T2.F5.S1314.MNAC.S.2025
A14: T2.OFT.S1314 | B14: A.N.@@._Z.S1314._Z._Z.N.F.FNDX.T._Z.XDC._T.S.V.N._T.EDP2 | C14: Other financial transactions (+/-) | D14: -1299 | E14: -1160 | F14: -928 | G14: 0 | H14: 0 | I14: 0 | J14: 0 | K14: M | L14: M | M14: M | N14: M | O14: M | P14: M | Q14: M | R14: M | S14: M | T14: M | U14: M | V14: M | W14: M | X14: M | Y14: 2.847799 | Z14: 1.229899 | AA14: 0 | AB14: 4 | AC14: 0 | BM14: =CountryCode & ".T2.OFT.S1314.MNAC." & RefVintage -> HU.T2.OFT.S1314.MNAC.S.2025
A15: T2.OFTDL.S1314 | B15: A.N.@@._Z.S1314._Z._Z.L.F.FNDL.T._Z.XDC._T.S.V.N._T.EDP2 | C15: of which: transactions in debt liabilities (+/-) | D15: L | E15: L | F15: L | G15: L | H15: L | I15: L | J15: L | K15: L | L15: L | M15: L | N15: L | O15: M | P15: M | Q15: M | R15: M | S15: M | T15: M | U15: M | V15: M | W15: M | X15: M | Y15: M | Z15: M | AA15: M | AB15: M | AC15: M | BM15: =CountryCode & ".T2.OFTDL.S1314.MNAC." & RefVintage -> HU.T2.OFTDL.S1314.MNAC.S.2025
A16: T2.F71K.S1314 | B16: A.N.@@._Z.S1314._Z._Z.N.F.F71K.T._Z.XDC._T.S.V.N._T.EDP2 | C16: of which: net settlements under swap contracts (+/-) | D16: M | E16: M | F16: M | G16: M | H16: M | I16: M | J16: M | K16: M | L16: M | M16: M | N16: M | O16: M | P16: M | Q16: M | R16: M | S16: M | T16: M | U16: M | V16: M | W16: M | X16: M | Y16: M | Z16: M | AA16: M | AB16: M | AC16: M | BM16: =CountryCode & ".T2.F71K.S1314.MNAC." & RefVintage -> HU.T2.F71K.S1314.MNAC.S.2025
A17: T2.OFT1.S1314 | B17: A.N.@@._Z.S1314._Z._Z.N.F.FNDX.T._Z.XDC._T.S.V.N.C01.EDP2 | C17: Detail 1 | BM17: =CountryCode & ".T2.OFT1.S1314.MNAC." & RefVintage -> HU.T2.OFT1.S1314.MNAC.S.2025
A18: T2.OFT2.S1314 | B18: A.N.@@._Z.S1314._Z._Z.N.F.FNDX.T._Z.XDC._T.S.V.N.C02.EDP2 | C18: Detail 2 | BM18: =CountryCode & ".T2.OFT2.S1314.MNAC." & RefVintage -> HU.T2.OFT2.S1314.MNAC.S.2025
A20: T2.ONFT.S1314 | B20: A.N.@@._Z.S1314._Z._Z.B.ORNF._Z.T._Z.XDC._T.S.V.N._T.EDP2 | C20: Non-financial transactions not included in the working balance | D20: M | E20: M | F20: M | G20: M | H20: M | I20: M | J20: M | K20: M | L20: M | M20: M | N20: M | O20: M | P20: M | Q20: M | R20: M | S20: M | T20: M | U20: M | V20: M | W20: M | X20: M | Y20: M | Z20: M | AA20: M | AB20: M | AC20: M | BM20: =CountryCode & ".T2.ONFT.S1314.MNAC." & RefVintage -> HU.T2.ONFT.S1314.MNAC.S.2025
A21: T2.ONFT1.S1314 | B21: A.N.@@._Z.S1314._Z._Z.B.ORNF._Z.T._Z.XDC._T.S.V.N.C01.EDP2 | C21: Detail 1 | BM21: =CountryCode & ".T2.ONFT1.S1314.MNAC." & RefVintage -> HU.T2.ONFT1.S1314.MNAC.S.2025
A22: T2.ONFT2.S1314 | B22: A.N.@@._Z.S1314._Z._Z.B.ORNF._Z.T._Z.XDC._T.S.V.N.C02.EDP2 | C22: Detail 2 | BM22: =CountryCode & ".T2.ONFT2.S1314.MNAC." & RefVintage -> HU.T2.ONFT2.S1314.MNAC.S.2025
A24: T2.D41DIF.S1314 | B24: A.N.@@._Z.S1314._Z._Z.B.ORD41A._Z.T._Z.XDC._T.S.V.N._T.EDP2 | C24: Difference between interest paid (+) and accrued (D.41)(-) | D24: 268 | E24: 0 | F24: 0 | G24: 0 | H24: 0 | I24: 0 | J24: 0 | K24: 0 | L24: 0 | M24: 0 | N24: 0 | O24: 0 | P24: 0 | Q24: 0 | R24: 0 | S24: 0 | T24: 0 | U24: 0 | V24: 0 | W24: 0 | X24: 0 | Y24: 0 | Z24: 0 | AA24: 0 | AB24: 0 | AC24: 0 | BM24: =CountryCode & ".T2.D41DIF.S1314.MNAC." & RefVintage -> HU.T2.D41DIF.S1314.MNAC.S.2025
A26: T2.F8ASS.S1314 | B26: A.N.@@._Z.S1314._Z._Z.A.F.F8.T._Z.XDC._T.S.V.N._T.EDP2 | C26: Other accounts receivable (+) | D26: 6503 | E26: 11354 | F26: 17989 | G26: 15246 | H26: 7361 | I26: 28140 | J26: 21217 | K26: 24572 | L26: 13979 | M26: 16801 | N26: 16731 | O26: 43347 | P26: 19078 | Q26: -13607 | R26: -18892 | S26: 964 | T26: 24314 | U26: 30028 | V26: 23568 | W26: 22368 | X26: 27745.149 | Y26: 10977.844 | Z26: 15601.017 | AA26: 21604.451 | AB26: 12987 | AC26: -24616 | BM26: =CountryCode & ".T2.F8ASS.S1314.MNAC." & RefVintage -> HU.T2.F8ASS.S1314.MNAC.S.2025
A27: T2.F8ASS1.S1314 | B27: A.N.@@._Z.S1314._Z._Z.A.F.F8.T._Z.XDC._T.S.V.N.C01.EDP2 | C27: Relates to P.11 and P.131 | D27: 0 | E27: 0 | F27: 0 | G27: 0 | H27: 0 | I27: 0 | J27: -1 | K27: -13 | L27: -1 | M27: 1 | N27: -4 | O27: -2 | P27: 7 | Q27: -8 | R27: -9 | S27: 5 | T27: -36 | U27: -17 | V27: 20 | W27: -24 | X27: 50 | Y27: 0 | Z27: 0 | AA27: 0 | AB27: 0 | AC27: 0 | BM27: =CountryCode & ".T2.F8ASS1.S1314.MNAC." & RefVintage -> HU.T2.F8ASS1.S1314.MNAC.S.2025
C28: Relates to taxes | P28: 8262 | Q28: -458 | R28: 2920 | S28: -911 | T28: 6371 | U28: -1595 | V28: -579 | W28: 1691 | X28: 1803 | Y28: -1631 | Z28: 3388 | AA28: 1620 | AB28: -491 | AC28: -1676
C29: Relates to D.61 | D29: 6503 | E29: 11354 | F29: 17989 | G29: 15246 | H29: 7361 | I29: 28140 | J29: 21218 | K29: 24585 | L29: 13980 | M29: 16800 | N29: 16735 | O29: 43349 | P29: 10809 | Q29: -7602 | R29: -18857 | S29: -62698 | T29: 19700 | U29: 34005 | V29: 7555 | W29: 13567 | X29: 26853 | Y29: 14934.6 | Z29: 19944 | AA29: 20646 | AB29: 13478 | AC29: -22940
A30: T2.F8ASS2.S1314 | B30: A.N.@@._Z.S1314._Z._Z.A.F.F8.T._Z.XDC._T.S.V.N.C02.EDP2 | C30: Relates to consolidation | Q30: -5539 | R30: -2946 | S30: 64568 | T30: -1721 | U30: -2365 | V30: 16572 | W30: 7134 | X30: -960.851 | Y30: -2325.7564 | Z30: -7730.9832 | AA30: -661.54937 | AB30: 0 | AC30: 0 | BM30: =CountryCode & ".T2.F8ASS2.S1314.MNAC." & RefVintage -> HU.T2.F8ASS2.S1314.MNAC.S.2025
A31: T2.F8LIA.S1314 | B31: A.N.@@._Z.S1314._Z._Z.L.F.F8.T._Z.XDC._T.S.V.N._T.EDP2 | C31: Other accounts payable (-) | D31: -6354 | E31: -4991 | F31: -2093 | G31: -16089 | H31: -6600 | I31: 5454 | J31: -1721 | K31: -4357 | L31: -7013 | M31: -4254 | N31: -10288 | O31: -5384 | P31: -1199 | Q31: 105 | R31: -1725 | S31: 12985 | T31: -11340 | U31: -224 | V31: -4826 | W31: 11767 | X31: 738 | Y31: 76 | Z31: 1735.4724 | AA31: 1188 | AB31: 1276 | AC31: -448 | BM31: =CountryCode & ".T2.F8LIA.S1314.MNAC." & RefVintage -> HU.T2.F8LIA.S1314.MNAC.S.2025
A32: T2.F8LIA1.S1314 | B32: A.N.@@._Z.S1314._Z._Z.L.F.F8.T._Z.XDC._T.S.V.N.C01.EDP2 | C32: Relates to D.63 | Q32: -70 | R32: -715 | S32: 12631 | T32: -12465 | U32: -306 | V32: -4626 | W32: 11981 | X32: 587 | Y32: 68 | Z32: 1047 | AA32: 1276 | AB32: 1276 | AC32: -509 | BM32: =CountryCode & ".T2.F8LIA1.S1314.MNAC." & RefVintage -> HU.T2.F8LIA1.S1314.MNAC.S.2025
A33: T2.F8LIA2.S1314 | B33: A.N.@@._Z.S1314._Z._Z.L.F.F8.T._Z.XDC._T.S.V.N.C02.EDP2 | C33: Relates to other items (P.2, D.1, P.51) | Q33: 175 | R33: -1010 | S33: 354 | T33: 1125 | U33: 82 | V33: -200 | W33: -214 | X33: 151 | Y33: 8 | Z33: 688.47242 | AA33: -88 | AB33: 0 | AC33: 61 | BM33: =CountryCode & ".T2.F8LIA2.S1314.MNAC." & RefVintage -> HU.T2.F8LIA2.S1314.MNAC.S.2025
A35: T2.B9_OWB.S1314 | B35: A.N.@@._Z.S1314._Z._Z.B.ORWB_E._Z.T._Z.XDC._T.S.V.N._T.EDP2 | C35: Working balance (+/-) of entities not part of social security funds | D35: M | E35: M | F35: M | G35: M | H35: M | I35: M | J35: M | K35: M | L35: M | M35: M | N35: M | O35: M | P35: M | Q35: M | R35: M | S35: M | T35: M | U35: M | V35: M | W35: M | X35: M | Y35: M | Z35: M | AA35: M | AB35: M | AC35: M | BM35: =CountryCode & ".T2.B9_OWB.S1314.MNAC." & RefVintage -> HU.T2.B9_OWB.S1314.MNAC.S.2025
A36: T2.B9_OB.S1314 | B36: A.N.@@._Z.S13142._Z._Z.B.B9._Z._Z._Z.XDC._T.S.V.N._T.EDP2 | C36: Net lending (+)/ net borrowing (-) of other social security bodies | D36: M | E36: M | F36: M | G36: M | H36: M | I36: M | J36: M | K36: M | L36: M | M36: M | N36: M | O36: M | P36: M | Q36: M | R36: M | S36: M | T36: M | U36: M | V36: M | W36: M | X36: M | Y36: M | Z36: M | AA36: M | AB36: M | AC36: M | BM36: =CountryCode & ".T2.B9_OB.S1314.MNAC." & RefVintage -> HU.T2.B9_OB.S1314.MNAC.S.2025
A37: T2.B9_OB1.S1314 | B37: A.N.@@._Z.S13142._Z._Z.B.B9._Z._Z._Z.XDC._T.S.V.N.C01.EDP2 | C37: Detail 1 | BM37: =CountryCode & ".T2.B9_OB1.S1314.MNAC." & RefVintage -> HU.T2.B9_OB1.S1314.MNAC.S.2025
A38: T2.B9_OB2.S1314 | B38: A.N.@@._Z.S13142._Z._Z.B.B9._Z._Z._Z.XDC._T.S.V.N.C02.EDP2 | C38: Detail 2 | BM38: =CountryCode & ".T2.B9_OB2.S1314.MNAC." & RefVintage -> HU.T2.B9_OB2.S1314.MNAC.S.2025
A40: T2.OA.S1314 | B40: A.N.@@._Z.S1314._Z._Z._X.OROA._Z.T._Z.XDC._T.S.V.N._T.EDP2 | C40: Other adjustments (+/-) (please detail) | D40: 41584 | E40: 104730 | F40: 53616 | G40: 54470 | H40: 90775 | I40: 42905 | J40: 80113 | K40: 28811 | L40: 99389 | M40: 348968 | N40: 423903 | O40: 468806 | P40: 130793 | Q40: 0 | R40: 67360 | S40: 129216 | T40: 78412 | U40: 83654 | V40: 117562 | W40: 513 | X40: 0 | Y40: 30083 | Z40: 89693 | AA40: 137503 | AB40: 83988 | AC40: 210923.14 | BM40: =CountryCode & ".T2.OA.S1314.MNAC." & RefVintage -> HU.T2.OA.S1314.MNAC.S.2025
A41: T2.OA1.S1314 | B41: A.N.@@._Z.S1314._Z._Z._X.OROA._Z.T._Z.XDC._T.S.V.N.C01.EDP2 | C41: Debt cancellation by the Central Budget | D41: 41584 | E41: 104730 | F41: 53616 | G41: 54470 | H41: 90775 | I41: 42905 | J41: 80113 | K41: 28811 | L41: 99389 | M41: 348968 | N41: 423903 | O41: 468806 | P41: 130793 | Q41: 0 | R41: 67360 | S41: 156697 | T41: 95386 | U41: 83654 | V41: 117562 | W41: 513 | X41: 0 | Y41: 30083 | Z41: 89693 | AA41: 137503 | AB41: 83988 | AC41: 210923.14 | BM41: =CountryCode & ".T2.OA1.S1314.MNAC." & RefVintage -> HU.T2.OA1.S1314.MNAC.S.2025
A42: T2.OA2.S1314 | B42: A.N.@@._Z.S1314._Z._Z._X.OROA._Z.T._Z.XDC._T.S.V.N.C02.EDP2 | C42: Elimination of technical revenue (residual of 2007) | S42: -27481 | BM42: =CountryCode & ".T2.OA2.S1314.MNAC." & RefVintage -> HU.T2.OA2.S1314.MNAC.S.2025
A43: T2.OA3.S1314 | B43: A.N.@@._Z.S1314._Z._Z._X.OROA._Z.T._Z.XDC._T.S.V.N.C03.EDP2 | C43: Social contribution for childcare leave | T43: -16974 | BM43: =CountryCode & ".T2.OA3.S1314.MNAC." & RefVintage -> HU.T2.OA3.S1314.MNAC.S.2025
A45: T2.B9.S1314 | B45: A.N.@@._Z.S1314._Z._Z.B.B9._Z._Z._Z.XDC._T.S.V.N._T.EDP2 | C45: Net lending (+)/ net borrowing (-) (B.9) of social security (S.1314) | D45: 114 | E45: 41592 | F45: 8720 | G45: -35422 | H45: -18781 | I45: -14537.003 | J45: 70489 | K45: -51352 | L45: -241855 | M45: -61672 | N45: -37323 | O45: 376953 | P45: 177173 | Q45: -80496 | R45: -109919 | S45: 47124 | T45: 7727 | U45: -4085 | V45: 136789 | W45: 42538.5 | X45: 2897.436 | Y45: -35828.824 | Z45: -35881.042 | AA45: 76612.451 | AB45: -136626 | AC45: -456202.86 | BM45: =CountryCode & ".T2.B9.S1314.MNAC." & RefVintage -> HU.T2.B9.S1314.MNAC.S.2025
C46: (ESA 2010 accounts)
C48: (1) Please indicate accounting basis of the working balance: cash, accrual, mixed, other.
C49: Note: Member States can adapt tables 2A, B, C and D to their national specificity according to the established practice
C53: COVERAGE | D53: =IF(OR(COUNTA(D8:D8,D11:D16,D20:D20,D24:D24,D26:D26,D31:D31,D35:D36,D40:D40,D45:D45)=15,NOT(ISNUMBER(D5))),"OK","NOT fully completed, pls.fill with L, M or 0") -> OK | E53: =IF(OR(COUNTA(E8:E8,E11:E16,E20:E20,E24:E24,E26:E26,E31:E31,E35:E36,E40:E40,E45:E45)=15,NOT(ISNUMBER(E5))),"OK","NOT fully completed, pls.fill with L, M or 0") -> OK | F53: =IF(OR(COUNTA(F8:F8,F11:F16,F20:F20,F24:F24,F26:F26,F31:F31,F35:F36,F40:F40,F45:F45)=15,NOT(ISNUMBER(F5))),"OK","NOT fully completed, pls.fill with L, M or 0") -> OK | G53: =IF(OR(COUNTA(G8:G8,G11:G16,G20:G20,G24:G24,G26:G26,G31:G31,G35:G36,G40:G40,G45:G45)=15,NOT(ISNUMBER(G5))),"OK","NOT fully completed, pls.fill with L, M or 0") -> OK | H53: =IF(OR(COUNTA(H8:H8,H11:H16,H20:H20,H24:H24,H26:H26,H31:H31,H35:H36,H40:H40,H45:H45)=15,NOT(ISNUMBER(H5))),"OK","NOT fully completed, pls.fill with L, M or 0") -> OK | I53: =IF(OR(COUNTA(I8:I8,I11:I16,I20:I20,I24:I24,I26:I26,I31:I31,I35:I36,I40:I40,I45:I45)=15,NOT(ISNUMBER(I5))),"OK","NOT fully completed, pls.fill with L, M or 0") -> OK | J53: =IF(OR(COUNTA(J8:J8,J11:J16,J20:J20,J24:J24,J26:J26,J31:J31,J35:J36,J40:J40,J45:J45)=15,NOT(ISNUMBER(J5))),"OK","NOT fully completed, pls.fill with L, M or 0") -> OK | K53: =IF(OR(COUNTA(K8:K8,K11:K16,K20:K20,K24:K24,K26:K26,K31:K31,K35:K36,K40:K40,K45:K45)=15,NOT(ISNUMBER(K5))),"OK","NOT fully completed, pls.fill with L, M or 0") -> OK | ... AI53: =IF(OR(COUNTA(AI8:AI8,AI11:AI16,AI20:AI20,AI24:AI24,AI26:AI26,AI31:AI31,AI35:AI36,AI40:AI40,AI45:AI45)=15,NOT(ISNUMBER(AI5))),"OK","NOT fully completed, pls.fill with L, M or 0") -> OK
C54: VERTICAL CHECKS | D54: 1995 | E54: =D54+1 -> 1996 | F54: =E54+1 -> 1997 | G54: =F54+1 -> 1998 | H54: =G54+1 -> 1999 | I54: =H54+1 -> 2000 | J54: =I54+1 -> 2001 | K54: =J54+1 -> 2002 | L54: =K54+1 -> 2003 | ... AI54: =AH54+1 -> 2026
C55: T2.WB.S1314+T2.FT.S1314+T2.ONFT.S1314+T2.D41DIF.S1314+T2.F8ASS.S1314+T2.F8LIA.S1314+T2.B9_OWB.S1314+T2.B9_OB.S1314+T2.OA.S1314= T2.B9.S1314 | D55: =IF(AND(D45="0",D8="0",D11="0",D20="0",D24="0",D26="0",D31="0",D35="0",D36="0",D40="0"),0,IF(AND(D45="L",D8="L",D11="L",D20="L",D24="L",D26="L",D31="L",D35="L",D36="L",D40="L"),"NC",IF(D45="M",0,D45)-IF(D8="M",0,D8)-IF(D11="M",0,D11)-IF(D20="M",0,D20)-IF(D24="M",0,D24)-IF(D26="M",0,D26)-IF(D31="M",0,D31)-IF(D35="M",0,D35)-IF(D36="M",0,D36)-IF(D40="M",0,D40))) -> 0 | E55: =IF(AND(E45="0",E8="0",E11="0",E20="0",E24="0",E26="0",E31="0",E35="0",E36="0",E40="0"),0,IF(AND(E45="L",E8="L",E11="L",E20="L",E24="L",E26="L",E31="L",E35="L",E36="L",E40="L"),"NC",IF(E45="M",0,E45)-IF(E8="M",0,E8)-IF(E11="M",0,E11)-IF(E20="M",0,E20)-IF(E24="M",0,E24)-IF(E26="M",0,E26)-IF(E31="M",0,E31)-IF(E35="M",0,E35)-IF(E36="M",0,E36)-IF(E40="M",0,E40))) -> 0 | F55: =IF(AND(F45="0",F8="0",F11="0",F20="0",F24="0",F26="0",F31="0",F35="0",F36="0",F40="0"),0,IF(AND(F45="L",F8="L",F11="L",F20="L",F24="L",F26="L",F31="L",F35="L",F36="L",F40="L"),"NC",IF(F45="M",0,F45)-IF(F8="M",0,F8)-IF(F11="M",0,F11)-IF(F20="M",0,F20)-IF(F24="M",0,F24)-IF(F26="M",0,F26)-IF(F31="M",0,F31)-IF(F35="M",0,F35)-IF(F36="M",0,F36)-IF(F40="M",0,F40))) -> 0 | G55: =IF(AND(G45="0",G8="0",G11="0",G20="0",G24="0",G26="0",G31="0",G35="0",G36="0",G40="0"),0,IF(AND(G45="L",G8="L",G11="L",G20="L",G24="L",G26="L",G31="L",G35="L",G36="L",G40="L"),"NC",IF(G45="M",0,G45)-IF(G8="M",0,G8)-IF(G11="M",0,G11)-IF(G20="M",0,G20)-IF(G24="M",0,G24)-IF(G26="M",0,G26)-IF(G31="M",0,G31)-IF(G35="M",0,G35)-IF(G36="M",0,G36)-IF(G40="M",0,G40))) -> 0 | H55: =IF(AND(H45="0",H8="0",H11="0",H20="0",H24="0",H26="0",H31="0",H35="0",H36="0",H40="0"),0,IF(AND(H45="L",H8="L",H11="L",H20="L",H24="L",H26="L",H31="L",H35="L",H36="L",H40="L"),"NC",IF(H45="M",0,H45)-IF(H8="M",0,H8)-IF(H11="M",0,H11)-IF(H20="M",0,H20)-IF(H24="M",0,H24)-IF(H26="M",0,H26)-IF(H31="M",0,H31)-IF(H35="M",0,H35)-IF(H36="M",0,H36)-IF(H40="M",0,H40))) -> 0 | I55: =IF(AND(I45="0",I8="0",I11="0",I20="0",I24="0",I26="0",I31="0",I35="0",I36="0",I40="0"),0,IF(AND(I45="L",I8="L",I11="L",I20="L",I24="L",I26="L",I31="L",I35="L",I36="L",I40="L"),"NC",IF(I45="M",0,I45)-IF(I8="M",0,I8)-IF(I11="M",0,I11)-IF(I20="M",0,I20)-IF(I24="M",0,I24)-IF(I26="M",0,I26)-IF(I31="M",0,I31)-IF(I35="M",0,I35)-IF(I36="M",0,I36)-IF(I40="M",0,I40))) -> 0 | J55: =IF(AND(J45="0",J8="0",J11="0",J20="0",J24="0",J26="0",J31="0",J35="0",J36="0",J40="0"),0,IF(AND(J45="L",J8="L",J11="L",J20="L",J24="L",J26="L",J31="L",J35="L",J36="L",J40="L"),"NC",IF(J45="M",0,J45)-IF(J8="M",0,J8)-IF(J11="M",0,J11)-IF(J20="M",0,J20)-IF(J24="M",0,J24)-IF(J26="M",0,J26)-IF(J31="M",0,J31)-IF(J35="M",0,J35)-IF(J36="M",0,J36)-IF(J40="M",0,J40))) -> 0 | K55: =IF(AND(K45="0",K8="0",K11="0",K20="0",K24="0",K26="0",K31="0",K35="0",K36="0",K40="0"),0,IF(AND(K45="L",K8="L",K11="L",K20="L",K24="L",K26="L",K31="L",K35="L",K36="L",K40="L"),"NC",IF(K45="M",0,K45)-IF(K8="M",0,K8)-IF(K11="M",0,K11)-IF(K20="M",0,K20)-IF(K24="M",0,K24)-IF(K26="M",0,K26)-IF(K31="M",0,K31)-IF(K35="M",0,K35)-IF(K36="M",0,K36)-IF(K40="M",0,K40))) -> 0 | ... AI55: =IF(AND(AI45="0",AI8="0",AI11="0",AI20="0",AI24="0",AI26="0",AI31="0",AI35="0",AI36="0",AI40="0"),0,IF(AND(AI45="L",AI8="L",AI11="L",AI20="L",AI24="L",AI26="L",AI31="L",AI35="L",AI36="L",AI40="L"),"NC",IF(AI45="M",0,AI45)-IF(AI8="M",0,AI8)-IF(AI11="M",0,AI11)-IF(AI20="M",0,AI20)-IF(AI24="M",0,AI24)-IF(AI26="M",0,AI26)-IF(AI31="M",0,AI31)-IF(AI35="M",0,AI35)-IF(AI36="M",0,AI36)-IF(AI40="M",0,AI40))) -> 0
C56: T2.FT.S1314=T2.F4.S1314+T2.F5.S1314+T2.OFT.S1314 | D56: =IF(AND(D11="0",D12="0",D13="0",D14="0"),0,IF(AND(D11="L",D12="L",D13="L",D14="L"),"NC",IF(D11="M",0,D11)-IF(D12="M",0,D12)-IF(D13="M",0,D13)-IF(D14="M",0,D14))) -> 0 | E56: =IF(AND(E11="0",E12="0",E13="0",E14="0"),0,IF(AND(E11="L",E12="L",E13="L",E14="L"),"NC",IF(E11="M",0,E11)-IF(E12="M",0,E12)-IF(E13="M",0,E13)-IF(E14="M",0,E14))) -> 0 | F56: =IF(AND(F11="0",F12="0",F13="0",F14="0"),0,IF(AND(F11="L",F12="L",F13="L",F14="L"),"NC",IF(F11="M",0,F11)-IF(F12="M",0,F12)-IF(F13="M",0,F13)-IF(F14="M",0,F14))) -> 0 | G56: =IF(AND(G11="0",G12="0",G13="0",G14="0"),0,IF(AND(G11="L",G12="L",G13="L",G14="L"),"NC",IF(G11="M",0,G11)-IF(G12="M",0,G12)-IF(G13="M",0,G13)-IF(G14="M",0,G14))) -> 0 | H56: =IF(AND(H11="0",H12="0",H13="0",H14="0"),0,IF(AND(H11="L",H12="L",H13="L",H14="L"),"NC",IF(H11="M",0,H11)-IF(H12="M",0,H12)-IF(H13="M",0,H13)-IF(H14="M",0,H14))) -> 0 | I56: =IF(AND(I11="0",I12="0",I13="0",I14="0"),0,IF(AND(I11="L",I12="L",I13="L",I14="L"),"NC",IF(I11="M",0,I11)-IF(I12="M",0,I12)-IF(I13="M",0,I13)-IF(I14="M",0,I14))) -> 0 | J56: =IF(AND(J11="0",J12="0",J13="0",J14="0"),0,IF(AND(J11="L",J12="L",J13="L",J14="L"),"NC",IF(J11="M",0,J11)-IF(J12="M",0,J12)-IF(J13="M",0,J13)-IF(J14="M",0,J14))) -> 0 | K56: =IF(AND(K11="0",K12="0",K13="0",K14="0"),0,IF(AND(K11="L",K12="L",K13="L",K14="L"),"NC",IF(K11="M",0,K11)-IF(K12="M",0,K12)-IF(K13="M",0,K13)-IF(K14="M",0,K14))) -> 0 | ... AI56: =IF(AND(AI11="0",AI12="0",AI13="0",AI14="0"),0,IF(AND(AI11="L",AI12="L",AI13="L",AI14="L"),"NC",IF(AI11="M",0,AI11)-IF(AI12="M",0,AI12)-IF(AI13="M",0,AI13)-IF(AI14="M",0,AI14))) -> 0
C57: T2.OA.S1314=T2.OA1.S1314+T2.OA2.S1314+T2.OA3.S1314 | D57: =IF(AND(D40="0",D41="0",D42="0",D43="0",D44="0"),0,IF(AND(D40="L",D41="L",D42="L",D43="L",D44="L"),"NC",D40-SUM(D41:D44))) -> 0 | E57: =IF(AND(E40="0",E41="0",E42="0",E43="0",E44="0"),0,IF(AND(E40="L",E41="L",E42="L",E43="L",E44="L"),"NC",E40-SUM(E41:E44))) -> 0 | F57: =IF(AND(F40="0",F41="0",F42="0",F43="0",F44="0"),0,IF(AND(F40="L",F41="L",F42="L",F43="L",F44="L"),"NC",F40-SUM(F41:F44))) -> 0 | G57: =IF(AND(G40="0",G41="0",G42="0",G43="0",G44="0"),0,IF(AND(G40="L",G41="L",G42="L",G43="L",G44="L"),"NC",G40-SUM(G41:G44))) -> 0 | H57: =IF(AND(H40="0",H41="0",H42="0",H43="0",H44="0"),0,IF(AND(H40="L",H41="L",H42="L",H43="L",H44="L"),"NC",H40-SUM(H41:H44))) -> 0 | I57: =IF(AND(I40="0",I41="0",I42="0",I43="0",I44="0"),0,IF(AND(I40="L",I41="L",I42="L",I43="L",I44="L"),"NC",I40-SUM(I41:I44))) -> 0 | J57: =IF(AND(J40="0",J41="0",J42="0",J43="0",J44="0"),0,IF(AND(J40="L",J41="L",J42="L",J43="L",J44="L"),"NC",J40-SUM(J41:J44))) -> 0 | K57: =IF(AND(K40="0",K41="0",K42="0",K43="0",K44="0"),0,IF(AND(K40="L",K41="L",K42="L",K43="L",K44="L"),"NC",K40-SUM(K41:K44))) -> 0 | ... AI57: =IF(AND(AI40="0",AI41="0",AI42="0",AI43="0",AI44="0"),0,IF(AND(AI40="L",AI41="L",AI42="L",AI43="L",AI44="L"),"NC",AI40-SUM(AI41:AI44))) -> 0
C58: HORIZONTAL CHECKS
C59: T1.B9.S1314= T2.B9.S1314 | D59: =IF(AND('Table 1'!E14="0",'Table 2D'!D45="0"),0,IF(AND('Table 1'!E14="L",'Table 2D'!D45="L"),"NC",IF('Table 1'!E14="M",0,'Table 1'!E14)-IF('Table 2D'!D45="M",0,'Table 2D'!D45))) -> 0 | E59: =IF(AND('Table 1'!F14="0",'Table 2D'!E45="0"),0,IF(AND('Table 1'!F14="L",'Table 2D'!E45="L"),"NC",IF('Table 1'!F14="M",0,'Table 1'!F14)-IF('Table 2D'!E45="M",0,'Table 2D'!E45))) -> 0 | F59: =IF(AND('Table 1'!G14="0",'Table 2D'!F45="0"),0,IF(AND('Table 1'!G14="L",'Table 2D'!F45="L"),"NC",IF('Table 1'!G14="M",0,'Table 1'!G14)-IF('Table 2D'!F45="M",0,'Table 2D'!F45))) -> 0 | G59: =IF(AND('Table 1'!H14="0",'Table 2D'!G45="0"),0,IF(AND('Table 1'!H14="L",'Table 2D'!G45="L"),"NC",IF('Table 1'!H14="M",0,'Table 1'!H14)-IF('Table 2D'!G45="M",0,'Table 2D'!G45))) -> 0 | H59: =IF(AND('Table 1'!I14="0",'Table 2D'!H45="0"),0,IF(AND('Table 1'!I14="L",'Table 2D'!H45="L"),"NC",IF('Table 1'!I14="M",0,'Table 1'!I14)-IF('Table 2D'!H45="M",0,'Table 2D'!H45))) -> 0 | I59: =IF(AND('Table 1'!J14="0",'Table 2D'!I45="0"),0,IF(AND('Table 1'!J14="L",'Table 2D'!I45="L"),"NC",IF('Table 1'!J14="M",0,'Table 1'!J14)-IF('Table 2D'!I45="M",0,'Table 2D'!I45))) -> 0 | J59: =IF(AND('Table 1'!K14="0",'Table 2D'!J45="0"),0,IF(AND('Table 1'!K14="L",'Table 2D'!J45="L"),"NC",IF('Table 1'!K14="M",0,'Table 1'!K14)-IF('Table 2D'!J45="M",0,'Table 2D'!J45))) -> 0 | K59: =IF(AND('Table 1'!L14="0",'Table 2D'!K45="0"),0,IF(AND('Table 1'!L14="L",'Table 2D'!K45="L"),"NC",IF('Table 1'!L14="M",0,'Table 1'!L14)-IF('Table 2D'!K45="M",0,'Table 2D'!K45))) -> 0 | ... T59: =IF(AND('Table 1'!U14="0",'Table 2D'!T45="0"),0,IF(AND('Table 1'!U14="L",'Table 2D'!T45="L"),"NC",IF('Table 1'!U14="M",0,'Table 1'!U14)-IF('Table 2D'!T45="M",0,'Table 2D'!T45))) -> 0 | U59: =IF(AND('Table 1'!V12="0",'Table 2B'!U43="0"),0,IF(AND('Table 1'!V12="L",'Table 2B'!U43="L"),"NC",IF('Table 1'!V12="M",0,'Table 1'!V12)-IF('Table 2B'!U43="M",0,'Table 2B'!U43))) -> 0 | V59: =IF(AND('Table 1'!W12="0",'Table 2B'!V43="0"),0,IF(AND('Table 1'!W12="L",'Table 2B'!V43="L"),"NC",IF('Table 1'!W12="M",0,'Table 1'!W12)-IF('Table 2B'!V43="M",0,'Table 2B'!V43))) -> 0 | W59: =IF(AND('Table 1'!X12="0",'Table 2B'!W43="0"),0,IF(AND('Table 1'!X12="L",'Table 2B'!W43="L"),"NC",IF('Table 1'!X12="M",0,'Table 1'!X12)-IF('Table 2B'!W43="M",0,'Table 2B'!W43))) -> 0 | X59: =IF(AND('Table 1'!Y12="0",'Table 2B'!X43="0"),0,IF(AND('Table 1'!Y12="L",'Table 2B'!X43="L"),"NC",IF('Table 1'!Y12="M",0,'Table 1'!Y12)-IF('Table 2B'!X43="M",0,'Table 2B'!X43))) -> 0 | Y59: =IF(AND('Table 1'!Z12="0",'Table 2B'!Y43="0"),0,IF(AND('Table 1'!Z12="L",'Table 2B'!Y43="L"),"NC",IF('Table 1'!Z12="M",0,'Table 1'!Z12)-IF('Table 2B'!Y43="M",0,'Table 2B'!Y43))) -> 0 | Z59: =IF(AND('Table 1'!AA12="0",'Table 2B'!Z43="0"),0,IF(AND('Table 1'!AA12="L",'Table 2B'!Z43="L"),"NC",IF('Table 1'!AA12="M",0,'Table 1'!AA12)-IF('Table 2B'!Z43="M",0,'Table 2B'!Z43))) -> 0 | AA59: =IF(AND('Table 1'!AB12="0",'Table 2B'!AA43="0"),0,IF(AND('Table 1'!AB12="L",'Table 2B'!AA43="L"),"NC",IF('Table 1'!AB12="M",0,'Table 1'!AB12)-IF('Table 2B'!AA43="M",0,'Table 2B'!AA43))) -> 0 | AB59: =IF(AND('Table 1'!AC12="0",'Table 2B'!AB43="0"),0,IF(AND('Table 1'!AC12="L",'Table 2B'!AB43="L"),"NC",IF('Table 1'!AC12="M",0,'Table 1'!AC12)-IF('Table 2B'!AB43="M",0,'Table 2B'!AB43))) -> 0 | ... AI59: =IF(AND('Table 1'!AJ12="0",'Table 2B'!AI43="0"),0,IF(AND('Table 1'!AJ12="L",'Table 2B'!AI43="L"),"NC",IF('Table 1'!AJ12="M",0,'Table 1'!AJ12)-IF('Table 2B'!AI43="M",0,'Table 2B'!AI43))) -> 0

Sheet Table 3A
AN1: Apr.2025 | AO1: 3 | AP1: 4 | AQ1: 5 | AR1: 6 | AS1: =AR1+1 -> 7 | AT1: =AS1+1 -> 8 | AU1: =AT1+1 -> 9 | AV1: =AU1+1 -> 10 | AW1: =AV1+1 -> 11 | AX1: =AW1+1 -> 12 | AY1: =AX1+1 -> 13 | AZ1: =AY1+1 -> 14 | ... BE1: =BD1+1 -> 19
AN2: =IF($AN$1='Cover page'!$N$2,0,1) -> 0
C3: Table 3A: Provision of the data which explain the contributions of the surplus/ deficit and the other relevant factors to the variation in the debt level (general government)
C6: ='Cover page'!E13 -> Member State: Hungary | D6: Year
B7: SDMX series | C7: Data are in ...(millions of units of national currency) | D7: ='Table 1'!E5 -> 1995 | E7: =IF(VLOOKUP('Cover page'!$F$15,'Cover page'!$BD$1:$BF$15,3,FALSE)<D60+1,"",D60+1) -> 1996 | F7: =IF(VLOOKUP('Cover page'!$F$15,'Cover page'!$BD$1:$BF$15,3,FALSE)<E60+1,"",E60+1) -> 1997 | G7: =IF(VLOOKUP('Cover page'!$F$15,'Cover page'!$BD$1:$BF$15,3,FALSE)<F60+1,"",F60+1) -> 1998 | H7: =IF(VLOOKUP('Cover page'!$F$15,'Cover page'!$BD$1:$BF$15,3,FALSE)<G60+1,"",G60+1) -> 1999 | I7: =IF(VLOOKUP('Cover page'!$F$15,'Cover page'!$BD$1:$BF$15,3,FALSE)<H60+1,"",H60+1) -> 2000 | J7: =IF(VLOOKUP('Cover page'!$F$15,'Cover page'!$BD$1:$BF$15,3,FALSE)<I60+1,"",I60+1) -> 2001 | K7: =IF(VLOOKUP('Cover page'!$F$15,'Cover page'!$BD$1:$BF$15,3,FALSE)<J60+1,"",J60+1) -> 2002 | L7: =IF(VLOOKUP('Cover page'!$F$15,'Cover page'!$BD$1:$BF$15,3,FALSE)<K60+1,"",K60+1) -> 2003 | ... AI7: =IF(VLOOKUP('Cover page'!$F$15,'Cover page'!$BD$1:$BF$15,3,FALSE)<AH60+1,"",AH60+1)
C8: ='Cover page'!E14 -> Date: 10/10/2025
A10: T3.B9.S13 | B10: A.N.@@._Z.S13._Z._Z.B.B9._Z._Z._Z.XDC._T.S.V.N._T.EDP3 | C10: Net lending (-)/ net borrowing (+) (B.9) of general government (S.13)* | D10: 501876.34 | E10: 311702 | F10: 490380.84 | G10: 775309.61 | H10: 614070 | I10: 405236 | J10: 615856 | K10: 1533781 | L10: 1374123 | M10: 1391280 | N10: 1757625.6 | O10: 2254329 | P10: 1308462 | Q10: 1030748 | R10: 1259676 | S10: 1216741 | T10: 1487238 | U10: 673987.24 | V10: 788385.5 | W10: 910277.89 | X10: 700702.18 | Y10: 650577.75 | Z10: 965670.15 | AA10: 891319.13 | AB10: 970454.92 | AC10: 3654169.2 | AD10: ='Table 1'!AE10 -> 0 | AE10: ='Table 1'!AF10 -> 0 | AF10: ='Table 1'!AG10 -> 0 | AG10: ='Table 1'!AH10 -> 0 | AH10: ='Table 1'!AI10 -> 0 | AI10: ='Table 1'!AJ10 -> 0 | BM10: =CountryCode & ".T3.B9.S13.MNAC." & RefVintage -> HU.T3.B9.S13.MNAC.S.2025
A12: T3.FA.S13 | B12: A.N.@@._Z.S13._Z.C.A.F.F.T._Z.XDC._T.S.V.N._T.EDP3 | C12: Net acquisition (+) of financial assets (2) | D12: =IF(AND(ISBLANK(D13),ISBLANK(D14),ISBLANK(D15),ISBLANK(D22),ISBLANK(D27),ISBLANK(D28),ISBLANK(D29)),"",IF(AND(D13="M",D14="M",D15="M",D22="M",D27="M",D28="M",D29="M"),"M",IF(AND(D13="L",D14="L",D15="L",D22="L",D27="L",D28="L",D29="L"),"L",IF(AND(ISTEXT(D13),ISTEXT(D14),ISTEXT(D15),ISTEXT(D22),ISTEXT(D27),ISTEXT(D28),ISTEXT(D29)),"M",D13+D14+D15+D22+D27+D28+D29)))) -> 363357 | E12: =IF(AND(ISBLANK(E13),ISBLANK(E14),ISBLANK(E15),ISBLANK(E22),ISBLANK(E27),ISBLANK(E28),ISBLANK(E29)),"",IF(AND(E13="M",E14="M",E15="M",E22="M",E27="M",E28="M",E29="M"),"M",IF(AND(E13="L",E14="L",E15="L",E22="L",E27="L",E28="L",E29="L"),"L",IF(AND(ISTEXT(E13),ISTEXT(E14),ISTEXT(E15),ISTEXT(E22),ISTEXT(E27),ISTEXT(E28),ISTEXT(E29)),"M",E13+E14+E15+E22+E27+E28+E29)))) -> -113654 | F12: =IF(AND(ISBLANK(F13),ISBLANK(F14),ISBLANK(F15),ISBLANK(F22),ISBLANK(F27),ISBLANK(F28),ISBLANK(F29)),"",IF(AND(F13="M",F14="M",F15="M",F22="M",F27="M",F28="M",F29="M"),"M",IF(AND(F13="L",F14="L",F15="L",F22="L",F27="L",F28="L",F29="L"),"L",IF(AND(ISTEXT(F13),ISTEXT(F14),ISTEXT(F15),ISTEXT(F22),ISTEXT(F27),ISTEXT(F28),ISTEXT(F29)),"M",F13+F14+F15+F22+F27+F28+F29)))) -> -301823 | G12: =IF(AND(ISBLANK(G13),ISBLANK(G14),ISBLANK(G15),ISBLANK(G22),ISBLANK(G27),ISBLANK(G28),ISBLANK(G29)),"",IF(AND(G13="M",G14="M",G15="M",G22="M",G27="M",G28="M",G29="M"),"M",IF(AND(G13="L",G14="L",G15="L",G22="L",G27="L",G28="L",G29="L"),"L",IF(AND(ISTEXT(G13),ISTEXT(G14),ISTEXT(G15),ISTEXT(G22),ISTEXT(G27),ISTEXT(G28),ISTEXT(G29)),"M",G13+G14+G15+G22+G27+G28+G29)))) -> -235263 | H12: =IF(AND(ISBLANK(H13),ISBLANK(H14),ISBLANK(H15),ISBLANK(H22),ISBLANK(H27),ISBLANK(H28),ISBLANK(H29)),"",IF(AND(H13="M",H14="M",H15="M",H22="M",H27="M",H28="M",H29="M"),"M",IF(AND(H13="L",H14="L",H15="L",H22="L",H27="L",H28="L",H29="L"),"L",IF(AND(ISTEXT(H13),ISTEXT(H14),ISTEXT(H15),ISTEXT(H22),ISTEXT(H27),ISTEXT(H28),ISTEXT(H29)),"M",H13+H14+H15+H22+H27+H28+H29)))) -> -24242 | I12: =IF(AND(ISBLANK(I13),ISBLANK(I14),ISBLANK(I15),ISBLANK(I22),ISBLANK(I27),ISBLANK(I28),ISBLANK(I29)),"",IF(AND(I13="M",I14="M",I15="M",I22="M",I27="M",I28="M",I29="M"),"M",IF(AND(I13="L",I14="L",I15="L",I22="L",I27="L",I28="L",I29="L"),"L",IF(AND(ISTEXT(I13),ISTEXT(I14),ISTEXT(I15),ISTEXT(I22),ISTEXT(I27),ISTEXT(I28),ISTEXT(I29)),"M",I13+I14+I15+I22+I27+I28+I29)))) -> -237971 | J12: =IF(AND(ISBLANK(J13),ISBLANK(J14),ISBLANK(J15),ISBLANK(J22),ISBLANK(J27),ISBLANK(J28),ISBLANK(J29)),"",IF(AND(J13="M",J14="M",J15="M",J22="M",J27="M",J28="M",J29="M"),"M",IF(AND(J13="L",J14="L",J15="L",J22="L",J27="L",J28="L",J29="L"),"L",IF(AND(ISTEXT(J13),ISTEXT(J14),ISTEXT(J15),ISTEXT(J22),ISTEXT(J27),ISTEXT(J28),ISTEXT(J29)),"M",J13+J14+J15+J22+J27+J28+J29)))) -> 478342 | K12: =IF(AND(ISBLANK(K13),ISBLANK(K14),ISBLANK(K15),ISBLANK(K22),ISBLANK(K27),ISBLANK(K28),ISBLANK(K29)),"",IF(AND(K13="M",K14="M",K15="M",K22="M",K27="M",K28="M",K29="M"),"M",IF(AND(K13="L",K14="L",K15="L",K22="L",K27="L",K28="L",K29="L"),"L",IF(AND(ISTEXT(K13),ISTEXT(K14),ISTEXT(K15),ISTEXT(K22),ISTEXT(K27),ISTEXT(K28),ISTEXT(K29)),"M",K13+K14+K15+K22+K27+K28+K29)))) -> -50387 | ... AI12: =IF(AND(ISBLANK(AI13),ISBLANK(AI14),ISBLANK(AI15),ISBLANK(AI22),ISBLANK(AI27),ISBLANK(AI28),ISBLANK(AI29)),"",IF(AND(AI13="M",AI14="M",AI15="M",AI22="M",AI27="M",AI28="M",AI29="M"),"M",IF(AND(AI13="L",AI14="L",AI15="L",AI22="L",AI27="L",AI28="L",AI29="L"),"L",IF(AND(ISTEXT(AI13),ISTEXT(AI14),ISTEXT(AI15),ISTEXT(AI22),ISTEXT(AI27),ISTEXT(AI28),ISTEXT(AI29)),"M",AI13+AI14+AI15+AI22+AI27+AI28+AI29)))) | BM12: =CountryCode & ".T3.FA.S13.MNAC." & RefVintage -> HU.T3.FA.S13.MNAC.S.2025
A13: T3.F2.S13 | B13: A.N.@@._Z.S13._Z.C.A.F.F2.T._Z.XDC._T.S.V.N._T.EDP3 | C13: Currency and deposits (F.2) | D13: 190495 | E13: -190991 | F13: -42978 | G13: -152645 | H13: 173176 | I13: -91420 | J13: 243713 | K13: -302323 | L13: 25571 | M13: 307219 | N13: -78005 | O13: 137284 | P13: 206531 | Q13: 1485132 | R13: -663289 | S13: -204335 | T13: 178398 | U13: 76885 | V13: -385483 | W13: 183890 | X13: -272456 | Y13: 703345 | Z13: -202480 | AA13: 456803 | AB13: -272592 | AC13: 2277097 | BM13: =CountryCode & ".T3.F2.S13.MNAC." & RefVintage -> HU.T3.F2.S13.MNAC.S.2025
A14: T3.F3.S13 | B14: A.N.@@._Z.S13._Z.C.A.F.F3.T._Z.XDC._T.S.V.N._T.EDP3 | C14: Debt securities (F.3) | D14: -2700 | E14: 0 | F14: 10266 | G14: 7432 | H14: -17008 | I14: 11155 | J14: 6410 | K14: -17151 | L14: 681 | M14: 3 | N14: -604 | O14: -359 | P14: 1331 | Q14: -1201 | R14: -104 | S14: 13889 | T14: 55585 | U14: 47533 | V14: 54492 | W14: -115252 | X14: -1665 | Y14: -33091 | Z14: -3179 | AA14: -9817 | AB14: -25062 | AC14: 1282 | BM14: =CountryCode & ".T3.F3.S13.MNAC." & RefVintage -> HU.T3.F3.S13.MNAC.S.2025
A15: T3.F4.S13 | B15: A.N.@@._Z.S13._Z.C.A.F.F4.T._Z.XDC._T.S.V.N._T.EDP3 | C15: Loans (F.4) | D15: -17024 | E15: -5662 | F15: 68195 | G15: -19075 | H15: -5586 | I15: -55731 | J15: 12937 | K15: 38522 | L15: -21893 | M15: 25889 | N15: 78864 | O15: -46635 | P15: -132369 | Q15: 22782 | R15: 521535 | S15: -243092 | T15: -158294 | U15: -59577 | V15: 86618 | W15: 188136 | X15: 289911 | Y15: 111914 | Z15: 126407 | AA15: 77749 | AB15: 136366 | AC15: 479808 | BM15: =CountryCode & ".T3.F4.S13.MNAC." & RefVintage -> HU.T3.F4.S13.MNAC.S.2025
A16: T3.F4ACQ.S13 | B16: A.N.@@._Z.S13._Z.C.AI.F.F4.T._Z.XDC._T.S.V.N._T.EDP3 | C16: Increase (+) | D16: 15600 | E16: 19500 | F16: 88000 | G16: 35000 | H16: 24186.99 | I16: 28084.88 | J16: 23500 | K16: 32035.82 | L16: 25758.753 | M16: 28947.55 | N16: 166304 | O16: 135514 | P16: 26426 | Q16: 26526 | R16: 732884 | S16: 24777.905 | T16: 13380.4 | U16: 29821.2 | V16: 20281 | W16: 395355 | X16: 560004.17 | Y16: 518525.3 | Z16: 489836.65 | AA16: 468153.81 | AB16: 573199.84 | AC16: 949834.37 | BM16: =CountryCode & ".T3.F4ACQ.S13.MNAC." & RefVintage -> HU.T3.F4ACQ.S13.MNAC.S.2025
A17: T3.F4DIS.S13 | B17: A.N.@@._Z.S13._Z.C.AD.F.F4.T._Z.XDC._T.S.V.N._T.EDP3 | C17: Reduction (-) | D17: -32624 | E17: -25162 | F17: -19805 | G17: -54075 | H17: -29772.99 | I17: -83815.88 | J17: -10563 | K17: 6486.18 | L17: -47651.753 | M17: -3058.55 | N17: -87440 | O17: -182149 | P17: -158795 | Q17: -3744 | R17: -211349 | S17: -267869.9 | T17: -171674.4 | U17: -89398.2 | V17: 66337 | W17: -207219 | X17: -270093.17 | Y17: -406611.3 | Z17: -363429.65 | AA17: -390404.81 | AB17: -436833.84 | AC17: -470026.37 | BM17: =CountryCode & ".T3.F4DIS.S13.MNAC." & RefVintage -> HU.T3.F4DIS.S13.MNAC.S.2025
A18: T3.F41.S13 | B18: A.N.@@._Z.S13._Z.C.A.F.F4.S._Z.XDC._T.S.V.N._T.EDP3 | C18: Short term loans (F.41), net | D18: 381 | E18: 1739 | F18: 36404 | G18: -27500 | H18: -7582 | I18: 1765 | J18: 880 | K18: 8534 | L18: 123 | M18: -1453 | N18: -7159 | O18: 2792 | P18: 4611 | Q18: -7563 | R18: 576 | S18: -3863 | T18: -241 | U18: -269 | V18: 3829 | W18: 13534 | X18: -18210 | Y18: 3147 | Z18: 5033 | AA18: 6709 | AB18: 40918 | AC18: -56550 | BM18: =CountryCode & ".T3.F41.S13.MNAC." & RefVintage -> HU.T3.F41.S13.MNAC.S.2025
A19: T3.F42.S13 | B19: A.N.@@._Z.S13._Z.C.A.F.F4.L._Z.XDC._T.S.V.N._T.EDP3 | C19: Long-term loans (F.42) | D19: -17405 | E19: -7401 | F19: 31791 | G19: 8425 | H19: 1996 | I19: -57496 | J19: 12057 | K19: 29988 | L19: -22016 | M19: 27342 | N19: 86023 | O19: -49427 | P19: -136980 | Q19: 30345 | R19: 520959 | S19: -239229 | T19: -158053 | U19: -59308 | V19: 82789 | W19: 174602 | X19: 308121 | Y19: 108767 | Z19: 121374 | AA19: 71040 | AB19: 95448 | AC19: 536358 | BM19: =CountryCode & ".T3.F42.S13.MNAC." & RefVintage -> HU.T3.F42.S13.MNAC.S.2025
A20: T3.F42ACQ.S13 | B20: A.N.@@._Z.S13._Z.C.AI.F.F4.L._Z.XDC._T.S.V.N._T.EDP3 | C20: Increase (+) | D20: 15600 | E20: 19500 | F20: 47000 | G20: 23100 | H20: 18000 | I20: 14900 | J20: 23500 | K20: 32035.82 | L20: 25758.753 | M20: 28947.55 | N20: 166304 | O20: 135514 | P20: 26426 | Q20: 26526 | R20: 732884 | S20: 24777.905 | T20: 13380.4 | U20: 29821.2 | V20: 20281 | W20: 381355 | X20: 560004.17 | Y20: 518525.3 | Z20: 489836.65 | AA20: 468153.81 | AB20: 573199.84 | AC20: 949834.37 | BM20: =CountryCode & ".T3.F42ACQ.S13.MNAC." & RefVintage -> HU.T3.F42ACQ.S13.MNAC.S.2025
A21: T3.F42DIS.S13 | B21: A.N.@@._Z.S13._Z.C.AD.F.F4.L._Z.XDC._T.S.V.N._T.EDP3 | C21: Reduction (-) | D21: -33005 | E21: -26901 | F21: -15209 | G21: -14675 | H21: -16004 | I21: -72396 | J21: -11443 | K21: -2047.82 | L21: -47774.753 | M21: -1605.55 | N21: -80281 | O21: -184941 | P21: -163406 | Q21: 3819 | R21: -211925 | S21: -264006.9 | T21: -171433.4 | U21: -89129.2 | V21: 62508 | W21: -206753 | X21: -251883.17 | Y21: -409758.3 | Z21: -368462.65 | AA21: -397113.81 | AB21: -477751.84 | AC21: -413476.37 | BM21: =CountryCode & ".T3.F42DIS.S13.MNAC." & RefVintage -> HU.T3.F42DIS.S13.MNAC.S.2025
A22: T3.F5.S13 | B22: A.N.@@._Z.S13._Z.C.A.F.F5.T._Z.XDC._T.S.V.N._T.EDP3 | C22: Equity and investment fund shares/units (F.5) | D22: 164641 | E22: 51020 | F22: -433943 | G22: -91312 | H22: -175520 | I22: -25596 | J22: 220882 | K22: 163304 | L22: -108588 | M22: -109077 | N22: -518821 | O22: -280923 | P22: -71081 | Q22: -162981 | R22: 25307 | S22: -1788 | T22: 1211449 | U22: -212361 | V22: -98894 | W22: 115882 | X22: 111897 | Y22: -35746 | Z22: 37803 | AA22: -36302 | AB22: 188073 | AC22: 220448 | BM22: =CountryCode & ".T3.F5.S13.MNAC." & RefVintage -> HU.T3.F5.S13.MNAC.S.2025
A23: T3.F5PN.S13 | B23: A.N.@@._Z.S13._Z.C.A.F.F5PN.T._Z.XDC._T.S.V.N._T.EDP3 | C23: Portfolio investments, net(2) | D23: 0 | E23: 2090 | F23: 432 | G23: 1797 | H23: 1281 | I23: 4766 | J23: 6967 | K23: -185 | L23: -2301 | M23: 2854 | N23: -773 | O23: -5505 | P23: 3380 | Q23: -3832 | R23: 1018 | S23: -1540 | T23: 691015 | U23: -191940 | V23: -235647 | W23: 235 | X23: -78187 | Y23: 16146 | Z23: 22007 | AA23: 11210 | AB23: 56590 | AC23: 21366 | BM23: =CountryCode & ".T3.F5PN.S13.MNAC." & RefVintage -> HU.T3.F5PN.S13.MNAC.S.2025
A24: T3.F5OP.S13 | B24: A.N.@@._Z.S13._Z.C.A.F.F5OP.T._Z.XDC._T.S.V.N._T.EDP3 | C24: Equity and investment fund shares/units other than portfolio investments | D24: 164641 | E24: 48930 | F24: -434375 | G24: -93109 | H24: -176801 | I24: -30362 | J24: 213915 | K24: 163489 | L24: -106287 | M24: -111931 | N24: -518048 | O24: -275418 | P24: -74461 | Q24: -159149 | R24: 24289 | S24: -248 | T24: 520434 | U24: -20421 | V24: 136753 | W24: 115647 | X24: 190084 | Y24: -51892 | Z24: 15796 | AA24: -47512 | AB24: 131483 | AC24: 199082 | BM24: =CountryCode & ".T3.F5OP.S13.MNAC." & RefVintage -> HU.T3.F5OP.S13.MNAC.S.2025
A25: T3.F5OPACQ.S13 | B25: A.N.@@._Z.S13._Z.C.AI.F.F5OP.T._Z.XDC._T.S.V.N._T.EDP3 | C25: Increase (+) | D25: 261955 | E25: 281359 | F25: 18100 | G25: 56678 | H25: 27503 | I25: 68463 | J25: 296777 | K25: 263114 | L25: 22400 | M25: 24570 | N25: 38650 | O25: 47076 | P25: 33203 | Q25: 30744 | R25: 47750.5 | S25: 38693.434 | T25: 559433.66 | U25: 29559.274 | V25: 169649.82 | W25: 198288.93 | X25: 228416.5 | Y25: 96367.335 | Z25: 38288.566 | AA25: 10950 | AB25: 275257 | AC25: 643044.72 | BM25: =CountryCode & ".T3.F5OPACQ.S13.MNAC." & RefVintage -> HU.T3.F5OPACQ.S13.MNAC.S.2025
A26: T3.F5OPDIS.S13 | B26: A.N.@@._Z.S13._Z.C.AD.F.F5OP.T._Z.XDC._T.S.V.N._T.EDP3 | C26: Reduction (-) | D26: -97314 | E26: -232429 | F26: -452475 | G26: -149787 | H26: -204304 | I26: -98825 | J26: -82862 | K26: -99625 | L26: -128687 | M26: -136501 | N26: -556698 | O26: -322494 | P26: -107664 | Q26: -189893 | R26: -23461.5 | S26: -38941.434 | T26: -38999.657 | U26: -49980.274 | V26: -32896.818 | W26: -82641.934 | X26: -38332.5 | Y26: -148259.33 | Z26: -22492.566 | AA26: -58462 | AB26: -143774 | AC26: -443962.72 | BM26: =CountryCode & ".T3.F5OPDIS.S13.MNAC." & RefVintage -> HU.T3.F5OPDIS.S13.MNAC.S.2025
A27: T3.F71.S13 | B27: A.N.@@._Z.S13._Z.C.A.F.F71.T._Z.XDC._T.S.V.N._T.EDP3 | C27: Financial derivatives (F.71) | D27: 0 | E27: 0 | F27: -393 | G27: -796 | H27: -116997 | I27: -103942 | J27: -53544 | K27: -62217 | L27: 297 | M27: -14574 | N27: -18193 | O27: -21035 | P27: -14498 | Q27: -14006 | R27: -120509 | S27: -85220 | T27: -74234 | U27: -130420 | V27: -115473 | W27: -99952 | X27: -273927 | Y27: -131514 | Z27: -162557 | AA27: -92394 | AB27: -182460 | AC27: -258743 | BM27: =CountryCode & ".T3.F71.S13.MNAC." & RefVintage -> HU.T3.F71.S13.MNAC.S.2025
A28: T3.F8.S13 | B28: A.N.@@._Z.S13._Z.C.A.F.F8.T._Z.XDC._T.S.V.N._T.EDP3 | C28: Other accounts receivable (F.8) | D28: 27853 | E28: 31905 | F28: 96956 | G28: 20991 | H28: 117687 | I28: 27513 | J28: 47812 | K28: 129356 | L28: 39985 | M28: 177300 | N28: 65955 | O28: 77501 | P28: 75243 | Q28: 35956 | R28: 144621 | S28: 46867 | T28: 3217 | U28: -20104 | V28: 311828 | W28: 109735 | X28: 544169 | Y28: -339860 | Z28: 371883 | AA28: 167273 | AB28: 316142 | AC28: 100336 | BM28: =CountryCode & ".T3.F8.S13.MNAC." & RefVintage -> HU.T3.F8.S13.MNAC.S.2025
A29: T3.OFA.S13 | B29: A.N.@@._Z.S13._Z.C.A.F.FN.T._Z.XDC._T.S.V.N._T.EDP3 | C29: Other financial assets (F.1, F.6) | D29: 92 | E29: 74 | F29: 74 | G29: 142 | H29: 6 | I29: 50 | J29: 132 | K29: 122 | L29: 136 | M29: 506 | N29: 684 | O29: 14 | P29: -180 | Q29: 76 | R29: -14 | S29: -148 | T29: -72 | U29: 190 | V29: -410 | W29: -74 | X29: -46 | Y29: -136 | Z29: -38 | AA29: 222 | AB29: 1442 | AC29: 78 | BM29: =CountryCode & ".T3.OFA.S13.MNAC." & RefVintage -> HU.T3.OFA.S13.MNAC.S.2025
A31: T3.ADJ.S13 | B31: A.N.@@._Z.S13._Z.C._X.ORADJ._Z.T._Z.XDC._T.S.V.N._T.EDP3 | C31: Adjustments (2) | D31: =IF(AND(ISBLANK(D32),ISBLANK(D33),ISBLANK(D34),ISBLANK(D36),ISBLANK(D37),ISBLANK(D38),ISBLANK(D40),ISBLANK(D41),ISBLANK(D42)),"",IF(AND(D32="M",D33="M",D34="M",D36="M",D37="M",D38="M",D40="M",D41="M",D42="M"),"M",IF(AND(D32="L",D33="L",D34="L",D36="L",D37="L",D38="L",D40="L",D41="L",D42="L"),"L",IF(AND(ISTEXT(D32),ISTEXT(D33),ISTEXT(D34),ISTEXT(D36),ISTEXT(D37),ISTEXT(D38),ISTEXT(D40),ISTEXT(D41),ISTEXT(D42)),"M",SUM(D32:D34)+SUM(D36:D38)+SUM(D40:D42))))) -> 87015 | E31: =IF(AND(ISBLANK(E32),ISBLANK(E33),ISBLANK(E34),ISBLANK(E36),ISBLANK(E37),ISBLANK(E38),ISBLANK(E40),ISBLANK(E41),ISBLANK(E42)),"",IF(AND(E32="M",E33="M",E34="M",E36="M",E37="M",E38="M",E40="M",E41="M",E42="M"),"M",IF(AND(E32="L",E33="L",E34="L",E36="L",E37="L",E38="L",E40="L",E41="L",E42="L"),"L",IF(AND(ISTEXT(E32),ISTEXT(E33),ISTEXT(E34),ISTEXT(E36),ISTEXT(E37),ISTEXT(E38),ISTEXT(E40),ISTEXT(E41),ISTEXT(E42)),"M",SUM(E32:E34)+SUM(E36:E38)+SUM(E40:E42))))) -> -62913 | F31: =IF(AND(ISBLANK(F32),ISBLANK(F33),ISBLANK(F34),ISBLANK(F36),ISBLANK(F37),ISBLANK(F38),ISBLANK(F40),ISBLANK(F41),ISBLANK(F42)),"",IF(AND(F32="M",F33="M",F34="M",F36="M",F37="M",F38="M",F40="M",F41="M",F42="M"),"M",IF(AND(F32="L",F33="L",F34="L",F36="L",F37="L",F38="L",F40="L",F41="L",F42="L"),"L",IF(AND(ISTEXT(F32),ISTEXT(F33),ISTEXT(F34),ISTEXT(F36),ISTEXT(F37),ISTEXT(F38),ISTEXT(F40),ISTEXT(F41),ISTEXT(F42)),"M",SUM(F32:F34)+SUM(F36:F38)+SUM(F40:F42))))) -> 185449 | G31: =IF(AND(ISBLANK(G32),ISBLANK(G33),ISBLANK(G34),ISBLANK(G36),ISBLANK(G37),ISBLANK(G38),ISBLANK(G40),ISBLANK(G41),ISBLANK(G42)),"",IF(AND(G32="M",G33="M",G34="M",G36="M",G37="M",G38="M",G40="M",G41="M",G42="M"),"M",IF(AND(G32="L",G33="L",G34="L",G36="L",G37="L",G38="L",G40="L",G41="L",G42="L"),"L",IF(AND(ISTEXT(G32),ISTEXT(G33),ISTEXT(G34),ISTEXT(G36),ISTEXT(G37),ISTEXT(G38),ISTEXT(G40),ISTEXT(G41),ISTEXT(G42)),"M",SUM(G32:G34)+SUM(G36:G38)+SUM(G40:G42))))) -> 204046 | H31: =IF(AND(ISBLANK(H32),ISBLANK(H33),ISBLANK(H34),ISBLANK(H36),ISBLANK(H37),ISBLANK(H38),ISBLANK(H40),ISBLANK(H41),ISBLANK(H42)),"",IF(AND(H32="M",H33="M",H34="M",H36="M",H37="M",H38="M",H40="M",H41="M",H42="M"),"M",IF(AND(H32="L",H33="L",H34="L",H36="L",H37="L",H38="L",H40="L",H41="L",H42="L"),"L",IF(AND(ISTEXT(H32),ISTEXT(H33),ISTEXT(H34),ISTEXT(H36),ISTEXT(H37),ISTEXT(H38),ISTEXT(H40),ISTEXT(H41),ISTEXT(H42)),"M",SUM(H32:H34)+SUM(H36:H38)+SUM(H40:H42))))) -> 178303 | I31: =IF(AND(ISBLANK(I32),ISBLANK(I33),ISBLANK(I34),ISBLANK(I36),ISBLANK(I37),ISBLANK(I38),ISBLANK(I40),ISBLANK(I41),ISBLANK(I42)),"",IF(AND(I32="M",I33="M",I34="M",I36="M",I37="M",I38="M",I40="M",I41="M",I42="M"),"M",IF(AND(I32="L",I33="L",I34="L",I36="L",I37="L",I38="L",I40="L",I41="L",I42="L"),"L",IF(AND(ISTEXT(I32),ISTEXT(I33),ISTEXT(I34),ISTEXT(I36),ISTEXT(I37),ISTEXT(I38),ISTEXT(I40),ISTEXT(I41),ISTEXT(I42)),"M",SUM(I32:I34)+SUM(I36:I38)+SUM(I40:I42))))) -> 225281 | J31: =IF(AND(ISBLANK(J32),ISBLANK(J33),ISBLANK(J34),ISBLANK(J36),ISBLANK(J37),ISBLANK(J38),ISBLANK(J40),ISBLANK(J41),ISBLANK(J42)),"",IF(AND(J32="M",J33="M",J34="M",J36="M",J37="M",J38="M",J40="M",J41="M",J42="M"),"M",IF(AND(J32="L",J33="L",J34="L",J36="L",J37="L",J38="L",J40="L",J41="L",J42="L"),"L",IF(AND(ISTEXT(J32),ISTEXT(J33),ISTEXT(J34),ISTEXT(J36),ISTEXT(J37),ISTEXT(J38),ISTEXT(J40),ISTEXT(J41),ISTEXT(J42)),"M",SUM(J32:J34)+SUM(J36:J38)+SUM(J40:J42))))) -> -464141 | K31: =IF(AND(ISBLANK(K32),ISBLANK(K33),ISBLANK(K34),ISBLANK(K36),ISBLANK(K37),ISBLANK(K38),ISBLANK(K40),ISBLANK(K41),ISBLANK(K42)),"",IF(AND(K32="M",K33="M",K34="M",K36="M",K37="M",K38="M",K40="M",K41="M",K42="M"),"M",IF(AND(K32="L",K33="L",K34="L",K36="L",K37="L",K38="L",K40="L",K41="L",K42="L"),"L",IF(AND(ISTEXT(K32),ISTEXT(K33),ISTEXT(K34),ISTEXT(K36),ISTEXT(K37),ISTEXT(K38),ISTEXT(K40),ISTEXT(K41),ISTEXT(K42)),"M",SUM(K32:K34)+SUM(K36:K38)+SUM(K40:K42))))) -> 115606 | ... AI31: =IF(AND(ISBLANK(AI32),ISBLANK(AI33),ISBLANK(AI34),ISBLANK(AI36),ISBLANK(AI37),ISBLANK(AI38),ISBLANK(AI40),ISBLANK(AI41),ISBLANK(AI42)),"",IF(AND(AI32="M",AI33="M",AI34="M",AI36="M",AI37="M",AI38="M",AI40="M",AI41="M",AI42="M"),"M",IF(AND(AI32="L",AI33="L",AI34="L",AI36="L",AI37="L",AI38="L",AI40="L",AI41="L",AI42="L"),"L",IF(AND(ISTEXT(AI32),ISTEXT(AI33),ISTEXT(AI34),ISTEXT(AI36),ISTEXT(AI37),ISTEXT(AI38),ISTEXT(AI40),ISTEXT(AI41),ISTEXT(AI42)),"M",SUM(AI32:AI34)+SUM(AI36:AI38)+SUM(AI40:AI42))))) | BM31: =CountryCode & ".T3.ADJ.S13.MNAC." & RefVintage -> HU.T3.ADJ.S13.MNAC.S.2025
A32: T3.LIA.S13 | B32: A.N.@@._Z.S13._Z.C.L.F.F71.T._Z.XDC._T.S.V.N._T.EDP3 | C32: Net incurrence (-) of liabilities in financial derivatives (F.71) | D32: 0 | E32: 0 | F32: 666 | G32: 3317 | H32: 136801 | I32: 95954 | J32: 66428 | K32: 51337 | L32: 35829 | M32: 39288 | N32: 29802 | O32: 32900 | P32: 34160 | Q32: 28645 | R32: 293485 | S32: 25090 | T32: 27592 | U32: 18620 | V32: 35243 | W32: 67400 | X32: 22191 | Y32: 29878 | Z32: 58559 | AA32: 3576 | AB32: 7904 | AC32: 10986 | BM32: =CountryCode & ".T3.LIA.S13.MNAC." & RefVintage -> HU.T3.LIA.S13.MNAC.S.2025
A33: T3.OAP.S13 | B33: A.N.@@._Z.S13._Z.C.L.F.F8.T._Z.XDC._T.S.V.N._T.EDP3 | C33: Net incurrence (-) of other accounts payable (F.8) | D33: 960 | E33: -26245 | F33: -62039 | G33: -66533 | H33: -68417 | I33: -23397 | J33: -367350 | K33: 147877 | L33: -206031 | M33: -289159 | N33: -117048 | O33: -125682 | P33: -88750 | Q33: 66982 | R33: -320174 | S33: 24929 | T33: -3170417 | U33: -8668 | V33: -109547 | W33: -222969 | X33: 215574 | Y33: -318394 | Z33: -69456 | AA33: -177287 | AB33: -181180 | AC33: 12896 | BM33: =CountryCode & ".T3.OAP.S13.MNAC." & RefVintage -> HU.T3.OAP.S13.MNAC.S.2025
A34: T3.OLIA.S13 | B34: A.N.@@._Z.S13._Z.C.L.F.FV.T._Z.XDC._T.S.V.N._T.EDP3 | C34: Net incurrence (-) of other liabilities (F.1, F.5, F.6 and F.72) | D34: 0 | E34: 0 | F34: 0 | G34: 0 | H34: 0 | I34: 0 | J34: 0 | K34: -1618 | L34: -3394 | M34: -981 | N34: -7900 | O34: -16092 | P34: -9459 | Q34: -989 | R34: 53 | S34: 6491 | T34: 1011 | U34: 3214 | V34: 6963 | W34: 1765 | X34: 522 | Y34: 921 | Z34: 91 | AA34: 279 | AB34: -77016 | AC34: -102475 | BM34: =CountryCode & ".T3.OLIA.S13.MNAC." & RefVintage -> HU.T3.OLIA.S13.MNAC.S.2025
A36: T3.ISS_A.S13 | B36: A.N.@@._Z.S13._Z.C._Z.ORINV._Z.T._Z.XDC._T.S.V.N._T.EDP3 | C36: Issuances above(-)/below(+) nominal value | D36: 32695.89 | E36: 37421 | F36: -10459.605 | G36: 2865.1186 | H36: -4167.754 | I36: -25073.598 | J36: 12616.262 | K36: 60005.442 | L36: 58253.999 | M36: 79381.431 | N36: -63807.048 | O36: 100505.24 | P36: -4791.2668 | Q36: 99194.255 | R36: -9686.1025 | S36: -24306.203 | T36: 2122 | U36: 18801 | V36: -50567 | W36: -316629 | X36: -172336 | Y36: -103483 | Z36: -36379 | AA36: 4609 | AB36: -184595 | AC36: -9637 | BM36: =CountryCode & ".T3.ISS_A.S13.MNAC." & RefVintage -> HU.T3.ISS_A.S13.MNAC.S.2025
A37: T3.D41_A.S13 | B37: A.N.@@._Z.S13._Z.C._Z.ORD41A._Z.T._Z.XDC._T.S.V.N._T.EDP3 | C37: Difference between interest (D.41) accrued(-) and paid(4)(+) | D37: -32617 | E37: -102230 | F37: -12053.893 | G37: -14554.049 | H37: 14823.973 | I37: 37485.957 | J37: -1674.7929 | K37: -30973.977 | L37: -44466.589 | M37: -118002.46 | N37: -30060.709 | O37: -65487.027 | P37: -43631.833 | Q37: -56808.487 | R37: -4582.4482 | S37: -16319.829 | T37: 1396.8039 | U37: -31831.576 | V37: 20995.184 | W37: 146235.33 | X37: 70545.548 | Y37: 99287.51 | Z37: 85522.253 | AA37: 41158.544 | AB37: 44996.416 | AC37: -25007.114 | BM37: =CountryCode & ".T3.D41_A.S13.MNAC." & RefVintage -> HU.T3.D41_A.S13.MNAC.S.2025
A38: T3.RED_A.S13 | B38: A.N.@@._Z.S13._Z.C.L.ORRNV._Z.T._Z.XDC._T.S.V.N._T.EDP3 | C38: Redemptions/repurchase of debt above(+)/below(-) nominal value | D38: 0 | E38: 0 | F38: 0 | G38: 0 | H38: 0 | I38: 0 | J38: 800 | K38: 700 | L38: 200 | M38: -3100 | N38: 600 | O38: -460 | P38: -1217 | Q38: -6236 | R38: -43667 | S38: 2282.8424 | T38: 2641.7199 | U38: -316.82496 | V38: 18299.852 | W38: 76129.038 | X38: 99876.092 | Y38: 90875.845 | Z38: 97314.229 | AA38: 43785.099 | AB38: 71580.815 | AC38: 38847.525 | BM38: =CountryCode & ".T3.RED_A.S13.MNAC." & RefVintage -> HU.T3.RED_A.S13.MNAC.S.2025
A40: T3.FREV_A.S13 | B40: A.N.@@._Z.S13._Z.C._Z.ORFCD._Z.T._Z.XDC._T.S.V.N._T.EDP3 | C40: Appreciation(+)/depreciation(-)(3) of foreign-currency debt (5) | D40: 85976.11 | E40: 28141 | F40: 305132.5 | G40: 278950.93 | H40: 99262.781 | I40: 140311.64 | J40: -174960.47 | K40: -115523.46 | L40: 246283.59 | M40: -210730.97 | N40: 128827.76 | O40: -24074.211 | P40: -14012.9 | Q40: 220911.23 | R40: 46444.551 | S40: 502108.19 | T40: 1381147.5 | U40: -705899.6 | V40: 235241.96 | W40: 559219.63 | X40: 114421.36 | Y40: -71960.355 | Z40: -52144.482 | AA40: 272373.36 | AB40: 280484.77 | AC40: 833274.59 | BM40: =CountryCode & ".T3.FREV_A.S13.MNAC." & RefVintage -> HU.T3.FREV_A.S13.MNAC.S.2025
A41: T3.K61.S13 | B41: A.N.@@._Z.S13._Z.C._Z.K61._Z.T._Z.XDC._T.S.V.N._T.EDP3 | C41: Changes in sector classification (K.61)(5) (+/-) | D41: 0 | E41: 0 | F41: -35797 | G41: 0 | H41: 0 | I41: 0 | J41: 0 | K41: 3802 | L41: 0 | M41: 0 | N41: 0 | O41: 0 | P41: -1804 | Q41: 0 | R41: 12215 | S41: 9429 | T41: 0 | U41: 0 | V41: 0 | W41: 61749 | X41: 9106 | Y41: 0 | Z41: 3068 | AA41: 1500 | AB41: 82144 | AC41: 11754 | BM41: =CountryCode & ".T3.K61.S13.MNAC." & RefVintage -> HU.T3.K61.S13.MNAC.S.2025
A42: T3.OCVO_A.S13 | B42: A.N.@@._Z.S13._Z.C._Z.KX._Z.T._Z.XDC._T.S.V.N._T.EDP3 | C42: Other volume changes in financial liabilities (K.3, K.4, K.5)(5)(-) | D42: 0 | E42: 0 | F42: 0 | G42: 0 | H42: 0 | I42: 0 | J42: 0 | K42: 0 | L42: 0 | M42: 0 | N42: 0 | O42: 0 | P42: 0 | Q42: 0 | R42: 0 | S42: 0 | T42: 0 | U42: 0 | V42: 0 | W42: 0 | X42: 0 | Y42: 0 | Z42: 0 | AA42: 0 | AB42: 0 | AC42: 0 | BM42: =CountryCode & ".T3.OCVO_A.S13.MNAC." & RefVintage -> HU.T3.OCVO_A.S13.MNAC.S.2025
A44: T3.SD.S13 | B44: A.N.@@._Z.S13._Z.C._Z.YA3._Z.T._Z.XDC._T.S.V.N._T.EDP3 | C44: Statistical discrepancies | D44: =D45 -> 49336.659 | E44: =E45 -> 41711 | F44: =F45 -> 44687.16 | G44: =G45 -> 69210.391 | H44: =H45 -> -58499 | I44: =I45 -> 212.997 | J44: =J45 -> -5938 | K44: =K45 -> 44291 | ... AC44: =AC45 -> 4281.8095 | BM44: =CountryCode & ".T3.SD.S13.MNAC." & RefVintage -> HU.T3.SD.S13.MNAC.S.2025
A45: T3.B9_SD.S13 | B45: A.N.@@._Z.S13._Z.C._Z.B9FX9._Z._Z._Z.XDC._T.S.V.N._T.EDP3 | C45: Difference between capital and financial accounts (B.9-B.9f) | D45: =D48-D10-D12-D32-D33-D34-D36-D37-D38-D40-D41-D42 -> 49336.659 | E45: =E48-E10-E12-E32-E33-E34-E36-E37-E38-E40-E41-E42 -> 41711 | F45: =F48-F10-F12-F32-F33-F34-F36-F37-F38-F40-F41-F42 -> 44687.16 | G45: =G48-G10-G12-G32-G33-G34-G36-G37-G38-G40-G41-G42 -> 69210.391 | H45: =H48-H10-H12-H32-H33-H34-H36-H37-H38-H40-H41-H42 -> -58499 | I45: =I48-I10-I12-I32-I33-I34-I36-I37-I38-I40-I41-I42 -> 212.997 | J45: =J48-J10-J12-J32-J33-J34-J36-J37-J38-J40-J41-J42 -> -5938 | K45: =K48-K10-K12-K32-K33-K34-K36-K37-K38-K40-K41-K42 -> 44291 | ... AC45: =AC48-AC10-AC12-AC32-AC33-AC34-AC36-AC37-AC38-AC40-AC41-AC42 -> 4281.8095 | BM45: =CountryCode & ".T3.B9_SD.S13.MNAC." & RefVintage -> HU.T3.B9_SD.S13.MNAC.S.2025
A46: T3.OSD.S13 | B46: A.N.@@._Z.S13._Z.C._Z.YA3O._Z.T._Z.XDC._T.S.V.N._T.EDP3 | C46: Other statistical discrepancies (+/-) | D46: 0 | E46: 0 | F46: 0 | G46: 0 | H46: 0 | I46: 0 | J46: 0 | K46: 0 | L46: 0 | M46: 0 | N46: 0 | O46: 0 | P46: 0 | Q46: 0 | R46: 0 | S46: 0 | T46: 0 | U46: 0 | V46: 0 | W46: 0 | X46: 0 | Y46: 0 | Z46: 0 | AA46: 0 | AB46: 0 | AC46: 0 | BM46: =CountryCode & ".T3.OSD.S13.MNAC." & RefVintage -> HU.T3.OSD.S13.MNAC.S.2025
A48: T3.CHDEBT.S13 | B48: A.N.@@._Z.S13._Z.C._Z.LX.GD.T._Z.XDC._T.F.V.N._T.EDP3 | C48: Change in general government (S.13) consolidated gross debt (1, 2) | D48: 1001585 | E48: 176846 | F48: 418694 | G48: 813303 | H48: 709632 | I48: 392759 | J48: 624119 | K48: 1643291 | L48: 1426802 | M48: 1306297 | N48: 1251369 | O48: 2010871 | P48: 1188919 | Q48: 2679837 | R48: 1141016 | S48: 1295124 | T48: 937233 | U48: -264866 | V48: 768970 | W48: 1678160 | X48: 1382540 | Y48: 613425 | Z48: 1217187 | AA48: 1649666 | AB48: 1183597 | AC48: 7249396 | BM48: =CountryCode & ".T3.CHDEBT.S13.MNAC." & RefVintage -> HU.T3.CHDEBT.S13.MNAC.S.2025
C50: *Please note that the sign convention for net lending/ net borrowing is different from tables 1 and 2.
C53: (1) A positive entry in this row means that nominal debt increases, a negative entry that nominal debt decreases.
C54: (2) Consolidated within general government.
C55: (3) Due to exchange-rate movements.
C59: COVERAGE | D59: =IF(OR(COUNTA(D10:D10,D12:D29,D31:D34,D36:D38,D40:D42,D44:D46,D48:D48)=33,NOT(ISNUMBER(D7))),"OK","NOT fully completed, pls.fill with L, M or 0") -> OK | E59: =IF(OR(COUNTA(E10:E10,E12:E29,E31:E34,E36:E38,E40:E42,E44:E46,E48:E48)=33,NOT(ISNUMBER(E7))),"OK","NOT fully completed, pls.fill with L, M or 0") -> OK | F59: =IF(OR(COUNTA(F10:F10,F12:F29,F31:F34,F36:F38,F40:F42,F44:F46,F48:F48)=33,NOT(ISNUMBER(F7))),"OK","NOT fully completed, pls.fill with L, M or 0") -> OK | G59: =IF(OR(COUNTA(G10:G10,G12:G29,G31:G34,G36:G38,G40:G42,G44:G46,G48:G48)=33,NOT(ISNUMBER(G7))),"OK","NOT fully completed, pls.fill with L, M or 0") -> OK | H59: =IF(OR(COUNTA(H10:H10,H12:H29,H31:H34,H36:H38,H40:H42,H44:H46,H48:H48)=33,NOT(ISNUMBER(H7))),"OK","NOT fully completed, pls.fill with L, M or 0") -> OK | I59: =IF(OR(COUNTA(I10:I10,I12:I29,I31:I34,I36:I38,I40:I42,I44:I46,I48:I48)=33,NOT(ISNUMBER(I7))),"OK","NOT fully completed, pls.fill with L, M or 0") -> OK | J59: =IF(OR(COUNTA(J10:J10,J12:J29,J31:J34,J36:J38,J40:J42,J44:J46,J48:J48)=33,NOT(ISNUMBER(J7))),"OK","NOT fully completed, pls.fill with L, M or 0") -> OK | K59: =IF(OR(COUNTA(K10:K10,K12:K29,K31:K34,K36:K38,K40:K42,K44:K46,K48:K48)=33,NOT(ISNUMBER(K7))),"OK","NOT fully completed, pls.fill with L, M or 0") -> OK | ... AI59: =IF(OR(COUNTA(AI10:AI10,AI12:AI29,AI31:AI34,AI36:AI38,AI40:AI42,AI44:AI46,AI48:AI48)=33,NOT(ISNUMBER(AI7))),"OK","NOT fully completed, pls.fill with L, M or 0") -> OK
C60: VERTICAL CHECKS | D60: 1995 | E60: =D60+1 -> 1996 | F60: =E60+1 -> 1997 | G60: =F60+1 -> 1998 | H60: =G60+1 -> 1999 | I60: =H60+1 -> 2000 | J60: =I60+1 -> 2001 | K60: =J60+1 -> 2002 | L60: =K60+1 -> 2003 | ... AI60: =AH60+1 -> 2026
C61: T3.B9.S13+T3.FA.S13+T3.ADJ.S13+T3.SD.S13=T3.CHDEBT.S13 | D61: =IF(AND(D48="0",D10="0",D12="0",D31="0",D44="0")=0,IF(AND(D48="L",D10="L",D12="L",D31="L",D44="L")="NC",IF(D48="M",0,D48)-IF(D10="M",0,D10)-IF(D12="M",0,D12)-IF(D31="M",0,D31)-IF(D44="M",0,D44))) -> 0 | E61: =IF(AND(E48="0",E10="0",E12="0",E31="0",E44="0")=0,IF(AND(E48="L",E10="L",E12="L",E31="L",E44="L")="NC",IF(E48="M",0,E48)-IF(E10="M",0,E10)-IF(E12="M",0,E12)-IF(E31="M",0,E31)-IF(E44="M",0,E44))) -> 0 | F61: =IF(AND(F48="0",F10="0",F12="0",F31="0",F44="0")=0,IF(AND(F48="L",F10="L",F12="L",F31="L",F44="L")="NC",IF(F48="M",0,F48)-IF(F10="M",0,F10)-IF(F12="M",0,F12)-IF(F31="M",0,F31)-IF(F44="M",0,F44))) -> 0 | G61: =IF(AND(G48="0",G10="0",G12="0",G31="0",G44="0")=0,IF(AND(G48="L",G10="L",G12="L",G31="L",G44="L")="NC",IF(G48="M",0,G48)-IF(G10="M",0,G10)-IF(G12="M",0,G12)-IF(G31="M",0,G31)-IF(G44="M",0,G44))) -> 0 | H61: =IF(AND(H48="0",H10="0",H12="0",H31="0",H44="0")=0,IF(AND(H48="L",H10="L",H12="L",H31="L",H44="L")="NC",IF(H48="M",0,H48)-IF(H10="M",0,H10)-IF(H12="M",0,H12)-IF(H31="M",0,H31)-IF(H44="M",0,H44))) -> 1.4551915e-11 | I61: =IF(AND(I48="0",I10="0",I12="0",I31="0",I44="0")=0,IF(AND(I48="L",I10="L",I12="L",I31="L",I44="L")="NC",IF(I48="M",0,I48)-IF(I10="M",0,I10)-IF(I12="M",0,I12)-IF(I31="M",0,I31)-IF(I44="M",0,I44))) -> 0 | J61: =IF(AND(J48="0",J10="0",J12="0",J31="0",J44="0")=0,IF(AND(J48="L",J10="L",J12="L",J31="L",J44="L")="NC",IF(J48="M",0,J48)-IF(J10="M",0,J10)-IF(J12="M",0,J12)-IF(J31="M",0,J31)-IF(J44="M",0,J44))) -> 0 | K61: =IF(AND(K48="0",K10="0",K12="0",K31="0",K44="0")=0,IF(AND(K48="L",K10="L",K12="L",K31="L",K44="L")="NC",IF(K48="M",0,K48)-IF(K10="M",0,K10)-IF(K12="M",0,K12)-IF(K31="M",0,K31)-IF(K44="M",0,K44))) -> 0 | ... AI61: =IF(AND(AI48="0",AI10="0",AI12="0",AI31="0",AI44="0")=0,IF(AND(AI48="L",AI10="L",AI12="L",AI31="L",AI44="L")="NC",IF(AI48="M",0,AI48)-IF(AI10="M",0,AI10)-IF(AI12="M",0,AI12)-IF(AI31="M",0,AI31)-IF(AI44="M",0,AI44))) -> 0
C62: T3.FA.S13=T3.F2.S13+T3.F3.S13+T3.F4.S13+ T3.F5.S13+T3.F71.S13+T3.F8.S13+T3.OFA.S13 | D62: =IF(AND(D12="0",D13="0",D14="0",D15="0",D22="0",D27="0",D28="0",D29="0"),0,IF(AND(D12="L",D13="L",D14="L",D15="L",D22="L",D27="L",D28="L",D29="L"),"NC",IF(D12="M",0,D12)-IF(D13="M",0,D13)-IF(D14="M",0,D14)-IF(D15="M",0,D15)-IF(D22="M",0,D22)-IF(D27="M",0,D27)-IF(D28="M",0,D28)-IF(D29="M",0,D29))) -> 0 | E62: =IF(AND(E12="0",E13="0",E14="0",E15="0",E22="0",E27="0",E28="0",E29="0"),0,IF(AND(E12="L",E13="L",E14="L",E15="L",E22="L",E27="L",E28="L",E29="L"),"NC",IF(E12="M",0,E12)-IF(E13="M",0,E13)-IF(E14="M",0,E14)-IF(E15="M",0,E15)-IF(E22="M",0,E22)-IF(E27="M",0,E27)-IF(E28="M",0,E28)-IF(E29="M",0,E29))) -> 0 | F62: =IF(AND(F12="0",F13="0",F14="0",F15="0",F22="0",F27="0",F28="0",F29="0"),0,IF(AND(F12="L",F13="L",F14="L",F15="L",F22="L",F27="L",F28="L",F29="L"),"NC",IF(F12="M",0,F12)-IF(F13="M",0,F13)-IF(F14="M",0,F14)-IF(F15="M",0,F15)-IF(F22="M",0,F22)-IF(F27="M",0,F27)-IF(F28="M",0,F28)-IF(F29="M",0,F29))) -> 0 | G62: =IF(AND(G12="0",G13="0",G14="0",G15="0",G22="0",G27="0",G28="0",G29="0"),0,IF(AND(G12="L",G13="L",G14="L",G15="L",G22="L",G27="L",G28="L",G29="L"),"NC",IF(G12="M",0,G12)-IF(G13="M",0,G13)-IF(G14="M",0,G14)-IF(G15="M",0,G15)-IF(G22="M",0,G22)-IF(G27="M",0,G27)-IF(G28="M",0,G28)-IF(G29="M",0,G29))) -> 0 | H62: =IF(AND(H12="0",H13="0",H14="0",H15="0",H22="0",H27="0",H28="0",H29="0"),0,IF(AND(H12="L",H13="L",H14="L",H15="L",H22="L",H27="L",H28="L",H29="L"),"NC",IF(H12="M",0,H12)-IF(H13="M",0,H13)-IF(H14="M",0,H14)-IF(H15="M",0,H15)-IF(H22="M",0,H22)-IF(H27="M",0,H27)-IF(H28="M",0,H28)-IF(H29="M",0,H29))) -> 0 | I62: =IF(AND(I12="0",I13="0",I14="0",I15="0",I22="0",I27="0",I28="0",I29="0"),0,IF(AND(I12="L",I13="L",I14="L",I15="L",I22="L",I27="L",I28="L",I29="L"),"NC",IF(I12="M",0,I12)-IF(I13="M",0,I13)-IF(I14="M",0,I14)-IF(I15="M",0,I15)-IF(I22="M",0,I22)-IF(I27="M",0,I27)-IF(I28="M",0,I28)-IF(I29="M",0,I29))) -> 0 | J62: =IF(AND(J12="0",J13="0",J14="0",J15="0",J22="0",J27="0",J28="0",J29="0"),0,IF(AND(J12="L",J13="L",J14="L",J15="L",J22="L",J27="L",J28="L",J29="L"),"NC",IF(J12="M",0,J12)-IF(J13="M",0,J13)-IF(J14="M",0,J14)-IF(J15="M",0,J15)-IF(J22="M",0,J22)-IF(J27="M",0,J27)-IF(J28="M",0,J28)-IF(J29="M",0,J29))) -> 0 | K62: =IF(AND(K12="0",K13="0",K14="0",K15="0",K22="0",K27="0",K28="0",K29="0"),0,IF(AND(K12="L",K13="L",K14="L",K15="L",K22="L",K27="L",K28="L",K29="L"),"NC",IF(K12="M",0,K12)-IF(K13="M",0,K13)-IF(K14="M",0,K14)-IF(K15="M",0,K15)-IF(K22="M",0,K22)-IF(K27="M",0,K27)-IF(K28="M",0,K28)-IF(K29="M",0,K29))) -> 0 | ... AI62: =IF(AND(AI12="0",AI13="0",AI14="0",AI15="0",AI22="0",AI27="0",AI28="0",AI29="0"),0,IF(AND(AI12="L",AI13="L",AI14="L",AI15="L",AI22="L",AI27="L",AI28="L",AI29="L"),"NC",IF(AI12="M",0,AI12)-IF(AI13="M",0,AI13)-IF(AI14="M",0,AI14)-IF(AI15="M",0,AI15)-IF(AI22="M",0,AI22)-IF(AI27="M",0,AI27)-IF(AI28="M",0,AI28)-IF(AI29="M",0,AI29))) -> 0
C63: T3.F4.S13=T3.F41.S13+T3.F42.S13 | D63: =IF(AND(D15="0",D18="0",D19="0"),0,IF(AND(D15="L",D18="L",D19="L"),"NC",IF(D15="M",0,D15)-IF(D18="M",0,D18)-IF(D19="M",0,D19))) -> 0 | E63: =IF(AND(E15="0",E18="0",E19="0"),0,IF(AND(E15="L",E18="L",E19="L"),"NC",IF(E15="M",0,E15)-IF(E18="M",0,E18)-IF(E19="M",0,E19))) -> 0 | F63: =IF(AND(F15="0",F18="0",F19="0"),0,IF(AND(F15="L",F18="L",F19="L"),"NC",IF(F15="M",0,F15)-IF(F18="M",0,F18)-IF(F19="M",0,F19))) -> 0 | G63: =IF(AND(G15="0",G18="0",G19="0"),0,IF(AND(G15="L",G18="L",G19="L"),"NC",IF(G15="M",0,G15)-IF(G18="M",0,G18)-IF(G19="M",0,G19))) -> 0 | H63: =IF(AND(H15="0",H18="0",H19="0"),0,IF(AND(H15="L",H18="L",H19="L"),"NC",IF(H15="M",0,H15)-IF(H18="M",0,H18)-IF(H19="M",0,H19))) -> 0 | I63: =IF(AND(I15="0",I18="0",I19="0"),0,IF(AND(I15="L",I18="L",I19="L"),"NC",IF(I15="M",0,I15)-IF(I18="M",0,I18)-IF(I19="M",0,I19))) -> 0 | J63: =IF(AND(J15="0",J18="0",J19="0"),0,IF(AND(J15="L",J18="L",J19="L"),"NC",IF(J15="M",0,J15)-IF(J18="M",0,J18)-IF(J19="M",0,J19))) -> 0 | K63: =IF(AND(K15="0",K18="0",K19="0"),0,IF(AND(K15="L",K18="L",K19="L"),"NC",IF(K15="M",0,K15)-IF(K18="M",0,K18)-IF(K19="M",0,K19))) -> 0 | ... AI63: =IF(AND(AI15="0",AI18="0",AI19="0"),0,IF(AND(AI15="L",AI18="L",AI19="L"),"NC",IF(AI15="M",0,AI15)-IF(AI18="M",0,AI18)-IF(AI19="M",0,AI19))) -> 0
C64: T3.F4.S13=T3.F4ACQ.S13+T3.F4DIS.S13 | D64: =IF(AND(D16="",D17=""),0,IF(AND(D16="L",D17="L"),"NC",IF(D15="M",0,D15)-IF(D16="M",0,D16)-IF(D17="M",0,D17))) -> 0 | E64: =IF(AND(E16="",E17=""),0,IF(AND(E16="L",E17="L"),"NC",IF(E15="M",0,E15)-IF(E16="M",0,E16)-IF(E17="M",0,E17))) -> 0 | F64: =IF(AND(F16="",F17=""),0,IF(AND(F16="L",F17="L"),"NC",IF(F15="M",0,F15)-IF(F16="M",0,F16)-IF(F17="M",0,F17))) -> 0 | G64: =IF(AND(G16="",G17=""),0,IF(AND(G16="L",G17="L"),"NC",IF(G15="M",0,G15)-IF(G16="M",0,G16)-IF(G17="M",0,G17))) -> 0 | H64: =IF(AND(H16="",H17=""),0,IF(AND(H16="L",H17="L"),"NC",IF(H15="M",0,H15)-IF(H16="M",0,H16)-IF(H17="M",0,H17))) -> 0 | I64: =IF(AND(I16="",I17=""),0,IF(AND(I16="L",I17="L"),"NC",IF(I15="M",0,I15)-IF(I16="M",0,I16)-IF(I17="M",0,I17))) -> 0 | J64: =IF(AND(J16="",J17=""),0,IF(AND(J16="L",J17="L"),"NC",IF(J15="M",0,J15)-IF(J16="M",0,J16)-IF(J17="M",0,J17))) -> 0 | K64: =IF(AND(K16="",K17=""),0,IF(AND(K16="L",K17="L"),"NC",IF(K15="M",0,K15)-IF(K16="M",0,K16)-IF(K17="M",0,K17))) -> 0 | ... AI64: =IF(AND(AI16="",AI17=""),0,IF(AND(AI16="L",AI17="L"),"NC",IF(AI15="M",0,AI15)-IF(AI16="M",0,AI16)-IF(AI17="M",0,AI17))) -> 0
C65: T3.F42.S13=T3.F42ACQ.S13+T3.F42DIS.S13 | D65: =IF(AND(D20="",D21=""),0,IF(AND(D20="L",D21="L"),"NC",IF(D19="M",0,D19)-IF(D20="M",0,D20)-IF(D21="M",0,D21))) -> 0 | E65: =IF(AND(E20="",E21=""),0,IF(AND(E20="L",E21="L"),"NC",IF(E19="M",0,E19)-IF(E20="M",0,E20)-IF(E21="M",0,E21))) -> 0 | F65: =IF(AND(F20="",F21=""),0,IF(AND(F20="L",F21="L"),"NC",IF(F19="M",0,F19)-IF(F20="M",0,F20)-IF(F21="M",0,F21))) -> 0 | G65: =IF(AND(G20="",G21=""),0,IF(AND(G20="L",G21="L"),"NC",IF(G19="M",0,G19)-IF(G20="M",0,G20)-IF(G21="M",0,G21))) -> 0 | H65: =IF(AND(H20="",H21=""),0,IF(AND(H20="L",H21="L"),"NC",IF(H19="M",0,H19)-IF(H20="M",0,H20)-IF(H21="M",0,H21))) -> 0 | I65: =IF(AND(I20="",I21=""),0,IF(AND(I20="L",I21="L"),"NC",IF(I19="M",0,I19)-IF(I20="M",0,I20)-IF(I21="M",0,I21))) -> 0 | J65: =IF(AND(J20="",J21=""),0,IF(AND(J20="L",J21="L"),"NC",IF(J19="M",0,J19)-IF(J20="M",0,J20)-IF(J21="M",0,J21))) -> 0 | K65: =IF(AND(K20="",K21=""),0,IF(AND(K20="L",K21="L"),"NC",IF(K19="M",0,K19)-IF(K20="M",0,K20)-IF(K21="M",0,K21))) -> 0 | ... AI65: =IF(AND(AI20="",AI21=""),0,IF(AND(AI20="L",AI21="L"),"NC",IF(AI19="M",0,AI19)-IF(AI20="M",0,AI20)-IF(AI21="M",0,AI21))) -> 0
C66: T3.F5.S13=T3.F5PN.S13+T3.F5OP.S13 | D66: =IF(AND(D22="0",D23="0",D24="0"),0,IF(AND(D22="L",D23="L",D24="L"),"NC",IF(D22="M",0,D22)-IF(D23="M",0,D23)-IF(D24="M",0,D24))) -> 0 | E66: =IF(AND(E22="0",E23="0",E24="0"),0,IF(AND(E22="L",E23="L",E24="L"),"NC",IF(E22="M",0,E22)-IF(E23="M",0,E23)-IF(E24="M",0,E24))) -> 0 | F66: =IF(AND(F22="0",F23="0",F24="0"),0,IF(AND(F22="L",F23="L",F24="L"),"NC",IF(F22="M",0,F22)-IF(F23="M",0,F23)-IF(F24="M",0,F24))) -> 0 | G66: =IF(AND(G22="0",G23="0",G24="0"),0,IF(AND(G22="L",G23="L",G24="L"),"NC",IF(G22="M",0,G22)-IF(G23="M",0,G23)-IF(G24="M",0,G24))) -> 0 | H66: =IF(AND(H22="0",H23="0",H24="0"),0,IF(AND(H22="L",H23="L",H24="L"),"NC",IF(H22="M",0,H22)-IF(H23="M",0,H23)-IF(H24="M",0,H24))) -> 0 | I66: =IF(AND(I22="0",I23="0",I24="0"),0,IF(AND(I22="L",I23="L",I24="L"),"NC",IF(I22="M",0,I22)-IF(I23="M",0,I23)-IF(I24="M",0,I24))) -> 0 | J66: =IF(AND(J22="0",J23="0",J24="0"),0,IF(AND(J22="L",J23="L",J24="L"),"NC",IF(J22="M",0,J22)-IF(J23="M",0,J23)-IF(J24="M",0,J24))) -> 0 | K66: =IF(AND(K22="0",K23="0",K24="0"),0,IF(AND(K22="L",K23="L",K24="L"),"NC",IF(K22="M",0,K22)-IF(K23="M",0,K23)-IF(K24="M",0,K24))) -> 0 | ... AI66: =IF(AND(AI22="0",AI23="0",AI24="0"),0,IF(AND(AI22="L",AI23="L",AI24="L"),"NC",IF(AI22="M",0,AI22)-IF(AI23="M",0,AI23)-IF(AI24="M",0,AI24))) -> 0
C67: T3.F5OP.S13=T3.F5OPACQ.S13+T3.F5OPDIS.S13 | D67: =IF(AND(D25="",D26=""),0,IF(AND(D25="L",D26="L"),"NC",IF(D24="M",0,D24)-IF(D25="M",0,D25)-IF(D26="M",0,D26))) -> 0 | E67: =IF(AND(E25="",E26=""),0,IF(AND(E25="L",E26="L"),"NC",IF(E24="M",0,E24)-IF(E25="M",0,E25)-IF(E26="M",0,E26))) -> 0 | F67: =IF(AND(F25="",F26=""),0,IF(AND(F25="L",F26="L"),"NC",IF(F24="M",0,F24)-IF(F25="M",0,F25)-IF(F26="M",0,F26))) -> 0 | G67: =IF(AND(G25="",G26=""),0,IF(AND(G25="L",G26="L"),"NC",IF(G24="M",0,G24)-IF(G25="M",0,G25)-IF(G26="M",0,G26))) -> 0 | H67: =IF(AND(H25="",H26=""),0,IF(AND(H25="L",H26="L"),"NC",IF(H24="M",0,H24)-IF(H25="M",0,H25)-IF(H26="M",0,H26))) -> 0 | I67: =IF(AND(I25="",I26=""),0,IF(AND(I25="L",I26="L"),"NC",IF(I24="M",0,I24)-IF(I25="M",0,I25)-IF(I26="M",0,I26))) -> 0 | J67: =IF(AND(J25="",J26=""),0,IF(AND(J25="L",J26="L"),"NC",IF(J24="M",0,J24)-IF(J25="M",0,J25)-IF(J26="M",0,J26))) -> 0 | K67: =IF(AND(K25="",K26=""),0,IF(AND(K25="L",K26="L"),"NC",IF(K24="M",0,K24)-IF(K25="M",0,K25)-IF(K26="M",0,K26))) -> 0 | ... AI67: =IF(AND(AI25="",AI26=""),0,IF(AND(AI25="L",AI26="L"),"NC",IF(AI24="M",0,AI24)-IF(AI25="M",0,AI25)-IF(AI26="M",0,AI26))) -> 0
C68: T3.ADJ.S13=T3.LIA.S13+T3.OAP.S13+T3.OLIA.S13+T3.ISS_A.S13+T3.D41_A.S13+T3.RED_A.S13++T3.FREV_A.S13+T3.K61.S13+T3.OCVO_A.S13 | D68: =IF(AND(D31="0",D32="0",D33="0",D34="0",D36="0",D37="0",D38="0",D40="0",D41="0",D42="0"),0,IF(AND(D31="L",D32="L",D33="L",D34="L",D36="L",D37="L",D38="L",D40="L",D41="L",D42="L"),"NC",IF(D31="M",0,D31)-IF(D32="M",0,D32)-IF(D33="M",0,D33)-IF(D34="M",0,D34)-IF(D36="M",0,D36)-IF(D37="M",0,D37)-IF(D38="M",0,D38)-IF(D40="M",0,D40)-IF(D41="M",0,D41)-IF(D42="M",0,D42))) -> 0 | E68: =IF(AND(E31="0",E32="0",E33="0",E34="0",E36="0",E37="0",E38="0",E40="0",E41="0",E42="0"),0,IF(AND(E31="L",E32="L",E33="L",E34="L",E36="L",E37="L",E38="L",E40="L",E41="L",E42="L"),"NC",IF(E31="M",0,E31)-IF(E32="M",0,E32)-IF(E33="M",0,E33)-IF(E34="M",0,E34)-IF(E36="M",0,E36)-IF(E37="M",0,E37)-IF(E38="M",0,E38)-IF(E40="M",0,E40)-IF(E41="M",0,E41)-IF(E42="M",0,E42))) -> 0 | F68: =IF(AND(F31="0",F32="0",F33="0",F34="0",F36="0",F37="0",F38="0",F40="0",F41="0",F42="0"),0,IF(AND(F31="L",F32="L",F33="L",F34="L",F36="L",F37="L",F38="L",F40="L",F41="L",F42="L"),"NC",IF(F31="M",0,F31)-IF(F32="M",0,F32)-IF(F33="M",0,F33)-IF(F34="M",0,F34)-IF(F36="M",0,F36)-IF(F37="M",0,F37)-IF(F38="M",0,F38)-IF(F40="M",0,F40)-IF(F41="M",0,F41)-IF(F42="M",0,F42))) -> 0 | G68: =IF(AND(G31="0",G32="0",G33="0",G34="0",G36="0",G37="0",G38="0",G40="0",G41="0",G42="0"),0,IF(AND(G31="L",G32="L",G33="L",G34="L",G36="L",G37="L",G38="L",G40="L",G41="L",G42="L"),"NC",IF(G31="M",0,G31)-IF(G32="M",0,G32)-IF(G33="M",0,G33)-IF(G34="M",0,G34)-IF(G36="M",0,G36)-IF(G37="M",0,G37)-IF(G38="M",0,G38)-IF(G40="M",0,G40)-IF(G41="M",0,G41)-IF(G42="M",0,G42))) -> 0 | H68: =IF(AND(H31="0",H32="0",H33="0",H34="0",H36="0",H37="0",H38="0",H40="0",H41="0",H42="0"),0,IF(AND(H31="L",H32="L",H33="L",H34="L",H36="L",H37="L",H38="L",H40="L",H41="L",H42="L"),"NC",IF(H31="M",0,H31)-IF(H32="M",0,H32)-IF(H33="M",0,H33)-IF(H34="M",0,H34)-IF(H36="M",0,H36)-IF(H37="M",0,H37)-IF(H38="M",0,H38)-IF(H40="M",0,H40)-IF(H41="M",0,H41)-IF(H42="M",0,H42))) -> -1.4551915e-11 | I68: =IF(AND(I31="0",I32="0",I33="0",I34="0",I36="0",I37="0",I38="0",I40="0",I41="0",I42="0"),0,IF(AND(I31="L",I32="L",I33="L",I34="L",I36="L",I37="L",I38="L",I40="L",I41="L",I42="L"),"NC",IF(I31="M",0,I31)-IF(I32="M",0,I32)-IF(I33="M",0,I33)-IF(I34="M",0,I34)-IF(I36="M",0,I36)-IF(I37="M",0,I37)-IF(I38="M",0,I38)-IF(I40="M",0,I40)-IF(I41="M",0,I41)-IF(I42="M",0,I42))) -> 0 | J68: =IF(AND(J31="0",J32="0",J33="0",J34="0",J36="0",J37="0",J38="0",J40="0",J41="0",J42="0"),0,IF(AND(J31="L",J32="L",J33="L",J34="L",J36="L",J37="L",J38="L",J40="L",J41="L",J42="L"),"NC",IF(J31="M",0,J31)-IF(J32="M",0,J32)-IF(J33="M",0,J33)-IF(J34="M",0,J34)-IF(J36="M",0,J36)-IF(J37="M",0,J37)-IF(J38="M",0,J38)-IF(J40="M",0,J40)-IF(J41="M",0,J41)-IF(J42="M",0,J42))) -> 0 | K68: =IF(AND(K31="0",K32="0",K33="0",K34="0",K36="0",K37="0",K38="0",K40="0",K41="0",K42="0"),0,IF(AND(K31="L",K32="L",K33="L",K34="L",K36="L",K37="L",K38="L",K40="L",K41="L",K42="L"),"NC",IF(K31="M",0,K31)-IF(K32="M",0,K32)-IF(K33="M",0,K33)-IF(K34="M",0,K34)-IF(K36="M",0,K36)-IF(K37="M",0,K37)-IF(K38="M",0,K38)-IF(K40="M",0,K40)-IF(K41="M",0,K41)-IF(K42="M",0,K42))) -> -1.4097168e-11 | ... AI68: =IF(AND(AI31="0",AI32="0",AI33="0",AI34="0",AI36="0",AI37="0",AI38="0",AI40="0",AI41="0",AI42="0"),0,IF(AND(AI31="L",AI32="L",AI33="L",AI34="L",AI36="L",AI37="L",AI38="L",AI40="L",AI41="L",AI42="L"),"NC",IF(AI31="M",0,AI31)-IF(AI32="M",0,AI32)-IF(AI33="M",0,AI33)-IF(AI34="M",0,AI34)-IF(AI36="M",0,AI36)-IF(AI37="M",0,AI37)-IF(AI38="M",0,AI38)-IF(AI40="M",0,AI40)-IF(AI41="M",0,AI41)-IF(AI42="M",0,AI42))) -> 0
C69: T3.SD.S13=T3.B9_SD.S13+T3.OSD.S13 | D69: =IF(AND(D44="0",D45="0",D46="0"),0,IF(AND(D44="L",D45="L",D46="L"),"NC",IF(D44="M",0,D44)-IF(D45="M",0,D45)-IF(D46="M",0,D46))) -> 0 | E69: =IF(AND(E44="0",E45="0",E46="0"),0,IF(AND(E44="L",E45="L",E46="L"),"NC",IF(E44="M",0,E44)-IF(E45="M",0,E45)-IF(E46="M",0,E46))) -> 0 | F69: =IF(AND(F44="0",F45="0",F46="0"),0,IF(AND(F44="L",F45="L",F46="L"),"NC",IF(F44="M",0,F44)-IF(F45="M",0,F45)-IF(F46="M",0,F46))) -> 0 | G69: =IF(AND(G44="0",G45="0",G46="0"),0,IF(AND(G44="L",G45="L",G46="L"),"NC",IF(G44="M",0,G44)-IF(G45="M",0,G45)-IF(G46="M",0,G46))) -> 0 | H69: =IF(AND(H44="0",H45="0",H46="0"),0,IF(AND(H44="L",H45="L",H46="L"),"NC",IF(H44="M",0,H44)-IF(H45="M",0,H45)-IF(H46="M",0,H46))) -> 0 | I69: =IF(AND(I44="0",I45="0",I46="0"),0,IF(AND(I44="L",I45="L",I46="L"),"NC",IF(I44="M",0,I44)-IF(I45="M",0,I45)-IF(I46="M",0,I46))) -> 0 | J69: =IF(AND(J44="0",J45="0",J46="0"),0,IF(AND(J44="L",J45="L",J46="L"),"NC",IF(J44="M",0,J44)-IF(J45="M",0,J45)-IF(J46="M",0,J46))) -> 0 | K69: =IF(AND(K44="0",K45="0",K46="0"),0,IF(AND(K44="L",K45="L",K46="L"),"NC",IF(K44="M",0,K44)-IF(K45="M",0,K45)-IF(K46="M",0,K46))) -> 0 | ... AI69: =IF(AND(AI44="0",AI45="0",AI46="0"),0,IF(AND(AI44="L",AI45="L",AI46="L"),"NC",IF(AI44="M",0,AI44)-IF(AI45="M",0,AI45)-IF(AI46="M",0,AI46))) -> 0
C70: HORIZONTAL CHECKS
C71: T1.B9.S13+T3.B9.S13=0 | D71: =IF(AND('Table 1'!E10="0",'Table 3A'!D10="0"),0,IF(AND('Table 1'!E10="L",'Table 3A'!D10="L"),"NC",IF('Table 1'!E10="M",0,'Table 1'!E10)+IF('Table 3A'!D10="M",0,'Table 3A'!D10))) -> 0 | E71: =IF(AND('Table 1'!F10="0",'Table 3A'!E10="0"),0,IF(AND('Table 1'!F10="L",'Table 3A'!E10="L"),"NC",IF('Table 1'!F10="M",0,'Table 1'!F10)+IF('Table 3A'!E10="M",0,'Table 3A'!E10))) -> 0 | F71: =IF(AND('Table 1'!G10="0",'Table 3A'!F10="0"),0,IF(AND('Table 1'!G10="L",'Table 3A'!F10="L"),"NC",IF('Table 1'!G10="M",0,'Table 1'!G10)+IF('Table 3A'!F10="M",0,'Table 3A'!F10))) -> 0 | G71: =IF(AND('Table 1'!H10="0",'Table 3A'!G10="0"),0,IF(AND('Table 1'!H10="L",'Table 3A'!G10="L"),"NC",IF('Table 1'!H10="M",0,'Table 1'!H10)+IF('Table 3A'!G10="M",0,'Table 3A'!G10))) -> 0 | H71: =IF(AND('Table 1'!I10="0",'Table 3A'!H10="0"),0,IF(AND('Table 1'!I10="L",'Table 3A'!H10="L"),"NC",IF('Table 1'!I10="M",0,'Table 1'!I10)+IF('Table 3A'!H10="M",0,'Table 3A'!H10))) -> 0 | I71: =IF(AND('Table 1'!J10="0",'Table 3A'!I10="0"),0,IF(AND('Table 1'!J10="L",'Table 3A'!I10="L"),"NC",IF('Table 1'!J10="M",0,'Table 1'!J10)+IF('Table 3A'!I10="M",0,'Table 3A'!I10))) -> 0 | J71: =IF(AND('Table 1'!K10="0",'Table 3A'!J10="0"),0,IF(AND('Table 1'!K10="L",'Table 3A'!J10="L"),"NC",IF('Table 1'!K10="M",0,'Table 1'!K10)+IF('Table 3A'!J10="M",0,'Table 3A'!J10))) -> 0 | K71: =IF(AND('Table 1'!L10="0",'Table 3A'!K10="0"),0,IF(AND('Table 1'!L10="L",'Table 3A'!K10="L"),"NC",IF('Table 1'!L10="M",0,'Table 1'!L10)+IF('Table 3A'!K10="M",0,'Table 3A'!K10))) -> 0 | ... AI71: =IF(AND('Table 1'!AJ10="0",'Table 3A'!AI10="0"),0,IF(AND('Table 1'!AJ10="L",'Table 3A'!AI10="L"),"NC",IF('Table 1'!AJ10="M",0,'Table 1'!AJ10)+IF('Table 3A'!AI10="M",0,'Table 3A'!AI10))) -> 0
C72: T3.CHDEBT.S13= T1.DEBT.S13(t)- T1.DEBT.S13(t-1) | E72: =IF(OR(E48="L",'Table 1'!F18="L",'Table 1'!E18="L",ISBLANK(E48),ISBLANK('Table 1'!F18),ISBLANK('Table 1'!E18)),"NC",IF(E48="M",0,E48)-IF('Table 1'!F18="M",0,'Table 1'!F18)+IF('Table 1'!E18="M",0,'Table 1'!E18)) -> 0 | F72: =IF(OR(F48="L",'Table 1'!G18="L",'Table 1'!F18="L",ISBLANK(F48),ISBLANK('Table 1'!G18),ISBLANK('Table 1'!F18)),"NC",IF(F48="M",0,F48)-IF('Table 1'!G18="M",0,'Table 1'!G18)+IF('Table 1'!F18="M",0,'Table 1'!F18)) -> 0 | G72: =IF(OR(G48="L",'Table 1'!H18="L",'Table 1'!G18="L",ISBLANK(G48),ISBLANK('Table 1'!H18),ISBLANK('Table 1'!G18)),"NC",IF(G48="M",0,G48)-IF('Table 1'!H18="M",0,'Table 1'!H18)+IF('Table 1'!G18="M",0,'Table 1'!G18)) -> 9.3132257e-10 | H72: =IF(OR(H48="L",'Table 1'!I18="L",'Table 1'!H18="L",ISBLANK(H48),ISBLANK('Table 1'!I18),ISBLANK('Table 1'!H18)),"NC",IF(H48="M",0,H48)-IF('Table 1'!I18="M",0,'Table 1'!I18)+IF('Table 1'!H18="M",0,'Table 1'!H18)) -> 0 | I72: =IF(OR(I48="L",'Table 1'!J18="L",'Table 1'!I18="L",ISBLANK(I48),ISBLANK('Table 1'!J18),ISBLANK('Table 1'!I18)),"NC",IF(I48="M",0,I48)-IF('Table 1'!J18="M",0,'Table 1'!J18)+IF('Table 1'!I18="M",0,'Table 1'!I18)) -> -9.3132257e-10 | J72: =IF(OR(J48="L",'Table 1'!K18="L",'Table 1'!J18="L",ISBLANK(J48),ISBLANK('Table 1'!K18),ISBLANK('Table 1'!J18)),"NC",IF(J48="M",0,J48)-IF('Table 1'!K18="M",0,'Table 1'!K18)+IF('Table 1'!J18="M",0,'Table 1'!J18)) -> 9.3132257e-10 | K72: =IF(OR(K48="L",'Table 1'!L18="L",'Table 1'!K18="L",ISBLANK(K48),ISBLANK('Table 1'!L18),ISBLANK('Table 1'!K18)),"NC",IF(K48="M",0,K48)-IF('Table 1'!L18="M",0,'Table 1'!L18)+IF('Table 1'!K18="M",0,'Table 1'!K18)) -> 9.3132257e-10 | L72: =IF(OR(L48="L",'Table 1'!M18="L",'Table 1'!L18="L",ISBLANK(L48),ISBLANK('Table 1'!M18),ISBLANK('Table 1'!L18)),"NC",IF(L48="M",0,L48)-IF('Table 1'!M18="M",0,'Table 1'!M18)+IF('Table 1'!L18="M",0,'Table 1'!L18)) -> 0 | ... AI72: =IF(OR(AI48="L",'Table 1'!AJ18="L",'Table 1'!AI18="L",ISBLANK(AI48),ISBLANK('Table 1'!AJ18),ISBLANK('Table 1'!AI18)),"NC",IF(AI48="M",0,AI48)-IF('Table 1'!AJ18="M",0,'Table 1'!AJ18)+IF('Table 1'!AI18="M",0,'Table 1'!AI18)) -> NC
C73: T1.DEBT.S13=T3.CTDEBT.S1311+ T3.CTDEBT.S1312+ T3.CTDEBT.S1313+ T3.CTDEBT.S1314 | D73: =IF(AND('Table 1'!E18="0",'Table 3B'!D51="0",'Table 3C'!D51="0",'Table 3D'!D51="0",'Table 3E'!D51="0"),0,IF(AND('Table 1'!E18="L",'Table 3B'!D51="L",'Table 3C'!D51="L",'Table 3D'!D51="L",'Table 3E'!D51="L"),"NC",IF('Table 1'!E18="M",0,'Table 1'!E18)-SUM('Table 3B'!D51,'Table 3C'!D51,'Table 3D'!D51,'Table 3E'!D51))) -> 0 | E73: =IF(AND('Table 1'!F18="0",'Table 3B'!E51="0",'Table 3C'!E51="0",'Table 3D'!E51="0",'Table 3E'!E51="0"),0,IF(AND('Table 1'!F18="L",'Table 3B'!E51="L",'Table 3C'!E51="L",'Table 3D'!E51="L",'Table 3E'!E51="L"),"NC",IF('Table 1'!F18="M",0,'Table 1'!F18)-SUM('Table 3B'!E51,'Table 3C'!E51,'Table 3D'!E51,'Table 3E'!E51))) -> 0 | F73: =IF(AND('Table 1'!G18="0",'Table 3B'!F51="0",'Table 3C'!F51="0",'Table 3D'!F51="0",'Table 3E'!F51="0"),0,IF(AND('Table 1'!G18="L",'Table 3B'!F51="L",'Table 3C'!F51="L",'Table 3D'!F51="L",'Table 3E'!F51="L"),"NC",IF('Table 1'!G18="M",0,'Table 1'!G18)-SUM('Table 3B'!F51,'Table 3C'!F51,'Table 3D'!F51,'Table 3E'!F51))) -> 0 | G73: =IF(AND('Table 1'!H18="0",'Table 3B'!G51="0",'Table 3C'!G51="0",'Table 3D'!G51="0",'Table 3E'!G51="0"),0,IF(AND('Table 1'!H18="L",'Table 3B'!G51="L",'Table 3C'!G51="L",'Table 3D'!G51="L",'Table 3E'!G51="L"),"NC",IF('Table 1'!H18="M",0,'Table 1'!H18)-SUM('Table 3B'!G51,'Table 3C'!G51,'Table 3D'!G51,'Table 3E'!G51))) -> 0 | H73: =IF(AND('Table 1'!I18="0",'Table 3B'!H51="0",'Table 3C'!H51="0",'Table 3D'!H51="0",'Table 3E'!H51="0"),0,IF(AND('Table 1'!I18="L",'Table 3B'!H51="L",'Table 3C'!H51="L",'Table 3D'!H51="L",'Table 3E'!H51="L"),"NC",IF('Table 1'!I18="M",0,'Table 1'!I18)-SUM('Table 3B'!H51,'Table 3C'!H51,'Table 3D'!H51,'Table 3E'!H51))) -> 0 | I73: =IF(AND('Table 1'!J18="0",'Table 3B'!I51="0",'Table 3C'!I51="0",'Table 3D'!I51="0",'Table 3E'!I51="0"),0,IF(AND('Table 1'!J18="L",'Table 3B'!I51="L",'Table 3C'!I51="L",'Table 3D'!I51="L",'Table 3E'!I51="L"),"NC",IF('Table 1'!J18="M",0,'Table 1'!J18)-SUM('Table 3B'!I51,'Table 3C'!I51,'Table 3D'!I51,'Table 3E'!I51))) -> 9.3132257e-10 | J73: =IF(AND('Table 1'!K18="0",'Table 3B'!J51="0",'Table 3C'!J51="0",'Table 3D'!J51="0",'Table 3E'!J51="0"),0,IF(AND('Table 1'!K18="L",'Table 3B'!J51="L",'Table 3C'!J51="L",'Table 3D'!J51="L",'Table 3E'!J51="L"),"NC",IF('Table 1'!K18="M",0,'Table 1'!K18)-SUM('Table 3B'!J51,'Table 3C'!J51,'Table 3D'!J51,'Table 3E'!J51))) -> 0 | K73: =IF(AND('Table 1'!L18="0",'Table 3B'!K51="0",'Table 3C'!K51="0",'Table 3D'!K51="0",'Table 3E'!K51="0"),0,IF(AND('Table 1'!L18="L",'Table 3B'!K51="L",'Table 3C'!K51="L",'Table 3D'!K51="L",'Table 3E'!K51="L"),"NC",IF('Table 1'!L18="M",0,'Table 1'!L18)-SUM('Table 3B'!K51,'Table 3C'!K51,'Table 3D'!K51,'Table 3E'!K51))) -> 0 | ... AI73: =IF(AND('Table 1'!AJ18="0",'Table 3B'!AI51="0",'Table 3C'!AI51="0",'Table 3D'!AI51="0",'Table 3E'!AI51="0"),0,IF(AND('Table 1'!AJ18="L",'Table 3B'!AI51="L",'Table 3C'!AI51="L",'Table 3D'!AI51="L",'Table 3E'!AI51="L"),"NC",IF('Table 1'!AJ18="M",0,'Table 1'!AJ18)-SUM('Table 3B'!AI51,'Table 3C'!AI51,'Table 3D'!AI51,'Table 3E'!AI51))) -> 0
C74: (T3.FA.S13- (T3.FA.S1311+ T3.FA.S1312+ T3.FA.S1313+ T3.FA.S1314))+ (T3.ADJ.S13- (T3.ADJ.S1311+ T3.ADJ.S1312+ T3.ADJ.S1313+ T3.ADJ.S1314))= (T3.CHDEBT.S13- (T3.CHDEBT.S1311+ T3.CHDEBT.S1312+ T3.CHDEBT.S1313+ T3.CHDEBT.S1314)) | D74: =IF(AND(D12="0",'Table 3B'!D12="0",'Table 3C'!D12="0",'Table 3D'!D12="0",'Table 3E'!D12="0",D31="0",'Table 3B'!D31="0",'Table 3C'!D31="0",'Table 3D'!D31="0",'Table 3E'!D31="0",D48="0",'Table 3B'!D48="0",'Table 3C'!D48="0",'Table 3D'!D48="0",'Table 3E'!D48="0"),0,IF(AND(D12="L",'Table 3B'!D12="L",'Table 3C'!D12="L",'Table 3D'!D12="L",'Table 3E'!D12="L",D31="L",'Table 3B'!D31="L",'Table 3C'!D31="L",'Table 3D'!D31="L",'Table 3E'!D31="L",D48="L",'Table 3B'!D48="L",'Table 3C'!D48="L",'Table 3D'!D48="L",'Table 3E'!D48="L"),"NC",(D12-SUM('Table 3B'!D12,'Table 3C'!D12,'Table 3D'!D12,'Table 3E'!D12))+(D31-SUM('Table 3B'!D31,'Table 3C'!D31,'Table 3D'!D31,'Table 3E'!D31))-(D48-SUM('Table 3B'!D48,'Table 3C'!D48,'Table 3D'!D48,'Table 3E'!D48)))) -> -2.910383e-11 | E74: =IF(AND(E12="0",'Table 3B'!E12="0",'Table 3C'!E12="0",'Table 3D'!E12="0",'Table 3E'!E12="0",E31="0",'Table 3B'!E31="0",'Table 3C'!E31="0",'Table 3D'!E31="0",'Table 3E'!E31="0",E48="0",'Table 3B'!E48="0",'Table 3C'!E48="0",'Table 3D'!E48="0",'Table 3E'!E48="0"),0,IF(AND(E12="L",'Table 3B'!E12="L",'Table 3C'!E12="L",'Table 3D'!E12="L",'Table 3E'!E12="L",E31="L",'Table 3B'!E31="L",'Table 3C'!E31="L",'Table 3D'!E31="L",'Table 3E'!E31="L",E48="L",'Table 3B'!E48="L",'Table 3C'!E48="L",'Table 3D'!E48="L",'Table 3E'!E48="L"),"NC",(E12-SUM('Table 3B'!E12,'Table 3C'!E12,'Table 3D'!E12,'Table 3E'!E12))+(E31-SUM('Table 3B'!E31,'Table 3C'!E31,'Table 3D'!E31,'Table 3E'!E31))-(E48-SUM('Table 3B'!E48,'Table 3C'!E48,'Table 3D'!E48,'Table 3E'!E48)))) -> 1.4551915e-11 | F74: =IF(AND(F12="0",'Table 3B'!F12="0",'Table 3C'!F12="0",'Table 3D'!F12="0",'Table 3E'!F12="0",F31="0",'Table 3B'!F31="0",'Table 3C'!F31="0",'Table 3D'!F31="0",'Table 3E'!F31="0",F48="0",'Table 3B'!F48="0",'Table 3C'!F48="0",'Table 3D'!F48="0",'Table 3E'!F48="0"),0,IF(AND(F12="L",'Table 3B'!F12="L",'Table 3C'!F12="L",'Table 3D'!F12="L",'Table 3E'!F12="L",F31="L",'Table 3B'!F31="L",'Table 3C'!F31="L",'Table 3D'!F31="L",'Table 3E'!F31="L",F48="L",'Table 3B'!F48="L",'Table 3C'!F48="L",'Table 3D'!F48="L",'Table 3E'!F48="L"),"NC",(F12-SUM('Table 3B'!F12,'Table 3C'!F12,'Table 3D'!F12,'Table 3E'!F12))+(F31-SUM('Table 3B'!F31,'Table 3C'!F31,'Table 3D'!F31,'Table 3E'!F31))-(F48-SUM('Table 3B'!F48,'Table 3C'!F48,'Table 3D'!F48,'Table 3E'!F48)))) -> -5.8207661e-11 | G74: =IF(AND(G12="0",'Table 3B'!G12="0",'Table 3C'!G12="0",'Table 3D'!G12="0",'Table 3E'!G12="0",G31="0",'Table 3B'!G31="0",'Table 3C'!G31="0",'Table 3D'!G31="0",'Table 3E'!G31="0",G48="0",'Table 3B'!G48="0",'Table 3C'!G48="0",'Table 3D'!G48="0",'Table 3E'!G48="0"),0,IF(AND(G12="L",'Table 3B'!G12="L",'Table 3C'!G12="L",'Table 3D'!G12="L",'Table 3E'!G12="L",G31="L",'Table 3B'!G31="L",'Table 3C'!G31="L",'Table 3D'!G31="L",'Table 3E'!G31="L",G48="L",'Table 3B'!G48="L",'Table 3C'!G48="L",'Table 3D'!G48="L",'Table 3E'!G48="L"),"NC",(G12-SUM('Table 3B'!G12,'Table 3C'!G12,'Table 3D'!G12,'Table 3E'!G12))+(G31-SUM('Table 3B'!G31,'Table 3C'!G31,'Table 3D'!G31,'Table 3E'!G31))-(G48-SUM('Table 3B'!G48,'Table 3C'!G48,'Table 3D'!G48,'Table 3E'!G48)))) -> 1.7462298e-10 | H74: =IF(AND(H12="0",'Table 3B'!H12="0",'Table 3C'!H12="0",'Table 3D'!H12="0",'Table 3E'!H12="0",H31="0",'Table 3B'!H31="0",'Table 3C'!H31="0",'Table 3D'!H31="0",'Table 3E'!H31="0",H48="0",'Table 3B'!H48="0",'Table 3C'!H48="0",'Table 3D'!H48="0",'Table 3E'!H48="0"),0,IF(AND(H12="L",'Table 3B'!H12="L",'Table 3C'!H12="L",'Table 3D'!H12="L",'Table 3E'!H12="L",H31="L",'Table 3B'!H31="L",'Table 3C'!H31="L",'Table 3D'!H31="L",'Table 3E'!H31="L",H48="L",'Table 3B'!H48="L",'Table 3C'!H48="L",'Table 3D'!H48="L",'Table 3E'!H48="L"),"NC",(H12-SUM('Table 3B'!H12,'Table 3C'!H12,'Table 3D'!H12,'Table 3E'!H12))+(H31-SUM('Table 3B'!H31,'Table 3C'!H31,'Table 3D'!H31,'Table 3E'!H31))-(H48-SUM('Table 3B'!H48,'Table 3C'!H48,'Table 3D'!H48,'Table 3E'!H48)))) -> 0 | I74: =IF(AND(I12="0",'Table 3B'!I12="0",'Table 3C'!I12="0",'Table 3D'!I12="0",'Table 3E'!I12="0",I31="0",'Table 3B'!I31="0",'Table 3C'!I31="0",'Table 3D'!I31="0",'Table 3E'!I31="0",I48="0",'Table 3B'!I48="0",'Table 3C'!I48="0",'Table 3D'!I48="0",'Table 3E'!I48="0"),0,IF(AND(I12="L",'Table 3B'!I12="L",'Table 3C'!I12="L",'Table 3D'!I12="L",'Table 3E'!I12="L",I31="L",'Table 3B'!I31="L",'Table 3C'!I31="L",'Table 3D'!I31="L",'Table 3E'!I31="L",I48="L",'Table 3B'!I48="L",'Table 3C'!I48="L",'Table 3D'!I48="L",'Table 3E'!I48="L"),"NC",(I12-SUM('Table 3B'!I12,'Table 3C'!I12,'Table 3D'!I12,'Table 3E'!I12))+(I31-SUM('Table 3B'!I31,'Table 3C'!I31,'Table 3D'!I31,'Table 3E'!I31))-(I48-SUM('Table 3B'!I48,'Table 3C'!I48,'Table 3D'!I48,'Table 3E'!I48)))) -> -5.8207661e-11 | J74: =IF(AND(J12="0",'Table 3B'!J12="0",'Table 3C'!J12="0",'Table 3D'!J12="0",'Table 3E'!J12="0",J31="0",'Table 3B'!J31="0",'Table 3C'!J31="0",'Table 3D'!J31="0",'Table 3E'!J31="0",J48="0",'Table 3B'!J48="0",'Table 3C'!J48="0",'Table 3D'!J48="0",'Table 3E'!J48="0"),0,IF(AND(J12="L",'Table 3B'!J12="L",'Table 3C'!J12="L",'Table 3D'!J12="L",'Table 3E'!J12="L",J31="L",'Table 3B'!J31="L",'Table 3C'!J31="L",'Table 3D'!J31="L",'Table 3E'!J31="L",J48="L",'Table 3B'!J48="L",'Table 3C'!J48="L",'Table 3D'!J48="L",'Table 3E'!J48="L"),"NC",(J12-SUM('Table 3B'!J12,'Table 3C'!J12,'Table 3D'!J12,'Table 3E'!J12))+(J31-SUM('Table 3B'!J31,'Table 3C'!J31,'Table 3D'!J31,'Table 3E'!J31))-(J48-SUM('Table 3B'!J48,'Table 3C'!J48,'Table 3D'!J48,'Table 3E'!J48)))) -> -5.8207661e-11 | K74: =IF(AND(K12="0",'Table 3B'!K12="0",'Table 3C'!K12="0",'Table 3D'!K12="0",'Table 3E'!K12="0",K31="0",'Table 3B'!K31="0",'Table 3C'!K31="0",'Table 3D'!K31="0",'Table 3E'!K31="0",K48="0",'Table 3B'!K48="0",'Table 3C'!K48="0",'Table 3D'!K48="0",'Table 3E'!K48="0"),0,IF(AND(K12="L",'Table 3B'!K12="L",'Table 3C'!K12="L",'Table 3D'!K12="L",'Table 3E'!K12="L",K31="L",'Table 3B'!K31="L",'Table 3C'!K31="L",'Table 3D'!K31="L",'Table 3E'!K31="L",K48="L",'Table 3B'!K48="L",'Table 3C'!K48="L",'Table 3D'!K48="L",'Table 3E'!K48="L"),"NC",(K12-SUM('Table 3B'!K12,'Table 3C'!K12,'Table 3D'!K12,'Table 3E'!K12))+(K31-SUM('Table 3B'!K31,'Table 3C'!K31,'Table 3D'!K31,'Table 3E'!K31))-(K48-SUM('Table 3B'!K48,'Table 3C'!K48,'Table 3D'!K48,'Table 3E'!K48)))) -> -2.6193447e-10 | ... AI74: =IF(AND(AI12="0",'Table 3B'!AI12="0",'Table 3C'!AI12="0",'Table 3D'!AI12="0",'Table 3E'!AI12="0",AI31="0",'Table 3B'!AI31="0",'Table 3C'!AI31="0",'Table 3D'!AI31="0",'Table 3E'!AI31="0",AI48="0",'Table 3B'!AI48="0",'Table 3C'!AI48="0",'Table 3D'!AI48="0",'Table 3E'!AI48="0"),0,IF(AND(AI12="L",'Table 3B'!AI12="L",'Table 3C'!AI12="L",'Table 3D'!AI12="L",'Table 3E'!AI12="L",AI31="L",'Table 3B'!AI31="L",'Table 3C'!AI31="L",'Table 3D'!AI31="L",'Table 3E'!AI31="L",AI48="L",'Table 3B'!AI48="L",'Table 3C'!AI48="L",'Table 3D'!AI48="L",'Table 3E'!AI48="L"),"NC",(AI12-SUM('Table 3B'!AI12,'Table 3C'!AI12,'Table 3D'!AI12,'Table 3E'!AI12))+(AI31-SUM('Table 3B'!AI31,'Table 3C'!AI31,'Table 3D'!AI31,'Table 3E'!AI31))-(AI48-SUM('Table 3B'!AI48,'Table 3C'!AI48,'Table 3D'!AI48,'Table 3E'!AI48)))) -> 0
